Workbook

Sheet Presentación
A1: Sistema Integrado de Gestión | D1: PLAN | N1: Codigo: PL01-PR02-GGE
D2: PLAN DE GESTIÓN Y RESULTADOS | N2: Versión: 01
N3: Noviembre de 2024

Sheet Historial de cambios
A1: Sistema Integrado de Gestión | D1: PLAN | N1: Codigo: PL01-PR02-GGE
D2: PLAN DE GESTIÓN Y RESULTADOS | N2: Versión: 01
N3: Noviembre de 2024
G6: HISTORIAL DE CAMBIOS
C8: VERSIÓN | E8: DESCRIPCIÓN DEL CAMBIO | I8: MOTIVO DEL CAMBIO | M8: FECHA DE ACTUALIZACIÓN
C10: 1 | E10: Creación del formato | M10: Noviembre de 2025

Sheet Tabla de contenido
A1: Sistema Integrado de Gestión | D1: PLAN | N1: Codigo: PL01-PR02-GGE
D2: PLAN DE GESTIÓN Y RESULTADOS | N2: Versión: 01
N3: Noviembre de 2024

Sheet 1.Propósito
A1: Sistema Integrado de Gestión | D1: PLAN | N1: Codigo: PL01-PR02-GGE
D2: PLAN DE GESTIÓN Y RESULTADOS | N2: Versión: 01
N3: Noviembre de 2024

Sheet 2.Alcance
A1: Sistema Integrado de Gestión | D1: PLAN | N1: Codigo: PL01-PR02-GGE
D2: PLAN DE GESTIÓN Y RESULTADOS | N2: Versión: 01
N3: Noviembre de 2024

Sheet 3. Contexto 
A1: Sistema Integrado de Gestión | D1: PLAN | N1: Codigo: PL01-PR02-GGE
D2: PLAN DE GESTIÓN Y RESULTADOS | N2: Versión: 01
N3: Noviembre de 2024

Sheet 4. Plataforma estratégica
A1: Sistema Integrado de Gestión | D1: PLAN | N1: Codigo: PL01-PR02-GGE
D2: PLAN DE GESTIÓN Y RESULTADOS | N2: Versión: 01
N3: Noviembre de 2024

Sheet 5. Objetivos estratégicos
A1: Sistema Integrado de Gestión | D1: PLAN | N1: Codigo: PL01-PR02-GGE
D2: PLAN DE GESTIÓN Y RESULTADOS | N2: Versión: 01
N3: Noviembre de 2024
E8: DÓNDE DECIDIMOS LLEGAR:

Sheet 6. Interrelación de objetivos
A1: Sistema Integrado de Gestión | D1: PLAN | N1: Codigo: PL01-PR02-GGE
D2: PLAN DE GESTIÓN Y RESULTADOS | N2: Versión: 01
N3: Noviembre de 2024
E9: Cómo alineamos nuestros objetivos

Sheet 7. Objetivos y metas
A11: Son logros que esperamos alcanzar
A13: OBJETIVOS ESTRATÉGICOS | B13: NOMBRE DEL INDICADOR | C13: FORMA DE CÁLCULO | D13: METAS
D14: 2025 | E14: 2026 | F14: 2027 | G14: 2028
A15: FORTALECER LA SOSTENBILIDAD ECONOMICA | B15: Razon corriente | C15: Activo /Pasivo corriente | D15: > = 1.96 Veces | E15: > = 1.96 Veces | F15: > = 1.96 Veces | G15: > = 1.96 Veces | H15: 1
B16: Rotación cuentas por pagar | C16: (Cuentas por pagar/ Costos de Ventas) *365 | D16: <= 20.59 dias | E16: <= 20.59 dias | F16: <= 20.59 dias | G16: <= 20.59 dias | H16: 2
B17: Rotación cuentas por cobrar | C17: Cuentas por cobrar/ Ingresos Operacionales) *365 | D17: <= 46.35 dias | E17: <= 46.35 dias | F17: <= 46.35 dias | G17: <= 46.35 dias | H17: 3
B18: Margen Operacional | C18: (EBITDA/ Ingresos Operacionales) *100 | D18: <37.40% | E18: <37.40% | F18: <37.40% | G18: <37.40%
B19: Cubrimiento de gastos financieros | C19: Cubrimiento de gastos financiero (EBITDA/Gastos financieros) | D19: < 21.01 veces | E19: < 21.01 veces | F19: < 21.01 veces | G19: < 21.01 veces
B20: Recaudo de Aseo | C20: Valor del recaudo de Aseo/Valor facturación Aseo) *100 | D20: >85% | E20: >85% | F20: >85% | G20: >85%
B21: Perdida de Energía | C21: 1- ( Kw/h mes comercializados/ Kw/h mes generados | D21: <= 10% | E21: <= 10% | F21: <= 10% | G21: <= 10%
A22: FORTALECER LAS COMPETENCIAS DEL CAPITAL HUMANO. | B22: Programa de Capacitación | C22: (N° de capacitaciones Realizadas/ N° Capacitaciones programadas) *100 | D22: 1 | E22: 1 | F22: 1 | G22: 1
B23: Programa de Inducción/Reinducción | C23: (N° de trabajadores con inducción/Reinducción/ N° total de trabajadores) | D23: 1 | E23: 1 | F23: 1 | G23: 1
A24: MEJORAR EL POSICIONAMIENTO DE EMELCE A NIVEL NACIONAL | B24: Relación suscriptores sin medición | C24: Suscriptores sin medición/ Suscriptores totales) *100 | D24: 0 | E24: 0 | F24: 0 | G24: 0
B25: Atención reclamo servicios | C25: (Usuarios afectados /Total de usuarios) *100 | D25: <0,71% | E25: <0,71% | F25: <0,71% | G25: <0,71%
B26: Oportunidad de Atención a las PQRS | C26: (N° de PQRS Resueltas en dias /N° Total de PQRS Recibidas) *100 | D26: <= 15 dias habiles | E26: <= 15 dias habiles | F26: <= 15 dias habiles | G26: <= 15 dias habiles
B27: Relación reclamos de facturación (10,000) | C27: Reclamos de facturación/ Facturas expedidas) *10.000 | D27: <24.91 % | E27: <24.91 % | F27: <24.91 % | G27: <24.91 %
B28: Atención solicitud conexión | C28: (Usuarios afectados/ Total usuarios) *100 | D28: > 15 dias habiles | E28: > 15 dias habiles | F28: >15 dias habiles | G28: > 15 dias habiles
B29: Oportunidad a la respuesta de la solicitud de factibilidad del servicio | C29: (Usuarios afectados/ Total usuarios) *100 | D29: > 7 dias habiles | E29: > 7 dias habiles | F29: > 7 dias habiles | G29: > 7 dias habiles
B30: Cumplimiento de las Revisiones por consumos anormales | C30: (Revisiones realizadas /revisiones programadas) * 100 | D30: 1 | E30: 1 | F30: 1 | G30: 1
A31: FORTALECER LA PLANEACIÓN Y EJECUCIÓN DE LAS INVERSIONES. | B31: Cumplimiento del programa de Mantenimiento de redes eléctricas | C31: (N° Manteamientos Realizados /N° Mantenimientos Programados) *100 | D31: 1 | E31: 1 | F31: 1 | G31: 1

Sheet 8. lineamiento de indi
A11: 1. Fortalecer la sostenbibilidad económica.
A13: No | B13: NOMBRE DEL INDICADOR | C13: DESCRIPCIÓN DEL INDICADOR | D13: RESPONSABLE DE PRESENTAR INFORMES | E13: PERIODICIDAD DE CÁLCULO | F13: PERIODICIDAD DE REPORTE | G13: VARIBLES QUE INTERVIENEN EN EL CÁLCULO | H13: FORMA DE CÁLCULO | I13: FUENTE DE INFORMACIÓN | J13: NORMATIVIDAD
A14: 1 | B14: Razon corriente (veces) | C14: Indica el cubrimiento que tiene la empresa de sus obligaciones de corto plazo. | D14: Lider contable y financiero. | E14: TrImestral | F14: Trimestral | G14: Efectivo y equivalentes de efectivo (caja, bancos). Inversiones temporales. Cuentas por cobrar (clientes). Inventarios. Gastos pagados por anticipado. | H14: Activo /Pasivo corriente | I14: https://gestornormativo.creg.gov.co/gestor/entorno/docs/resolucion_creg_0034_2004.htm | J14: Resolución creg 034 de 20204.
A15: 2 | B15: Rotación cuentas por pagar (dias) | C15: Este indicador mide la gestión de la empresa en el pago oportuno de los insumos necesarios. | D15: Lider contable y financiero. | E15: TrImestral | F15: Trimestral | G15: Compras Totales a Proveedores-Promedio de Cuentas por Paga | H15: (Cuentas por pagar/ Costos de Ventas) *365 | I15: https://gestornormativo.creg.gov.co/gestor/entorno/docs/resolucion_creg_0034_2004.htm | J15: Resolución creg 034 de 20204.
A16: 3 | B16: Rotación cuentas por cobrar (dias) | C16: Este indicador mide la gestión realizada por la empresa para el cobro efectivo de los servicios prestados. | D16: Lider contable y financiero. | E16: TrImestral | F16: Trimestral | G16: Ventas a crédito netas-Promedio de cuentas por cobrar | H16: Cuentas por cobrar/ Ingresos Operacionales) *365 | I16: https://gestornormativo.creg.gov.co/gestor/entorno/docs/resolucion_creg_0034_2004.htm | J16: Resolución creg 034 de 20204.
A17: 4 | B17: Margen Operacional (%) | C17: EBITDA corresponde a la utilidad antes de intereses, impuestos, depreciaciones, amortizaciones y resultados no operacionales(Earnign Before Interest, Taxes,Depreciatión, Amortización) | D17: Lider contable y financiero. | E17: TrImestral | F17: Trimestral | G17: Ingresos operativos-Gastos operativos-Costos de los bienes vendidos-Gastos administrativos-Precios | H17: Cubrimiento de gastos financiero (EBITDA/Gastos financieros) | I17: https://gestornormativo.creg.gov.co/gestor/entorno/docs/resolucion_creg_0034_2004.htm | J17: Resolución creg 034 de 20204.
A18: 5 | B18: Cubrimiento de gastos financieros | C18: Informa sobre la capacidad de generación de fondos por parte de la empresa para el pago de los gastos financieros | D18: Lider contable y financiero. | E18: Trimestral | F18: Trimestral | G18: Ingresos Totales-Costos Fijos-Costos Variables | H18: Cubrimiento de gastos financiero (EBITDA/Gastos financieros) | I18: https://gestornormativo.creg.gov.co/gestor/entorno/docs/resolucion_creg_0034_2004.htm | J18: Resolución creg 034 de 20204.
A19: 6 | B19: Recaudo de pagos Aseo | C19: Actividad que comprende la recepción y control de pagos por los servicios y otros conceptos relacionados con los mismos, que se realicen en cajas de la persona prestadora concedente o de las entidades designadas para tal fin. | D19: Lider administrativo y comercialización | E19: Mensual | F19: Trimestral. | H19: Valor del recaudo de Aseo/Valor facturación Aseo) *100 | I19: https://www.alcaldiabogota.gov.co/sisjur/normas/Norma1.jsp?i=19990 | J19: Resolución CRA 151 de 2001.
A20: 7 | B20: Perdida de Energía | C20: Es la energía perdida en un Sistema de Distribución y reconocida por la Comisión de Regulación de Energía y Gas, para el caso de las zonas no interconectadas el indicador eficiente es =< 10% | D20: Lider administrativo y comercialización | E20: Mensual | F20: Trimestral. | G20: Energia generada. Energia comercializada. | H20: (Total Kwh Comercializado s Emelce/ Total Kwh generados GENSA) *100 | I20: https://gestornormativo.creg.gov.co/gestor/entorno/docs/resolucion_creg_0091_2007.htm | J20: Resolución creg 091 de 2007.
A21: 2. Fortalecer las competencias del capital humano.
A22: No | B22: NOMBRE DEL INDICADOR | C22: DESCRIPCIÓN DEL INDICADOR | D22: RESPONSABLE DE PRESENTAR INFORMES | E22: PERIODICIDAD DE CÁLCULO | F22: PERIODICIDAD DE REPORTE | G22: VARIBLES QUE INTERVIENEN EN EL CÁLCULO | H22: FORMA DE CÁLCULO | I22: FUENTE DE INFORMACIÓN | J22: NORMATIVIDAD
A23: 8 | B23: Programa de Capacitación | C23: Este indicador permite medir porcentualmente el grado de cumplimiento del plan de capacitaciones de la empresa. | D23: Lider administrativo y comercialización | E23: Mensual | F23: Trimestal. | G23: Numero de capacitaciones realizadas- numero de capacitaciones planeadas. | H23: (N° de capacitaciones Realizadas/ N° Capacitaciones programadas) *100 | J23: Decisión empresarial No GG-20241000001795 (02 de julio de 2024)
A24: 9 | B24: Programa de Inducción/Reinducción | C24: Este indicador permite medir porcentualmente el la ejecución del programa de inducción/reinducción de la empresa. | D24: Lider administrativo y comercialización | E24: Mensual | F24: Trimestal. | G24: Numero de colaboradores que ingresan a la empresa- numero de colaboradores de la empresa. | H24: (N° de trabajadores con inducción/Reinducción/ N° total de trabajadores) | I24: https://www.emelcesa.com/copy-4-of-caracterizacion-gd-4-1-3 | J24: SIG
A27: 3. Mejorar el posionamiento de EMELCE a nivel nacional.
A28: No | B28: NOMBRE DEL INDICADOR | C28: DESCRIPCIÓN DEL INDICADOR | D28: RESPONSABLE DE PRESENTAR INFORMES | E28: PERIODICIDAD DE CÁLCULO | F28: PERIODICIDAD DE REPORTE | G28: VARIBLES QUE INTERVIENEN EN EL CÁLCULO | H28: FORMA DE CÁLCULO | I28: FUENTE DE INFORMACIÓN | J28: NORMATIVIDAD
A29: 10 | B29: Relación suscriptores sin medición | C29: Este indicador mide porcentualmente el numero de suscriptores sin sistemas de medición, es aplicable a las empresas comercializadoras | D29: Lider administrativo y comercialización | E29: Mensual | F29: Trimestral | G29: Suscriptores. | H29: Suscriptores sin medición/ Suscriptores totales) *100 | I29: https://gestornormativo.creg.gov.co/gestor/entorno/docs/resolucion_creg_0034_2004.htm | J29: Resolución creg 034 de 20204.
A30: 11 | B30: Atención reclamo servicios | C30: Este indicador mide el porcentaje de usuarios al que se le atiende su reclamo en un número de dias superior al "tiempo referencia" | D30: Lider administrativo y comercialización | E30: Mensual | F30: Trimestral | G30: Tiempo de resolución, tiempo de referencia | H30: (Usuarios afectados /Total de usuarios) *100 | I30: https://gestornormativo.creg.gov.co/gestor/entorno/docs/resolucion_creg_0034_2004.htm | J30: Resolución creg 034 de 20204.
A31: 12 | B31: Oportunidad de Atención a las PQRS | C31: Este indicador mide la oportunidad de respuestas en dias de las PQRS | D31: Lider administrativo y comercialización | E31: Mensual | F31: Trimestral | G31: Tiempo de referencia, No de PQRS | H31: (N° de PQRS Resueltas en dias /N° Total de PQRS Recibidas) *100 | J31: SIG
A32: 13 | B32: Relación reclamos de facturación (10,000) | C32: Se contabiliza unicamente los reclamos resueltos a favor del suscriptor, para el caso de los comercializadores, o a favor de quien presenta el reclamo, si se trata de las otras actividades de la cadena. | D32: Lider administrativo y comercialización | E32: Mensual | F32: Trimestral | G32: Reclamos resueltos a favor del cliente-Número de facturas emitidas- Factor de escala (10,000 | H32: Reclamos de facturación/ Facturas expedidas) *10.000 | I32: https://gestornormativo.creg.gov.co/gestor/entorno/docs/resolucion_creg_0034_2004.htm | J32: Resolución creg 034 de 20204.
A33: 14 | B33: Atención solicitud conexión(100%) | C33: Este indicador mide el porcentaje de usuarios a quienes se les atiende la solicitud de conexión en un numero de dias superior al tiempo de referencia. | D33: Lider de Generación y distribución. | E33: Mensual | F33: Trimestral | G33: Numero de solicitudes de conexión- tiempo de referencia, numero de respuestas superior al tiempo de referencia. | H33: (Usuarios afectados/ Total usuarios) *100 | I33: https://gestornormativo.creg.gov.co/gestor/entorno/docs/resolucion_creg_0034_2004.htm | J33: Resolución creg 034 de 20204.
A34: 15 | B34: Oportunidad a la respuesta de la solicitud de factibilidad del servicio | C34: Este indicador mide el porcentaje de usuarios a quienes se les atiende la solicitud de factibilidad en un numero de dias superior al tiempo de referencia. | D34: Lider de Generación y distribución. | E34: Mensual | F34: Trimestral | G34: Numero de solicitudes de factibilidad- tiempo de referencia, numero de respuestas superior al tiempo de referencia. | H34: (Usuarios afectados/ Total usuarios) *100 | I34: https://gestornormativo.creg.gov.co/gestor/entorno/docs/resolucion_creg_0070_1998.htm | J34: Resolución creg No 070 de 1998.
A35: 16 | B35: Cumplimiento de las Revisiones por consumos anormales. | C35: Este indicador mide el porcentaje de revisiones atendidas en un numero de dias superior al tiempo de referencia. | D35: Lider de Generación y distribución. | E35: Mensual | F35: Trimestral | G35: Numero de consumos anormales, tiempo de referencia, numero de revisiones atendidas superior al tiempo de referencia. | H35: (Usuarios afectados/ Total usuarios) *100 | I35: https://www.emelcesa.com/normatividad
A37: 4. Fortalecer la planeación y ejecución de las innversiones
A38: No | B38: NOMBRE DEL INDICADOR | C38: DESCRIPCIÓN DEL INDICADOR | D38: RESPONSABLE DE PRESENTAR INFORMES | E38: PERIODICIDAD DE CÁLCULO | F38: PERIODICIDAD DE REPORTE | G38: VARIBLES QUE INTERVIENEN EN EL CÁLCULO | H38: FORMA DE CÁLCULO | I38: FUENTE DE INFORMACIÓN | J38: NORMATIVIDAD
A39: 17 | B39: Cumplimiento del programa de Mantenimiento de redes eléctricas | C39: Este indicador mide el procentaje en el cumplimiento de las actividades de mantenimiento programadas. | D39: Lider de Generación y distribución. | E39: Mensual | F39: Trimestral | G39: Plan de mantenimientos | H39: (N° Manteamientos Realizados /N° Mantenimientos Programados) *100 | J39: Plan de mantenimiento EMELCE S.A.,E.S.P.

Sheet 9. DOFA
A1: Sistema Integrado de Gestión | D1: PLAN | L1: Codigo: PL01-PR02-GGE
D2: PLAN DE GESTIÓN Y RESULTADOS | L2: Versión: 01
L3: Noviembre de 2024
A7: ANALISIS FACTORES INTERNOS
A8: No | B8: FORTALEZAS | G8: No | H8: DEBIDILIDADES
A9: 1 | B9: Infraestructura en generación y distribucion de energia ya establecida en el mercado de EMELCE S.A.,E.S.P. | G9: 1 | H9: No existe claridad en las funciones por partes de los empleados
A10: 2 | B10: Conocimiento profundo de las necesidades especificas en energia en el mercado de EMELCE S.A,.E.SP. | G10: 2 | H10: Dependencia del diesel
A11: 3 | B11: Servicio constante y confiable en los dos municipios del mercado de EMELCE S.A.,E.S.P. | G11: 3 | H11: No existe una estrategia corporativa para gestión documental (archivo) de acuerdo con las normas reglamentarias.
A12: 4 | B12: Produccion de energia renovable | G12: 4 | H12: Deficiencias en la calidad del servicio.
A13: 5 | B13: Experiencia en zonas no interconectadas | G13: 5 | H13: Limitación en recursos tecnicos y financieros
A14: 6 | B14: Perdidas de energia inferiores al maximo establecido por la CREG. | G14: 6 | H14: No se cuenta con metodos de evaluación de competencia de los colaboradores
A15: 7 | B15: Liderazgo regional consolidado | G15: 7 | H15: Se debe fortalecer la identiifcacion de la propiedad planta y equipo
A16: 8 | B16: Estructura organizacional | G16: 8 | H16: Falencia en la comunicación interna cuando se presentan ajustes, cambios en procedimientos, procesos e informacion transversal entre areas.
A17: 9 | B17: Propietario de infraestructura electrica | G17: 9 | H17: Deficiencias en la seguridad del sofware, en especial en el modulo de facturación, software de nomina deficiente
A18: 10 | B18: Alto nivel de recaudo en los dos municipios del mercado. | G18: 10 | H18: Planeación de las inversiones.
A19: 11 | B19: Compromiso del personal | G19: 11 | H19: Deficiencia en la actualización y manejo de activos electricos
A20: 12 | B20: Baja rotación del personal, estabilidad laboral. | G20: 12 | H20: No se ha establecido la metodologia o mecanismo para medir el clima laboral de la empresa.
... A29: 21 | B29: La buena relación e imagen de la Empresa con las entidades nacionales, relacionadas con el sector. | G29: 21 | H29: Baja disponibilidad de recursos humanos,logísticos económicos para realizar el evantamiento de insumos (información de campo para la formulación de proyectos.
A32: ANALISIS FACTORES EXTERNOS
A33: No | B33: AMENAZAS | G33: No | H33: OPORTUNIDADES
A34: 1 | B34: Cambio climatico | G34: 1 | H34: Incentivos Gubernamentales
A35: 2 | B35: Politicas energeticas cambiantes | G35: 2 | H35: Concienta ambiental
A36: 3 | B36: Competencia en el sector energetico | G36: 3 | H36: Avances tecnolgicos en energia
A37: 4 | B37: Inestabilidad economica | G37: 4 | H37: Desarrollo de nuevos mercados
A38: 5 | B38: Desarrollo Tecnológico rápido | G38: 5 | H38: Alianzas estrategicas
A39: 6 | B39: Falta de capacidad instalada para respaldar la demanda de energia, en las actividades de generación. | G39: 6 | H39: Desarrollo tecnológico
A40: 7 | B40: Alta dispersion de los usarios, en zonas rurales | G40: 7 | H40: Potencial del energia solar en la zona del mercado de EMELCE S.A.,E.S.P.
A41: 8 | B41: Baja capacidad adqusitiva usuarios dispersos ( comunidades indigenas) | G41: 8 | H41: Poca capacidad instalada en fuentes no convencionaes de energia solar, en le mercado de EMELCE S.A.,E.S.P.
A42: 9 | B42: Aumento en los costos de operación por cambios en los precios del combustible. | G42: 9 | H42: Buena relacion de trabajo con los entes gubernamentales
A43: 10 | B43: Cambios en la normatividad que aplica para la empresa. | G43: 10 | H43: Posibildad de acceder a los recursos de los fondos de apoyo financiero ( FAZNI), para la ejecución de proyectos de expansión
A44: 11 | B44: Orden publico que pueda afectar la prestación del servicio. | G44: 11 | H44: Buena cultura de pago en la capital del departamento (Inirida)
A45: 12 | B45: Percepcion negativa de los usuarios relacionado con la prestación del servicio de energia electrica | G45: 12 | H45: Experiencia de la empresa en el sector.
... A54: 21 | B54: Parque generador obsoleto. | G54: 21 | H54: La posibilidad de la ejecución de proyectos en otras zonas del pais

Sheet 10. RELACIÓN DOFA
D6: FORTALEZAS | F6: DEBILIDADES
C7: 1 | D7: Infraestructura en generación y distribucion de energia ya establecida en el mercado de EMELCE S.A.,E.S.P. | E7: 1 | F7: No existe claridad en las funciones por partes de los empleados
C8: 2 | D8: Conocimiento profundo de las necesidades especificas en energia en el mercado de EMELCE S.A,.E.SP. | E8: 2 | F8: Dependencia del diesel
C9: 3 | D9: Servicio constante y confiable en los dos municipios del mercado de EMELCE S.A.,E.S.P. | E9: 3 | F9: No existe una estrategia corporativa para gestión documental (archivo) de acuerdo con las normas reglamentarias.
C10: 4 | D10: Produccion de energia renovable | E10: 4 | F10: Deficiencias en la calidad del servicio.
C11: 5 | D11: Experiencia en zonas no interconectadas | E11: 5 | F11: Limitación en recursos tecnicos y financieros
C12: 6 | D12: Perdidas de energia inferiores al maximo establecido por la CREG. | E12: 6 | F12: No se cuenta con metodos de evaluación de competencia de los colaboradores
C13: 7 | D13: Liderazgo regional consolidado | E13: 7 | F13: Se debe fortalecer la identiifcacion de la propiedad planta y equipo
C14: 8 | D14: Estructura organizacional | E14: 8 | F14: Falencia en la comunicación interna cuando se presentan ajustes, cambios en procedimientos, procesos e informacion transversal entre areas.
C15: 9 | D15: Propietario de infraestructura electrica | E15: 9 | F15: Deficiencias en la seguridad del sofware, en especial en el modulo de facturación, software de nomina deficiente
C16: 10 | D16: Alto nivel de recaudo en los dos municipios del mercado. | E16: 10 | F16: Planeación de las inversiones.
C17: 11 | D17: Compromiso del personal | E17: 11 | F17: Deficiencia en la actualización y manejo de activos electricos
C18: 12 | D18: Baja rotación del personal, estabilidad laboral. | E18: 12 | F18: No se ha establecido la metodologia o mecanismo para medir el clima laboral de la empresa.
... C27: 21 | D27: La buena relación e imagen de la Empresa con las entidades nacionales, relacionadas con el sector. | E27: 21 | F27: Baja disponibilidad de recursos humanos,logísticos económicos para realizar el evantamiento de insumos (información de campo para la formulación de proyectos.
B28: OPORTUNIDADES | D28: ESTRATEGIAS FO | F28: ESTRATEGIAS DO
A29: 1 | B29: Incentivos Gubernamentales | D29: Expandir la operación hacia nuevos mercados utilizando la infraestructura ya establecida, ofreciendo soluciones de energía confiables y sostenibles en áreas donde la infraestructura es limitada. | F29: Implementar un programa de capacitación que incluya la definición de roles y responsabilidades claras para los empleados, utilizando plataformas de formación virtual. Esto ayudará a mejorar la claridad sobre las funciones de cada persona en la organización.
A30: 2 | B30: Concienta ambiental | D30: Aprovechar el conocimiento del mercado para desarrollar programas educativos e iniciativas que promuevan el uso responsable y sostenible de la energía, alineándose con el creciente interés por la sostenibilidad. | F30: Desarrollar un proyecto para diversificar la matriz energética mediante la instalación de paneles solares, aprovechando incentivos gubernamentales y tecnología de vanguardia, reduciendo la dependencia del diésel y promoviendo la sostenibilidad.
A31: 3 | B31: Avances tecnolgicos en energia | D31: Colaborar con el gobierno para implementar proyectos que mejoren aún más el servicio, aprovechando incentivos para expandir y modernizar la infraestructura eléctrica. | F31: Establecer alianzas con empresas especializadas en gestión documental para implementar un sistema que cumpla con las normativas vigentes, mejorando la eficiencia y la conformidad regulatoria.
A32: 4 | B32: Desarrollo de nuevos mercados | D32: Invertir en la implementación de paneles solares y otras fuentes de energía renovables para diversificar la matriz energética y captar un segmento creciente de clientes interesados en energía limpia. | F32: Implementar un programa de mejora continua del servicio, considerando las necesidades específicas del sector turístico, aumentando la calidad del servicio ofrecido a los usuarios.
A33: 5 | B33: Alianzas estrategicas | D33: tilizar la experiencia acumulada para liderar proyectos de electrificación en regiones apartadas, aprovechando el conocimiento en operaciones en circunstancias desafiantes. | F33: Establecer un sistema de evaluación y seguimiento de competencias, complementado con formación continua, para aumentar las habilidades del personal y su rendimiento laboral.
A34: 6 | B34: Desarrollo tecnológico | D34: Formar alianzas con otras empresas del sector y organizaciones locales para mejorar la cobertura y los servicios a través de la colaboración y el intercambio de recursos. | F34: Desarrollar proyectos que se alineen con los criterios de financiación de FAZNI para mejorar la infraestructura y los recursos disponibles, potenciando así el crecimiento y mejorando la eficiencia operativa.
A35: 7 | B35: Potencial del energia solar en la zona del mercado de EMELCE S.A.,E.S.P. | D35: Desarrollar campañas de marketing que resalten la eficiencia y efectividad de EMELCE S.A. en la gestión de cobro y el uso responsable de la energía, incentivando a los clientes adecuados a que continúen sus pagos al día. | F35: Implementar un sistema de evaluación del desempeño que permita identificar las necesidades de capacitación de los colaboradores y facilitar su formación a través de plataformas virtuales.
A36: 8 | B36: Poca capacidad instalada en fuentes no convencionaes de energia solar, en le mercado de EMELCE S.A.,E.S.P. | D36: Implementar programas de formación virtual para el personal, aprovechando la estabilidad laboral y el compromiso, para desarrollar aún más sus habilidades técnicas y de servicio al cliente | F36: Realizar encuestas y análisis del clima laboral para identificar áreas de mejora, lo que a su vez puede optimizar la atención de la demanda del servicio y contribuir positivamente al ambiente de trabajo.
A37: 9 | B37: Buena relacion de trabajo con los entes gubernamentales | D37: Mejorar las plataformas existentes y el uso de datos analíticos para optimizar la experiencia del cliente en la gestión de pagos y servicios, identificando patrones que ayuden a personalizar las ofertas. | F37: Desarrollar un sistema de gestión de activos que permita un seguimiento y control más efectivo de la infraestructura, asegurando que se aprovechen los recursos existentes de manera óptima.
A38: 10 | B38: Posibildad de acceder a los recursos de los fondos de apoyo financiero ( FAZNI), para la ejecución de proyectos de expansión | D38: Continuar con la expansión del servicio hacia comunidades no atendidas, utilizando la infraestructura y experiencia existente para alcanzar nuevos clientes. | F38: Establecer un canal de comunicación interno robusto para la formación de grupos de trabajo que se encarguen de mantener actualizada la información transversal sobre cambios y procesos, fomentando una cultura de colaboración.
A39: 11 | B39: Buena cultura de pago en la capital del departamento (Inirida) | D39: Establecer relaciones sólidas con inversionistas y agencias gubernamentales para acceder a fondos que permitan el desarrollo de proyectos sostenibles y de expansión. | F39: Invertir en actualizar y mejorar los sistemas de seguridad de software, realizando auditorías y adoptando nuevas tecnologías para proteger la información y los procesos críticos de la empresa
A40: 12 | B40: Experiencia de la empresa en el sector. | D40: Colaborar estrechamente con estos entes para acceder a financiación para proyectos que favorezcan la transición hacia fuentes de energía más sostenibles y renovar la infraestructura existente. | F40: Implementar un plan de inversión que priorice las áreas con mayor potencial de crecimiento, utilizando un enfoque basado en datos para realizar inversiones estratégicas que faciliten la expansión en nuevos mercados
... A43: 15 | B43: Aumento de la demanda por el desarrollo turistico y dinamica del mercado. | D43: Fortalecer el equipo legal y crear protocolos que optimicen la respuesta ante litigios, invirtiendo en formación del personal en aspectos normativos y legales relevantes para prevenir conflictos. | F43: Establecer una revisión anual del manual de procedimientos, asegurando que se incluyan las actualizaciones necesarias, y capacitar al personal en el uso de estos procedimientos.
A44: 16 | B44: Posible ampliación del portafolio de negocios de la empresa. | F44: Desarrollar un programa de formación continua que contemple múltiples áreas, desde la atención al cliente hasta la gestión de tecnología, asegurando que todos los colaboradores estén bien capacitados.
A45: 17 | B45: Mejoramiento del servicio de alumbrado público. | F45: Fomentar un cambio cultural hacia una mentalidad más abierta y cooperativa, utilizando alianzas estratégicas para diversificar los servicios y aprender de otros participantes del mercado.
A46: 18 | B46: Transformación digiltal y la analitica avanzada en datos | F46: Identificar y formar alianzas con instituciones educativas para reclutar y capacitar nuevos talentos, contribuyendo a la capacitación del personal técnico requerido.
A47: 19 | B47: Adecuada gestion de activos | F47: Implementar tecnología de gestión de proyectos que permita optimizar la utilización de los recursos y gestionar de manera eficiente el levantamiento de insumos.
A48: 20 | B48: Acceso s recursos de diversos fuentes, mediante la estrucuturación de proyectos sostenibles. | F48: Establecer protocolos claros sobre las responsabilidades de informes y pagos, utilizando la buena cultura de pago de los usuarios como modelo para fomentar el cumplimiento.
A49: 21 | B49: La posibilidad de la ejecución de proyectos en otras zonas del pais. | F49: Aprovechar los cambios en la normativa y políticas energéticas para actualizar el reglamento interno y que se alinee con las mejores prácticas del sector.
F50: Explorar fondos gubernamentales y asociaciones con entidades locales en nuevas áreas para obtener recursos que faciliten la recolección de datos para proyectos de expansión.
B51: AMENANZAS | D51: ESTRATEGIAS FA | F51: ESTRATEGIAS DA
A52: 1 | B52: Cambio climatico | D52: Utilizar la infraestructura existente para realizar un diagnóstico preciso sobre las necesidades de capacidad adicional y planificar inversiones en ampliaciones o mejoras, anticipando la demanda futura. | F52: Establecer un manual de funciones y roles claros para todos los empleados, acompañado de sesiones de inducción y capacitación sobre sus responsabilidades. Esto ayudará a alinear las expectativas y mejorar la eficiencia del servicio
A53: 2 | B53: Politicas energeticas cambiantes | D53: Implementar un programa de evaluación continua de las necesidades energéticas en comunidades específicas, creando soluciones personalizadas y miniredes que se adapten a los requerimientos locales. | F53: Investigar e implementar fuentes de energía renovable y alternativas al diésel, como la energía solar , para diversificar las fuentes de energía y reducir costos de operación.
A54: 3 | B54: Competencia en el sector energetico | D54: Aprovechar el historial de servicio confiable para establecer una campaña de comunicación que resalte la eficiencia y calidad del servicio, así como testimonios positivos de los usuarios. | F54: Desarrollar un sistema de gestión documental que cumpla con las normativas y establezca protocolos claros para la organización y acceso a la información.
A55: 4 | B55: Inestabilidad economica | D55: Expandir la producción de energía renovable como una respuesta a las preocupaciones ambientales y al cambio climático, combinando fuentes como solar , y promocionando el compromiso con la sostenibilidad ante los usuarios. | F55: Implementar un programa de mejora continua que incluya la evaluación periódica del servicio y encuestas de satisfacción del cliente para identificar áreas de mejora.
A56: 5 | B56: Desarrollo Tecnológico rápido | D56: Diferenciarse de la competencia al continuar desarrollando infraestructura y soluciones adaptadas a zonas no interconectadas, ofreciendo un servicio que sea visto como esencial y único en el mercado. | F56: Buscar alianzas estratégicas y financiamiento externo, así como la optimización de recursos internos, para mejorar los recursos técnicos y financieros disponibles.
A57: 6 | B57: Falta de capacidad instalada para respaldar la demanda de energia, en las actividades de generación. | D57: Utilizar la eficiencia energética y la reducción de pérdidas como una herramienta de marketing para destacar la sostenibilidad y reducir el impacto financiero en momentos de aumentos de precios. | F57: Diseñar e implementar un sistema de evaluación de desempeño que permita medir y desarrollar las competencias de los colaboradores con un enfoque en mejora continua
A58: 7 | B58: Alta dispersion de los usarios, en zonas rurales | D58: Fortalecer la imagen de la empresa como un socio estable y confiable en la región, promoviendo inversiones en proyectos que generen empleo y mejoren la infraestructura local, incluso en tiempos de crisis. | F58: Implementar herramientas de comunicación interna efectivas, como plataformas digitales y reuniones periódicas para asegurar que todos los empleados estén informados sobre cambios y actualizaciones
A59: 8 | B59: Baja capacidad adqusitiva usuarios dispersos ( comunidades indigenas) | D59: Fomentar una cultura de aprendizaje y capacitación continua para que el personal se mantenga actualizado sobre nueva tecnología, garantizando que la empresa no se quede atrás en innovación. | F59: Realizar auditorías de seguridad y actualizar todos los sistemas de software, especialmente aquellos relacionados con la facturación y la nómina, para proteger la información sensible de la empres
A60: 9 | B60: Aumento en los costos de operación por cambios en los precios del combustible. | D60: Implementar medidas de seguridad y accesibilidad en línea para que los clientes puedan realizar pagos y gestionar su servicio sin importar las condiciones del entorno. | F60: Desarrollar un plan estratégico de inversiones a largo plazo que contemple posibles fluctuaciones del mercado y cambios normativos, asegurando que la empresa esté siempre preparada.
A61: 10 | B61: Cambios en la normatividad que aplica para la empresa. | D61: Establecer opciones de pago flexibles y programas de apoyo para usuarios con dificultades económicas, fomentando la lealtad y mejorando la recuperación del recaudo. | F61: stablecer un plan regular de mantenimiento y actualización de activos eléctricos para garantizar que se mantengan operativos y eficientes.
A62: 11 | B62: Orden publico que pueda afectar la prestación del servicio. | D62: Fortalecer el equipo legal y los protocolos internos para prevenir y manejar litigios de manera eficiente, minimizando el riesgo de impactos financieros severos. | F62: Implementar encuestas de clima laboral de manera regular y crear un comité que supervise el bienestar de los empleados.
A63: 12 | B63: Percepcion negativa de los usuarios relacionado con la prestación del servicio de energia electrica | D63: Promover una comunicación activa con la comunidad para informar sobre prácticas seguras y legales en el uso de la electricidad, implicándolos en la vigilancia y mantenimiento de las infraestructuras. | F63: Asignar responsabilidades a un equipo para revisar y actualizar el manual de procedimientos de manera continua, asegurando que sea un documento vivo.
... A66: 15 | B66: Altos costos del Kw/h para el usuario final, teniendo en cuenta la referencia del SIN mas cercano ( San Jose del Guaviare) | D66: Utilizar el sistema integrado para monitorear y analizar patrones de consumo, permitiendo adaptaciones rápidas en las operaciones para mitigar impactos por fluctuaciones en la demanda. | F66: Capacitar al personal existente y considerar la contratación de personal técnico especializado a través de convenios con instituciones educativas.
A67: 16 | B67: Sanciones generadas por elcincumplimiento a la regulación | F67: Fortalecer la relación con comunidades locales y asociaciones para obtener voluntarios o ayuda en la recolección de datos de campo.
A68: 17 | B68: Lecturas de baja calidad (no reales) por manipulacion de sofware | F68: Definir y comunicar con claridad las responsabilidades respecto a informes y pagos mediante un marco de gestión que detalle las obligaciones de cada área.
A69: 18 | B69: Pasivo Ministerio de Minas y energia. | F69: Revisar y actualizar el reglamento interno de trabajo cada año, asegurando la inclusión de aspectos disciplinarios y cambios en la legislación.
A70: 19 | B70: Fluctuaciones del consumo de energía por parte de los usuarios | F70: Buscar financiamiento externo, como subvenciones o financiación de proyectos, para declarante recursos adicionales para la recolección de información.
A71: 20 | B71: Conexiones fraudulentas por parte de la comunidad o Manipulación de infraestrucutura electrica. | F71: Implementar un programa educativo dirigido a la comunidad sobre la importancia de las conexiones legales y la seguridad energética, además de mejorar la vigilancia y el mantenimiento de la infraestructura.
A72: 21 | B72: Parque generador obsoleto.

Sheet 11 Cronograma del plan estratég
A1: Sistema Integrado de Gestión | C1: PLAN | AG1: Codigo: PL01-PR02-GGE
AG3: Versión: 01
C4: PLAN DE GESTIÓN Y RESULTADOS
AG5: Noviembre de 2024
A11: PERIODO : | B11: Qué y Cómo decidimos HACERLO:
A12: Objetivos estratégicos | B12: Estrategias corporativas para lograr los objetivos | D12: CRONOGRAMA DE EJECUCIÓN REAL DE LA ACTIVIDAD | AH12: OBSERVACIONES
D13: Trimestre 1 (ENE-MAR) | J13: Trimestre 2 (MAY-JUN) | P13: Trimestre 2 (ABR- JUN) | V13: Trimestre 3 (JUL-SEP) | AB13: Trimestre 4 (OCT-DIC)
D14: 1 | F14: 2 | H14: 3 | J14: 4 | L14: 5 | N14: 6 | P14: 4 | R14: 5 | T14: 6 | V14: 7 | X14: 8 | Z14: 9 | AB14: 10 | AD14: 11 | AF14: 12
B15: Acciones y decisiones | C15: Responsable(s) | D15: P | E15: E | F15: P | G15: E | H15: P | I15: E | J15: P | K15: E | L15: P | M15: E | N15: P | O15: E | P15: P | Q15: E | R15: P | S15: E | T15: P | U15: E | V15: P | W15: E | X15: P | Y15: E | Z15: P | AA15: E | AB15: P | AC15: E | AD15: P | AE15: E | AF15: P | AG15: E
A16: FORTALECER LA SOSTENIBILIDAD ECONOMICA | B16: Desarrollo del comité financiero | C16: Lider financiero y contable. | R16: 1 | X16: 1 | AD16: 1 | AH16: Se realizo una reuniòn pero no existe acta firmada.
B17: Actualizar y dar cumplimiento a la decisión empresarial No 192 de 2022 "por cual se implementa directrices para el otorgamiento de créditos o financiacion, acuerdos de pago y para la recuperació de la cartera". | C17: Lider administrativo y comercial. | P17: 1 | R17: 1 | T17: 1 | V17: 1 | X17: 1 | Z17: 1 | AB17: 1 | AD17: 1 | AF17: 1
B18: Desarrollo comite de cartera | C18: Lider administrativo y comercial. | P18: 1 | R18: 1 | T18: 1 | V18: 1 | X18: 1 | Z18: 1 | AB18: 1 | AD18: 1 | AF18: 1 | AH18: Urgente actas, seguimiento
B19: Efectuar la baja de elementos y bienes inservibles y sin rotación de EMELCE S.A. E.S.P. | C19: Lider administrativo y comercial/ almacenista. | R19: 1 | X19: 1 | AD19: 1 | AH19: Pendiente evidencias
B20: Efectuar conciliación mensual por concepto de pagos con las entidades que han suscrito convenios de recaudo con la empresa. | C20: Lider financiero y contable. | P20: 1 | R20: 1 | T20: 1 | V20: 1 | X20: 1 | Z20: 1 | AB20: 1 | AD20: 1 | AF20: 1 | AH20: Verificar valor de comision por recaudo de supergiros.
B21: Efectuar conciliación mensual con las empresas que han suscrito contratos o convenio exequiales. | C21: Lider administrativo y comercial /Jefe de facturación | P21: 1 | R21: 1 | T21: 1 | V21: 1 | X21: 1 | Z21: 1 | AB21: 1 | AD21: 1 | AF21: 1
B22: Efectuar conciliación mensual para convenio de facturación conjunta. | C22: Lider administrativo y comercial /Jefe de facturación | P22: 1 | R22: 1 | T22: 1 | V22: 1 | X22: 1 | Z22: 1 | AB22: 1 | AD22: 1 | AF22: 1
B23: Realizar conciliación de la cartera comercial para compararla con la contable | C23: Lider financiero y contable. | P23: 1 | R23: 1 | T23: 1 | V23: 1 | X23: 1 | Z23: 1 | AB23: 1 | AD23: 1 | AF23: 1 | AH23: No existe una evidencia,crear un documento
B24: Seguimiento - cargue información SUI (información Financiera) | C24: Lider financiero y contable. | P24: 1 | R24: 1 | V24: 1 | AB24: 1 | AH24: Crear , oficializar el cronograma, se cumplio pero se cargo de manera extemporanea
B25: Realizar cargue de contratación a la plataforma SIA observa | C25: Tesorera (presupuesto) | P25: 1 | R25: 1 | T25: 1 | V25: 1 | X25: 1 | Z25: 1 | AB25: 1 | AD25: 1 | AF25: 1
B26: Realizar cargue de contratación a la plataforma SIA observa | C26: Secretaria Juridica. | P26: 1 | R26: 1 | T26: 1 | V26: 1 | X26: 1 | Z26: 1 | AB26: 1 | AD26: 1 | AF26: 1
B27: Realizar cargue de contratación a la plataforma SIA observa | C27: Lider administrativo | P27: 1 | R27: 1 | T27: 1 | V27: 1 | X27: 1 | Z27: 1 | AB27: 1 | AD27: 1 | AF27: 1 | AH27: Debe existir una delegaciòn de parte de la Gerencia al lider administrativo.
B28: Matriz Programación de vacaciones. | C28: Tesorera (presupuesto) | P28: 1
B29: Realizar cargue de información CHIP del informe CUIPO | C29: Lider financiero y contable. | P29: 1 | V29: 1 | AB29: 1
B30: Realizar cargue de información CHIP financiera | C30: Lider financiero y contable. | P30: 1 | V30: 1 | AB30: 1
B31: Realizar presentación y declaración de impuestos DIAN | C31: Lider financiero y contable. | P31: 1 | R31: 1 | T31: 1 | V31: 1 | X31: 1 | Z31: 1 | AB31: 1 | AD31: 1 | AF31: 1
B32: Realizar presentación y declaración de impuestos DIAN - RENTA | C32: Lider financiero y contable. | R32: 1
B33: Realizar presentación y declaración de impuestos DIAN - EXOGENA | C33: Lider financiero y contable. | R33: 1
B34: Realizar presentación y declaración de impuestos DIAN - IVA | C34: Lider financiero y contable. | R34: 1 | V34: 1 | Z34: 1 | AD34: 1
B35: Gestionar cuentas de cobro a las empresas que hacen uso de la infraestrucutura electrica, para telecomunicaciones. | C35: Lider de Generación y distribución/ Apoyo profesional admon | P35: 1 | R35: 1 | T35: 1 | V35: 1 | X35: 1 | Z35: 1 | AB35: 1 | AD35: 1 | AF35: 1
B36: Gestionar cuenta de cobro convenio No GENSA - EMELCE , mantenimiento red circuito No 5. | C36: Lider de Generación y distribución/ Apoyo Ambiental | R36: 1 | V36: 1 | AB36: 1 | AH36: Verificar con GENSA, los respectivos pagos desde el 2021.
B37: Realizar seguimiento a los inventarios y depuraciòn de los mismos por daños o cumplimiento de su vida util, asignados a los trabajadores de la empresa | C37: Almacenista | P37: 1 | R37: 1 | T37: 1 | V37: 1 | X37: 1 | Z37: 1 | AB37: 1 | AD37: 1 | AF37: 1 | AH37: Ajustar para que sea trimestral
B38: Actualizar tasas de interes para los negocios de la empresa, | C38: Gerencia General/ Lider de administrativo/ comercial/Lider contable y Financiero | P38: 1 | R38: 1 | T38: 1 | V38: 1 | X38: 1 | Z38: 1 | AB38: 1 | AD38: 1 | AF38: 1 | AH38: Ajustar en el acta los interes de las tarifas para los residenciales y no residenciales.
B39: Gestionar subsidios por menores tarifas ante el Ministerio de Minas y Energia. | C39: Gerencia General | P39: 1 | V39: 1 | AB39: 1 | AH39: Existen oficios a min energia y sspp sobre informaciòn para gestiòn de subsidios.
B40: Crear establecer, documentar el procedimiento para horas extras. | C40: Lider administrativo y comercial. | R40: 1 | AH40: No se ha realizado
B41: Realizar proceso de criticas en la facturación. | C41: Lider administrativo y comercial/ jefe de facturación. | P41: 1 | R41: 1 | T41: 1 | V41: 1 | X41: 1 | Z41: 1 | AB41: 1 | AD41: 1 | AF41: 1 | AH41: Existen informes mensualizados de las criticas, inician desde el mes de noviembre.
B42: Actualizar matriz de alumbrado publico, notificar al municipio. | C42: Lider administrativo y comercial /Jefe de comercialización | P42: 1 | R42: 1 | T42: 1 | V42: 1 | X42: 1 | Z42: 1 | AB42: 1 | AD42: 1 | AF42: 1 | AH42: Se deben incluir intereses de mora en la factura.
B43: Analisis administrativo y financiero de los negocios empresariales. (Crediemelce, etc) | C43: Gerente General. | V43: 1
A44: FORTALECER LAS COMPETENCIAS DEL CAPITAL HUMANO. | B44: Implementar plan de capacitaciones | C44: Lider administrativo y comercial. | R44: 1 | T44: 1 | V44: 1 | X44: 1 | Z44: 1 | AB44: 1 | AD44: 1 | AF44: 1 | AH44: Pendiente para conocer el porcentaje de ejecuciòn del cronograma del plan de capacitaciòn, investigar si esxiste un plan o documento de capacitaciòn.
B45: Formular programa anual de capacitaciones del SIG 2026 | C45: Lider administrativo y comercial. | P45: 1
B46: Efectuar exámenes Médico ocupacionales | C46: Lider administrativo y comercial. | X46: 1 | AH46: Se ejecuto hasta el mes de diciembre.
B47: Actualizar el reglamente interno de trabajo. | C47: Secretaria Juridica. | R47: 1 | AH47: Falta enviar a la Gerencia.
B48: Realizar Induccion y reinduccion al personal | C48: Lider administrativo y comercial. | P48: 1 | R48: 1 | T48: 1 | V48: 1 | X48: 1 | Z48: 1 | AB48: 1 | AD48: 1 | AF48: 1
B49: Actualización curso de alturas | C49: Lider administrativo y comercial /apoyo SST | T49: 1 | AH49: Para la vigencia 2025 no hubo necesidad de contratar el curso de alturas, puesto se encuentra vigente.
B50: Ejecución plan de trabajo SG-SST | C50: Lider administrativo y comercialización/apoyo SST | P50: 1 | R50: 1 | T50: 1 | V50: 1 | X50: 1 | Z50: 1 | AB50: 1 | AD50: 1 | AF50: 1
B51: Formular plan de auditorias | C51: Control Interno | R51: 1 | AH51: No se realizo.
B52: Realizar cronograma anual de informes de ley, informar sobre el particular y publicar a traves de medios internos. | C52: Control interno | P52: 1
B53: Ejecutar plan de auditorias | C53: Control Interno | T53: 1 | V53: 1 | X53: 1 | Z53: 1 | AB53: 1 | AD53: 1 | AF53: 1
A54: MEJORAR EL POSICIONAMIENTO DE EMELCE A NIVEL NACIONAL | B54: Realizar inventario iluminacion alumbrado publico Led con la respectiva codificacion y Georeferenciación. | C54: Jefe Operativo | P54: 1 | R54: 1 | T54: 1 | V54: 1 | X54: 1 | Z54: 1 | AB54: 1 | AD54: 1 | AF54: 1 | AH54: Se debe seguir la codificacòn en inventarios para terminar los mas pronto, urgente.
B55: Formular plan de contingencia para la prestación del servicio de energia 2025. | C55: Lider de Generación y distribución/apoyo ingeniero elctricista. | P55: 1 | AH55: Al finalizar la vigencia 2025, no se habia formulado.
B56: Implementar Res Creg 038 de 2018. | C56: Lider de Generación y distribución/apoyo ingeniero elctricista. | P56: 1 | R56: 1 | T56: 1 | V56: 1 | X56: 1 | Z56: 1 | AB56: 1 | AD56: 1 | AF56: 1 | AH56: Al finalizar la vigencia 2025 no se habia implementado
B57: Realizar inspecciones aleatorias 1 vez por mes a los trabajos en la red realizada por las cuadrillas de técnicos elécticistas | C57: Lider de Generación y distribución/Jefe operativo/ apoyo ingeniero electricista/apoyo SST | P57: 1 | R57: 1 | T57: 1 | V57: 1 | X57: 1 | Z57: 1 | AB57: 1 | AD57: 1 | AF57: 1 | AH57: Existen informes sobre las inspecciones.
B58: Implementar el plan de gestión integral de residuos solidos. | C58: Lider de Generación y distribución/ Apoyo profesional ambiental. | P58: 1 | R58: 1 | T58: 1 | V58: 1 | X58: 1 | Z58: 1 | AB58: 1 | AD58: 1 | AF58: 1 | AH58: Existe un plan de gestiòn integral de residuos solidos, y un informe de la implementaciòn.
B59: Actualizar informe de alumbrado publico. | C59: Lider de Generación y distribución/ Jefe operativo | P59: 1 | R59: 1 | T59: 1 | V59: 1 | X59: 1 | Z59: 1 | AB59: 1 | AD59: 1 | AF59: 1 | AH59: Existe informe mensualiazido de reporte al area de comercializaciòn
B60: Seguimiento gasto de combustible zonas. | C60: Lider de Generación y distribución/ Apoyo ingeniero electricista | P60: 1 | R60: 1 | T60: 1 | V60: 1 | X60: 1 | Z60: 1 | AB60: 1 | AD60: 1 | AF60: 1 | AH60: Se tiene informes con planillas de gasto de combustible.
B61: Actualización decision empresarial No 046 de 2016, Actualización circular externa No 001 de 2014. | C61: Lider de Generación y distribución/apoyo ingeniero electricista. | R61: 1 | AH61: No se ejecuto
B62: Desarrollar reunión de seguimiento del contrato de perdidas de energia | C62: Lider de Generación y distribución/ apoyo perdidas de energia. | P62: 1 | R62: 1 | T62: 1 | V62: 1 | X62: 1 | Z62: 1 | AB62: 1 | AD62: 1 | AF62: 1
B63: Realizar convenio con una empresa gestora para la disposición final de residuos y aparatos eléctrB62:B63icos y electrónicos RAEE, y disposición final de residuos peligrosos RESPEL. | C63: Lider de Generación y distribución/apoyo profesional ambiental. | X63: 1 | AH63: No se ha realizado.
B64: Integrar el plan de Gestion Integral de Residuos Solidos PGIRS al SIGC | C64: Lider de Generación y distribución/apoyo profesional ambiental. | P64: 1 | AH64: El plan existia, se esta ajustando al SIG
B65: Implementacion y seguimiento del Plan de Gestion Integral de Residuos Solidos | C65: Lider de Generación y distribución/apoyo profesional ambiental. | P65: 1 | R65: 1 | T65: 1 | V65: 1 | X65: 1 | Z65: 1 | AB65: 1 | AD65: 1 | AF65: 1
B66: Presentación de Informes semestrales al IPSE, Ministerio de Minas y energia de contratos especiales de aporte ( 147 de 2022, 148 de 2022, 043 de ,a especiales sobre la gestión de AOM ambiental respecto al RESPEL Y RAEE, | C66: Lider de Generación y distribución/apoyo ingeniero electricista/ apoyo profesional ambiental | V66: 1 | AH66: Se esta cumpliendo
B67: Reacondicionamiento y puesta punto los sistema de medicion para parques o granjas hibridos. | C67: Lider de Generación y distribución/ ingeniero apoyo electricista. | AH67: Los parques cuentan con mediciòn, en su totalidad, se realizo inversiones.
B68: Toma de lecturas en localidades con generación Diesel | C68: Lider Administrativo y Comercial | P68: 1 | V68: 1 | AB68: 1
B69: Realizar inspecciones aleatorias al contratista de perdidas de energia. | C69: Lider de Generación y distribución/ jefe operativo. | P69: 1 | R69: 1 | T69: 1 | V69: 1 | X69: 1 | Z69: 1 | AB69: 1 | AD69: 1 | AF69: 1 | AH69: Existe un informe de visita del area de redes.
B70: Formula el plan de operación de redes electricas de EMELCE S.A,.E.S.P. | C70: Lider de Generación y distribución/apoyo ingeniero elctricista. | P70: 1 | AH70: No se realizo.
B71: Desarrollo comité de gestión inirida | C71: Lider de Generación y distribución. -Lider administrativo y comercial. | R71: 1 | V71: 1 | Z71: 1 | AD71: 1 | AH71: No se cumplio.
B72: Desarrollo comité de gestión Barrancominas | C72: Lider de Generación y distribución. -Lider administrativo y comercial. | R72: 1 | V72: 1 | Z72: 1 | AD72: 1
B73: Desarrollo comité de gestión zonas rurales y dispersas. | C73: Lider de Generación y distribución. -Lider administrativo y comercial. | R73: 1 | V73: 1 | Z73: 1 | AD73: 1
B74: Realizar censo georreferenciado de usuarios conectados a transformadores con base de datos. | C74: Lider de generacion y distribucion/jefe de operatvo | P74: 1 | R74: 1 | T74: 1 | V74: 1 | X74: 1 | Z74: 1 | AB74: 1 | AD74: 1 | AF74: 1 | AH74: Existe base de datos.
B75: Realizar inspecciones por consumos anormales | C75: Lider de generacion y distribucion/jefe de operatvo | P75: 1 | R75: 1 | T75: 1 | V75: 1 | X75: 1 | Z75: 1 | AB75: 1 | AD75: 1 | AF75: 1 | AH75: Existe actas y base de datos de lo realizado
B76: Verificación y actualización de tarifas de los servicios adicionales, como reconexiones,instalación de medidores, nuevas conexiones. (DECISIÓN EMPRESARIAL No. AC 20253000000075) | C76: Lider de administrativo y comercial- Lider de Generación y Distribución/apoyo ingeniero electricista. | P76: 1
B77: Desarrollo comité de gestión de calidad. | C77: Lider Administrativo / Asesor | P77: 1 | R77: 1 | T77: 1 | V77: 1 | X77: 1 | Z77: 1 | AB77: 1 | AD77: 1 | AF77: 1
B78: Desarrollo comité de supervisión de contratos y convenios | C78: Secretaria Juridica. | P78: 1 | R78: 1 | T78: 1 | V78: 1 | X78: 1 | Z78: 1 | AB78: 1 | AD78: 1 | AF78: 1
B79: Promocionar la sensibilización sobre el uso racional de energia | C79: Lider de administrativo y comercial/Apoyo comunicaciones. | P79: 1 | R79: 1 | T79: 1 | V79: 1 | X79: 1 | Z79: 1 | AB79: 1 | AD79: 1 | AF79: 1
B80: Evaluar la calidad del servicio a traves de las encuestas de satisfacción. | C80: Lider de administrativo y comercial/ jefe de facturación. | T80: 1 | AH80: Se ejecuto en octubre, existe un informe.
B81: Generar informe de consumos anormales y dirigir al area operativa | C81: Lider administrativo y comercial /jefe de facturación. | P81: 1 | R81: 1 | T81: 1 | V81: 1 | X81: 1 | Z81: 1 | AB81: 1 | AD81: 1 | AF81: 1
B82: Difundir y promocionar el uso Atención y orientación a los ciudadanos a través de las líneas de atención al usuario y medios de comunicación disponibles en redes sociales y web. | C82: Lider de administrativo y comercial/Apoyo comunicaciones. | P82: 1 | R82: 1 | T82: 1 | V82: 1 | X82: 1 | Z82: 1 | AB82: 1 | AD82: 1 | AF82: 1
B83: Normalización de acometidas para suscriptores de Barrancominas | C83: Lider de Generación y Distribución/ Lider sede Barrancominas | P83: 1 | R83: 1 | T83: 1 | V83: 1 | X83: 1 | Z83: 1 | AB83: 1 | AD83: 1 | AF83: 1 | AH83: Se han realizado 78 normalizaciones.
B84: Actualizar los invententarios del archivo central | C84: Lider de administrativo y comercial/ gestión documental. | P84: 1 | R84: 1 | T84: 1 | V84: 1 | X84: 1 | Z84: 1 | AB84: 1 | AD84: 1 | AF84: 1 | AH84: Se viene realizando, falta un infome mensualizado.
B85: Revisar y actualizar el manual de funciones. | C85: Lider de administrativo y comercial. | T85: 1 | AH85: Esta actualizado y cargado a la plataforma SIG
B86: Actualizar el manual de procedimientos | C86: Lider de administrativo y comercial. | P86: 1 | R86: 1 | T86: 1 | V86: 1 | X86: 1 | Z86: 1 | AB86: 1 | AD86: 1 | AF86: 1 | AH86: Ojo existe un manual de procedimientos aparte del los procedimeintos del SIG.
B87: Integrar al SIGC el sistema de gestión documental. | C87: Lider de administrativo y comercial. | P87: 1 | AH87: Revisar el plan de gestiòn documental, preguntar por el , no se tiene evidencias.
B88: Crear los procedimientos del sistema de gestión documental de acuerdo a los lineamientos del archivo general de la nación. | C88: Lider de administrativo y comercial/gestión documental. | P88: 1 | R88: 1 | T88: 1 | V88: 1 | X88: 1 | Z88: 1 | AB88: 1 | AD88: 1 | AF88: 1 | AH88: Existen dos procedimientos en el SIG
B89: Crear e integrar al SIGC el manual de almacen. | C89: Lider de administrativo y comercial/ Almacenista. | R89: 1 | AH89: No se ha presentado.
B90: Realizar inspecciones locativas y elementos de protección personal. | C90: Lider de administrativo y comercial/ apoyo SST | P90: 1 | R90: 1 | T90: 1 | V90: 1 | X90: 1 | Z90: 1 | AB90: 1 | AD90: 1 | AF90: 1 | AH90: Existen informes
B91: Crear el procedimiento de calculo de la estructura tarifaria. | C91: Lider de administrativo y comercial/jefe de facturación. | R91: 1 | AH91: No se ha creado.
B92: Promocionar la mejora de la imagen de la empresa e implementar un plan de publicidad a traves de diferentes medios posicionando las marcas de la Empresa. | C92: Lider de administrativo y comercial/Apoyo comunicaciones. | P92: 1 | R92: 1 | T92: 1 | V92: 1 | X92: 1 | Z92: 1 | AB92: 1 | AD92: 1 | AF92: 1
B93: Formular el plan de responsabilidad social empresarial, de acuerdo a la naturaleza de EMELCE S.A.,E.S.P. | C93: Lider de administrativo y comercial/apoyo SST | T93: 1 | AH93: No se ha realizado.
B94: Diseñar y ejecutar campaña de los derechos y deberes de los usuarios | C94: Lider de administrativo y comercial/apoyo comunicaciones . | P94: 1 | R94: 1 | T94: 1 | V94: 1 | X94: 1 | Z94: 1 | AB94: 1 | AD94: 1 | AF94: 1
B95: Ejecutar el plan de comunicaciones de EMELCE S.A.,E.S.P. | C95: Lider de administrativo y comercial/apoyo comunicaciones . | P95: 1 | R95: 1 | T95: 1 | V95: 1 | X95: 1 | Z95: 1 | AB95: 1 | AD95: 1 | AF95: 1
B96: Documentar el procedimiento de recepcion y trámites de fallas del servicio reportadas por el usuario. | C96: Lider de administrativo y comercial. | P96: 1
B97: Generar el mapa de la georeferenciación de los suscriptores del mercado de Inirida . | C97: Lider de administrativo y comercialv / Lider Generación y Distribución | R97: 1
B98: Calcular mensualmente el indice de perdidas de energia de acuerdo con la normatividad que aplica para la empresa. | C98: Lider administrativo y comercial /jefe de facturación. | P98: 1 | R98: 1 | T98: 1 | V98: 1 | X98: 1 | Z98: 1 | AB98: 1 | AD98: 1 | AF98: 1 | AH98: Se ejecuto esta actividad, sin embargo se debe cargar a la web.
B99: Realizar mensualmente la publicación de las Tarifas (firma) a todos los grupos de interés a traves de los canales de la empresa. | C99: Lider de administrativo y comercial/jefe de facturación. | P99: 1 | R99: 1 | T99: 1 | V99: 1 | X99: 1 | Z99: 1 | AB99: 1 | AD99: 1 | AF99: 1
B100: Proporcionar información adicional al usuario, sobre el uso eficiente de la energia entre otros, en el reverso de las facturas. | C100: Lider de administrativo y comercial/jefe de facturación/apoyo comunicaciones. | P100: 1 | R100: 1 | T100: 1 | V100: 1 | X100: 1 | Z100: 1 | AB100: 1 | AD100: 1 | AF100: 1
B101: Generar mapa de Georeferenciacion de los suscriptores en Barrancominas | C101: Lider administrativo y comercial. / Lider Generación y Distribución | R101: 1
B102: Capacitación a funcionarios de Barrancominas en PQR | C102: Lider administrativo y comercial. | T102: 1 | AH102: Se tiene levidencia de la capacitaciòn.
B103: Capacitación a funcionarios de Inirida en PQR | C103: Lider administrativo y comercial. | R103: 1
B104: Seguimiento al cargue información de acuerdo a la matriz de reportes de EMELCE ( Entes de Control, vigilancia y entidades de Orden Nacional) | C104: Control Interno | P104: 1 | R104: 1 | T104: 1 | V104: 1 | X104: 1 | Z104: 1 | AB104: 1 | AD104: 1 | AF104: 1 | AH104: Se cargo de manera extemporanea
B105: Cargue, envío y/o rendición de la información de matriz de la reporte de EMELCE ( Entes de Control, vigilancia y entidades de Orden Nacional) | C105: Lider de administrativo y comercial. Lider Generación y Distribución Lider Financiera y Contable Secretaria Jurídica | P105: 1 | R105: 1 | T105: 1 | V105: 1 | X105: 1 | Z105: 1 | AB105: 1 | AD105: 1 | AF105: 1 | AH105: Se cargo de manera extemporanea
B106: Integrar al sistema de gestión integrado, un manual de procedimiento, protocolo, guia o instructivo detallado del CU (Costo Unitario de Prestación del Servicio) de los mercados de la empresa de Energía. | C106: Lider de administrativo y comercial/jefe de facturación. | T106: 1 | AH106: Se creo pero no esta integrado, integrarlo urgente.
...

Sheet 12. Proyección de ventas.
A1: Sistema Integrado de Gestión | C1: PLAN | AA1: Codigo: PL01-PR02-GGE
AA3: Versión: 01
C4: PLAN DE GESTIÓN Y RESULTADOS
AA5: Noviembre de 2024
B13: VENTA DE BIENES Y SERVICIOS | C13: {=SUM(C14:C34)} -> 2.8078971e+10
A14: 1.1.02.05.001.06.01 | B14: Venta de servicio de energia Inirida | C14: ='15. Flujo de caja '!O15 -> 2.15e+10
A15: 1.1.02.05.001.06.02 | B15: Venta de servicio de energia Barrancominas | C15: ='15. Flujo de caja '!O16 -> 9.79e+08
A16: 1.1.02.05.001.06.03 | B16: Venta de servicio de energia San Felipe | C16: ='15. Flujo de caja '!P17 -> 50000000
A17: 1.1.02.05.001.06.04 | B17: Instalaciones Nuevas Inirida | C17: ='15. Flujo de caja '!O27 -> 1.5e+08
A18: 1.1.02.05.001.06.05 | B18: Instalaciones Nuevas Barrancominas | C18: ='15. Flujo de caja '!O19 -> 6000000
A19: 1.1.02.05.001.06.07 | B19: Alumbrado Publico Inirida | C19: ='15. Flujo de caja '!O21 -> 1.0355574e+09
A20: 1.1.02.05.001.06.10 | B20: Reconexiones Inirida | C20: ='15. Flujo de caja '!O24 -> 1e+08
A21: 1.1.02.05.001.06.11 | B21: Reconexiones Barrancominas | C21: ='15. Flujo de caja '!O25 -> 2000000
A22: 1.1.02.05.001.06.12 | B22: Reconexiones San Felipe | C22: 0
A23: 1.1.02.05.001.06.13 | B23: Otros Servicios Inirida | C23: ='15. Flujo de caja '!O27 -> 1.5e+08
A24: 1.1.02.05.001.06.14 | B24: Otros Servicios Barrancominas | C24: ='15. Flujo de caja '!O28 -> 6000000
A25: 1.1.02.05.001.06.15 | B25: Otros Servicios San Felipe | C25: 0
A26: 1.1.02.05.001.07 | B26: PARQUES | C26: ='15. Flujo de caja '!O30 -> 83186109
A27: 1.1.02.05.001.08 | B27: DISEL | C27: ='15. Flujo de caja '!O38 -> 10227095
A28: 1.1.02.05.001.09 | B28: SISFV | C28: ='15. Flujo de caja '!O51 -> 54000000
A29: 1.1.02.05.001.10.01 | B29: Rec X Comision Crediemelce | C29: {='15. Flujo de caja '!O54:O59} -> 1.21e+08
A30: 1.1.02.05.001.10.02 | B30: Rec X Alquiler Postes | C30: 42000000
A31: 1.1.02.05.001.10.03 | B31: S Prest Prog Crediemelce Iniri | C31: 3.5e+09
A32: 1.1.02.05.001.10.04 | B32: S Prest Prog Crediemelce Bmina | C32: 40000000
A33: 1.1.02.05.001.10.05 | B33: Recaudo Comision Convenio Apc | C33: 1.5e+08
A34: 1.1.02.05.001.10.06 | B34: Rec X Prestamos A Accionistas | C34: 1e+08

Sheet 13. Presupuesto ingresos
A1: Sistema Integrado de Gestión | C1: PLAN | AA1: Codigo: PL01-PR02-GGE
AA3: Versión: 01
C4: PLAN DE GESTIÓN Y RESULTADOS
AA5: Noviembre de 2024
D13: Código Presupuestal | E13: Presupuesto Inicial | F13: Adicion Periodo | G13: Deducci Periodo | H13: Adic/Redu Acumulada | I13: Presupuesto Definitivo | J13: Recaudo Periodo | K13: Recaudo Acumulado | L13: Porc Ejec | M13: Saldo por Recaudar
D14: 1 INGRESOS | E14: =+E15+E94 -> 60687426462 | F14: =+F15+F94 -> 0 | G14: =+G15+G94 -> 0 | H14: =+H15+H94 -> 0 | I14: =+I15+I94 -> 60687426462 | J14: =+J15+J94 -> 4.0859543e+09 | K14: =+K15+K94 -> 4.0859543e+09 | L14: =+K14/M14 -> 0.072188128 | M14: =+M15+M94 -> 5.6601472e+10
D15: 1.1 INGRESOS CORRIENTES | E15: =+E16 -> 59586426462 | F15: =+F16 -> 0 | G15: =+G16 -> 0 | H15: =+H16 -> 0 | I15: =+I16 -> 59586426462 | J15: =+J16 -> 3.7260014e+09 | K15: =+K16 -> 3.7260014e+09 | L15: =+K15/M15 -> 0.066701988 | M15: =+M16 -> 5.5860425e+10
D16: 1.1.02 INGRESOS NO TRIBUTARIOS | E16: =+E17+E65 -> 59586426462 | F16: =+F17+F65 -> 0 | G16: =+G17+G65 -> 0 | H16: =+H17+H65 -> 0 | I16: =+I17+I65 -> 59586426462 | J16: =+J17+J65 -> 3.7260014e+09 | K16: =+K17+K65 -> 3.7260014e+09 | L16: =+K16/M16 -> 0.066701988 | M16: =+M17+M65 -> 5.5860425e+10
D17: 1.1.02.05 VENTA DE BIENES Y SERVICIOS | E17: =+E18 -> 28039909645 | F17: =+F18 -> 0 | G17: =+G18 -> 0 | H17: =+H18 -> 0 | I17: =+I18 -> 28039909645 | J17: =+J18 -> 3.7205773e+09 | K17: =+K18 -> 3.7205773e+09 | L17: =+K17/M17 -> 0.15298846 | M17: =+M18 -> 2.4319332e+10
D18: 1.1.02.05.001 VENTA ESTABLECIMIEN DE MERCADO | E18: =+E19+E35+E43+E56+E58 -> 28039909645 | F18: =+F19+F35+F43+F56+F58 -> 0 | G18: =+G19+G35+G43+G56+G58 -> 0 | H18: =+H19+H35+H43+H56+H58 -> 0 | I18: =+I19+I35+I43+I56+I58 -> 28039909645 | J18: =+J19+J35+J43+J56+J58 -> 3.7205773e+09 | K18: =+K19+K35+K43+K56+K58 -> 3.7205773e+09 | L18: =+K18/M18 -> 0.15298846 | M18: =+M19+M35+M43+M56+M58 -> 2.4319332e+10
D19: 1.1.02.05.001.06 DISTRIBUCION DE ELECTRICIDAD | E19: =SUM(E20:E34) -> 23939561441 | F19: =SUM(F20:F34) -> 0 | G19: =SUM(G20:G34) -> 0 | H19: =SUM(H20:H34) -> 0 | I19: =SUM(I20:I34) -> 23939561441 | J19: =SUM(J20:J34) -> 3011676439 | K19: =SUM(K20:K34) -> 3011676439 | L19: =+K19/M19 -> 0.14390735 | M19: =SUM(M20:M34) -> 20927885002
D20: 1.1.02.05.001.06.01 Rec Venta ServEnerg Inirida | E20: 21500000000 | F20: 0 | G20: 0 | H20: =+F20-G20 -> 0 | I20: =+E20+H20 -> 21500000000 | J20: 2656638031 | K20: =+J20 -> 2656638031 | L20: =+K20/M20 -> 0.14098535 | M20: =+I20-K20 -> 18843361969
D21: 1.1.02.05.001.06.02 Rec X Sev Bcominas Pque Hibrid | E21: 979000000 | F21: 0 | G21: 0 | H21: =+F21-G21 -> 0 | I21: =+E21+H21 -> 979000000 | J21: 164056187 | K21: =+J21 -> 164056187 | L21: =+K21/M21 -> 0.20130981 | M21: =+I21-K21 -> 814943813
D22: 1.1.02.05.001.06.03 Rec Venta ServEnerg San Felipe | E22: 50000000 | F22: 0 | G22: 0 | H22: =+F22-G22 -> 0 | I22: =+E22+H22 -> 50000000 | J22: 826860 | K22: =+J22 -> 826860 | L22: =+K22/M22 -> 0.016815278 | M22: =+I22-K22 -> 49173140
D23: 1.1.02.05.001.06.04 Rec Instalaci Nuevas Inirida | E23: 110000000 | F23: 0 | G23: 0 | H23: =+F23-G23 -> 0 | I23: =+E23+H23 -> 110000000 | J23: 25003199 | K23: =+J23 -> 25003199 | L23: =+K23/M23 -> 0.29416635 | M23: =+I23-K23 -> 84996801
D24: 1.1.02.05.001.06.05 Rec Instalaci Nuevas Bcominas | E24: 6000000 | F24: 0 | G24: 0 | H24: =+F24-G24 -> 0 | I24: =+E24+H24 -> 6000000 | J24: 681942 | K24: =+J24 -> 681942 | L24: =+K24/M24 -> 0.1282314 | M24: =+I24-K24 -> 5318058
D25: 1.1.02.05.001.06.06 Rec Instalaci Nuevas Sn Felipe | E25: 1000 | F25: 0 | G25: 0 | H25: =+F25-G25 -> 0 | I25: =+E25+H25 -> 1000 | J25: 0 | K25: =+J25 -> 0 | L25: =+K25/M25 -> 0 | M25: =+I25-K25 -> 1000
D26: 1.1.02.05.001.06.07 RecXVenta Alumbr Publi Inírida | E26: 1035557441 | F26: 0 | G26: 0 | H26: =+F26-G26 -> 0 | I26: =+E26+H26 -> 1035557441 | J26: 81175620 | K26: =+J26 -> 81175620 | L26: =+K26/M26 -> 0.085055706 | M26: =+I26-K26 -> 954381821
D27: 1.1.02.05.001.06.08 RecXVenta Alumb Publi Bcominas | E27: 1000 | F27: 0 | G27: 0 | H27: =+F27-G27 -> 0 | I27: =+E27+H27 -> 1000 | J27: 0 | K27: =+J27 -> 0 | L27: =+K27/M27 -> 0 | M27: =+I27-K27 -> 1000
D28: 1.1.02.05.001.06.09 RecXVenta Alumb Publi SnFelipe | E28: 1000 | F28: 0 | G28: 0 | H28: =+F28-G28 -> 0 | I28: =+E28+H28 -> 1000 | J28: 0 | K28: =+J28 -> 0 | L28: =+K28/M28 -> 0 | M28: =+I28-K28 -> 1000
D29: 1.1.02.05.001.06.10 RecX Reconexiones Inírida | E29: 100000000 | F29: 0 | G29: 0 | H29: =+F29-G29 -> 0 | I29: =+E29+H29 -> 100000000 | J29: 4817200 | K29: =+J29 -> 4817200 | L29: =+K29/M29 -> 0.050609984 | M29: =+I29-K29 -> 95182800
D30: 1.1.02.05.001.06.11 RecX Reconexiones Bcominas | E30: 2000000 | F30: 0 | G30: 0 | H30: =+F30-G30 -> 0 | I30: =+E30+H30 -> 2000000 | J30: 144000 | K30: =+J30 -> 144000 | L30: =+K30/M30 -> 0.077586207 | M30: =+I30-K30 -> 1856000
D31: 1.1.02.05.001.06.12 RecX Reconexiones San Felipe | E31: 1000 | F31: 0 | G31: 0 | H31: =+F31-G31 -> 0 | I31: =+E31+H31 -> 1000 | J31: 0 | K31: =+J31 -> 0 | L31: =+K31/M31 -> 0 | M31: =+I31-K31 -> 1000
... D34: 1.1.02.05.001.06.15 RecX Otros ServEnerg Sn Felipe | E34: 1000000 | F34: 0 | G34: 0 | H34: =+F34-G34 -> 0 | I34: =+E34+H34 -> 1000000 | J34: 432121 | K34: =+J34 -> 432121 | L34: =+K34/M34 -> 0.76093851 | M34: =+I34-K34 -> 567879
D35: 1.1.02.05.001.07 PARQUES | E35: =SUM(E36:E42) -> 83121109 | F35: =SUM(F36:F42) -> 0 | G35: =SUM(G36:G42) -> 0 | H35: =SUM(H36:H42) -> 0 | I35: =SUM(I36:I42) -> 83121109 | J35: =SUM(J36:J42) -> 27407777 | K35: =SUM(K36:K42) -> 27407777 | L35: =+K35/M35 -> 0.49194288 | M35: =SUM(M36:M42) -> 55713332
D36: 1.1.02.05.001.0701 Rec X Servicios A Chatare | E36: 9250852 | F36: 0 | G36: 0 | H36: =+F36-G36 -> 0 | I36: =+E36+H36 -> 9250852 | J36: 0 | K36: =+J36 -> 0 | L36: =+K36/M36 -> 0 | M36: =+I36-K36 -> 9250852
D37: 1.1.02.05.001.0702 Rec X Serv A Carpintero | E37: 14285559 | F37: 0 | G37: 0 | H37: =+F37-G37 -> 0 | I37: =+E37+H37 -> 14285559 | J37: 1358500 | K37: =+J37 -> 1358500 | L37: =+K37/M37 -> 0.10508964 | M37: =+I37-K37 -> 12927059
D38: 1.1.02.05.001.0703 Rec X Serv Lag.Colord_Pblo Nvo | E38: 6120000 | F38: 0 | G38: 0 | H38: =+F38-G38 -> 0 | I38: =+E38+H38 -> 6120000 | J38: 6185000 | K38: =+J38 -> 6185000 | L38: =+K38/M38 -> -95.153846 | M38: =+I38-K38 -> -65000
D39: 1.1.02.05.001.0704 Rec X Serv Caranacoa | E39: 13625415 | F39: 0 | G39: 0 | H39: =+F39-G39 -> 0 | I39: =+E39+H39 -> 13625415 | J39: 753111 | K39: =+J39 -> 753111 | L39: =+K39/M39 -> 0.058506309 | M39: =+I39-K39 -> 12872304
D40: 1.1.02.05.001.0705 Rec X Serv Remanso | E40: 12557702 | F40: 0 | G40: 0 | H40: =+F40-G40 -> 0 | I40: =+E40+H40 -> 12557702 | J40: 7517885 | K40: =+J40 -> 7517885 | L40: =+K40/M40 -> 1.491698 | M40: =+I40-K40 -> 5039817
D41: 1.1.02.05.001.0706 Rec X Serv Venado | E41: 12887581 | F41: 0 | G41: 0 | H41: =+F41-G41 -> 0 | I41: =+E41+H41 -> 12887581 | J41: 2136481 | K41: =+J41 -> 2136481 | L41: =+K41/M41 -> 0.19872208 | M41: =+I41-K41 -> 10751100
D42: 1.1.02.05.001.0707 Rec X Serv Chorrobocon | E42: 14394000 | F42: 0 | G42: 0 | H42: =+F42-G42 -> 0 | I42: =+E42+H42 -> 14394000 | J42: 9456800 | K42: =+J42 -> 9456800 | L42: =+K42/M42 -> 1.9154176 | M42: =+I42-K42 -> 4937200
D43: 1.1.02.05.001.08 DISEL | E43: =SUM(E44:E55) -> 10227095 | F43: =SUM(F44:F55) -> 0 | G43: =SUM(G44:G55) -> 0 | H43: =SUM(H44:H55) -> 0 | I43: =SUM(I44:I55) -> 10227095 | J43: =SUM(J44:J55) -> 0 | K43: =SUM(K44:K55) -> 0 | L43: =+K43/M43 -> 0 | M43: =SUM(M44:M55) -> 10227095
D44: 1.1.02.05.001.0801 Rec X Serv Prest A Cacahual | E44: 1725533 | F44: 0 | G44: 0 | H44: =+F44-G44 -> 0 | I44: =+E44+H44 -> 1725533 | J44: 0 | K44: =+J44 -> 0 | L44: =+K44/M44 -> 0 | M44: =+I44-K44 -> 1725533
D45: 1.1.02.05.001.0802 Rec X Serv Prest A Chaquita | E45: 1308235 | F45: 0 | G45: 0 | H45: =+F45-G45 -> 0 | I45: =+E45+H45 -> 1308235 | J45: 0 | K45: =+J45 -> 0 | L45: =+K45/M45 -> 0 | M45: =+I45-K45 -> 1308235
D46: 1.1.02.05.001.0803 Rec X Serv Prest A Merey | E46: 562283 | F46: 0 | G46: 0 | H46: =+F46-G46 -> 0 | I46: =+E46+H46 -> 562283 | J46: 0 | K46: =+J46 -> 0 | L46: =+K46/M46 -> 0 | M46: =+I46-K46 -> 562283
D47: 1.1.02.05.001.0804 Rec X Serv Prest A Pato Corona | E47: 308799 | F47: 0 | G47: 0 | H47: =+F47-G47 -> 0 | I47: =+E47+H47 -> 308799 | J47: 0 | K47: =+J47 -> 0 | L47: =+K47/M47 -> 0 | M47: =+I47-K47 -> 308799
D48: 1.1.02.05.001.0805 Rec X Serv Prest A Playa Blanca | E48: 191372 | F48: 0 | G48: 0 | H48: =+F48-G48 -> 0 | I48: =+E48+H48 -> 191372 | J48: 0 | K48: =+J48 -> 0 | L48: =+K48/M48 -> 0 | M48: =+I48-K48 -> 191372
D49: 1.1.02.05.001.0806 Rec X Serv Prest A Guayabal | E49: 141578 | F49: 0 | G49: 0 | H49: =+F49-G49 -> 0 | I49: =+E49+H49 -> 141578 | J49: 0 | K49: =+J49 -> 0 | L49: =+K49/M49 -> 0 | M49: =+I49-K49 -> 141578
D50: 1.1.02.05.001.0807 Rec X Serv Prest A Caño Raya | E50: 419867 | F50: 0 | G50: 0 | H50: =+F50-G50 -> 0 | I50: =+E50+H50 -> 419867 | J50: 0 | K50: =+J50 -> 0 | L50: =+K50/M50 -> 0 | M50: =+I50-K50 -> 419867
D51: 1.1.02.05.001.0808 Rec X Serv Prest A Pto Colombia | E51: 4934861 | F51: 0 | G51: 0 | H51: =+F51-G51 -> 0 | I51: =+E51+H51 -> 4934861 | J51: 0 | K51: =+J51 -> 0 | L51: =+K51/M51 -> 0 | M51: =+I51-K51 -> 4934861
D52: 1.1.02.05.001.0809 Rec X Serv Prest A Sardina Bagre | E52: 14530 | F52: 0 | G52: 0 | H52: =+F52-G52 -> 0 | I52: =+E52+H52 -> 14530 | J52: 0 | K52: =+J52 -> 0 | L52: =+K52/M52 -> 0 | M52: =+I52-K52 -> 14530
D53: 1.1.02.05.001.0810 Rec X Serv Prest A Laguna Cumaral | E53: 4696 | F53: 0 | G53: 0 | H53: =+F53-G53 -> 0 | I53: =+E53+H53 -> 4696 | J53: 0 | K53: =+J53 -> 0 | L53: =+K53/M53 -> 0 | M53: =+I53-K53 -> 4696
D54: 1.1.02.05.001.0811 Rec X Serv Prest A San Juan | E54: 237262 | F54: 0 | G54: 0 | H54: =+F54-G54 -> 0 | I54: =+E54+H54 -> 237262 | J54: 0 | K54: =+J54 -> 0 | L54: =+K54/M54 -> 0 | M54: =+I54-K54 -> 237262
D55: 1.1.02.05.001.0812 Rec X Serv Prest A Zancudo | E55: 378079 | F55: 0 | G55: 0 | H55: =+F55-G55 -> 0 | I55: =+E55+H55 -> 378079 | J55: 0 | K55: =+J55 -> 0 | L55: =+K55/M55 -> 0 | M55: =+I55-K55 -> 378079
D56: 1.1.02.05.001.09 SISFV | E56: =+E57 -> 54000000 | F56: =+F57 -> 0 | G56: =+G57 -> 0 | H56: =+H57 -> 0 | I56: =+I57 -> 54000000 | J56: =+J57 -> 4896922 | K56: =+K57 -> 4896922 | L56: =+K56/M56 -> 0.099727394 | M56: =+M57 -> 49103078
D57: 1.1.02.05.001.09.01 Rec X Serv Prest SISTFV_IDA | E57: 54000000 | F57: 0 | G57: 0 | H57: =+F57-G57 -> 0 | I57: =+E57+H57 -> 54000000 | J57: 4896922 | K57: =+J57 -> 4896922 | L57: =+K57/M57 -> 0.099727394 | M57: =+I57-K57 -> 49103078
D58: 1.1.02.05.001.10 SER FINANC Y CONEXOS | E58: =SUM(E59:E64) -> 3953000000 | F58: =SUM(F59:F64) -> 0 | G58: =SUM(G59:G64) -> 0 | H58: =SUM(H59:H64) -> 0 | I58: =SUM(I59:I64) -> 3953000000 | J58: =SUM(J59:J64) -> 6.7659615e+08 | K58: =SUM(K59:K64) -> 6.7659615e+08 | L58: =+K58/M58 -> 0.20650572 | M58: =SUM(M59:M64) -> 3.2764039e+09
D59: 1.1.02.05.001.10.01 Rec X Comision Crediemelce | E59: 121000000 | F59: 0 | G59: 0 | H59: =+F59-G59 -> 0 | I59: =+E59+H59 -> 121000000 | J59: 27417573 | K59: =+J59 -> 27417573 | L59: =+K59/M59 -> 0.29297779 | M59: =+I59-K59 -> 93582427
D60: 1.1.02.05.001.10.02 Rec X Alquiler Postes | E60: 42000000 | F60: 0 | G60: 0 | H60: =+F60-G60 -> 0 | I60: =+E60+H60 -> 42000000 | J60: 3977005 | K60: =+J60 -> 3977005 | L60: =+K60/M60 -> 0.10459473 | M60: =+I60-K60 -> 38022995
D61: 1.1.02.05.001.10.03 S Prest Prog Crediemelce Iniri | E61: 3500000000 | F61: 0 | G61: 0 | H61: =+F61-G61 -> 0 | I61: =+E61+H61 -> 3500000000 | J61: 607847825 | K61: =+J61 -> 607847825 | L61: =+K61/M61 -> 0.21017145 | M61: =+I61-K61 -> 2892152175
D62: 1.1.02.05.001.10.04 S Prest Prog Crediemelce Bmina | E62: 40000000 | F62: 0 | G62: 0 | H62: =+F62-G62 -> 0 | I62: =+E62+H62 -> 40000000 | J62: 6248418 | K62: =+J62 -> 6248418 | L62: =+K62/M62 -> 0.18512963 | M62: =+I62-K62 -> 33751582
D63: 1.1.02.05.001.10.05 Recaudo Comision Convenio Apc | E63: 150000000 | F63: 0 | G63: 0 | H63: =+F63-G63 -> 0 | I63: =+E63+H63 -> 150000000 | J63: 26863136 | K63: =+J63 -> 26863136 | L63: =+K63/M63 -> 0.21815673 | M63: =+I63-K63 -> 123136864
D64: 1.1.02.05.001.10.06 Rec X Prestamos A Accionistas | E64: 100000000 | F64: 0 | G64: 0 | H64: =+F64-G64 -> 0 | I64: =+E64+H64 -> 100000000 | J64: 4242190 | K64: =+J64 -> 4242190 | L64: =+K64/M64 -> 0.044301243 | M64: =+I64-K64 -> 95757810
D65: 1.1.0.2.0.6 TRANSFERENCIAS CORRIENTES | E65: =+E66 -> 31546516817 | F65: =+F66 -> 0 | G65: =+G66 -> 0 | H65: =+H66 -> 0 | I65: =+I66 -> 31546516817 | J65: =+J66 -> 5424122 | K65: =+K66 -> 5424122 | L65: =+K65/M65 -> 0.00017197001 | M65: =+M66 -> 31541092695
D66: 1.1.02.06.006 TRANSF OTRAS ENT GOBIERNO GRAL | E66: =+E67+E71+E79+E92 -> 31546516817 | F66: =+F67+F71+F79+F92 -> 0 | G66: =+G67+G71+G79+G92 -> 0 | H66: =+H67+H71+H79+H92 -> 0 | I66: =+I67+I71+I79+I92 -> 31546516817 | J66: =+J67+J71+J79+J92 -> 5424122 | K66: =+K67+K71+K79+K92 -> 5424122 | L66: =+K66/M66 -> 0.00017197001 | M66: =+M67+M71+M79+M92 -> 31541092695
D67: 1.1.02.06.006.01 APORTE DE NA NACION | E67: =SUM(E68:E70) -> 28285113120 | F67: =SUM(F68:F70) -> 0 | G67: =SUM(G68:G70) -> 0 | H67: =SUM(H68:H70) -> 0 | I67: =SUM(I68:I70) -> 28285113120 | J67: =SUM(J68:J70) -> 0 | K67: =SUM(K68:K70) -> 0 | L67: =+K67/M67 -> 0 | M67: =SUM(M68:M70) -> 28285113120
D68: 1.1.02.06.006.01.01 Aport Sub Menor Tarifa Inirida | E68: 27000000000 | F68: 0 | G68: 0 | H68: =+F68-G68 -> 0 | I68: =+E68+H68 -> 27000000000 | J68: 0 | K68: =+J68 -> 0 | L68: =+K68/M68 -> 0 | M68: =+I68-K68 -> 27000000000
D69: 1.1.02.06.006.01.02 Aport Sub Menor Tarifa Bcomina | E69: 1235268825 | F69: 0 | G69: 0 | H69: =+F69-G69 -> 0 | I69: =+E69+H69 -> 1235268825 | J69: 0 | K69: =+J69 -> 0 | L69: =+K69/M69 -> 0 | M69: =+I69-K69 -> 1235268825
D70: 1.1.02.06.006.01.03 Apor Sub Menor Tarifa San Feli | E70: 49844295 | F70: 0 | G70: 0 | H70: =+F70-G70 -> 0 | I70: =+E70+H70 -> 49844295 | J70: 0 | K70: =+J70 -> 0 | L70: =+K70/M70 -> 0 | M70: =+I70-K70 -> 49844295
D71: 1.1.02.06.006.01.04 APORTE SUBSIDIOS PARQUES SOLAR | E71: =SUM(E72:E78) -> 144979410 | F71: =SUM(F72:F78) -> 0 | G71: =SUM(G72:G78) -> 0 | H71: =SUM(H72:H78) -> 0 | I71: =SUM(I72:I78) -> 144979410 | J71: =SUM(J72:J78) -> 1673822 | K71: =SUM(K72:K78) -> 1673822 | L71: =+K71/M71 -> 0.011680089 | M71: =SUM(M72:M78) -> 143305588
D72: 1.1.02.06.006.01.04.01 Sub X Servicios A Chatare | E72: 15420000 | F72: 0 | G72: 0 | H72: =+F72-G72 -> 0 | I72: =+E72+H72 -> 15420000 | J72: 0 | K72: =+J72 -> 0 | L72: =+K72/M72 -> 0 | M72: =+I72-K72 -> 15420000
D73: 1.1.02.06.006.01.04.02 Sub X Servicios A Carpintero | E73: 23803901 | F73: 0 | G73: 0 | H73: =+F73-G73 -> 0 | I73: =+E73+H73 -> 23803901 | J73: 0 | K73: =+J73 -> 0 | L73: =+K73/M73 -> 0 | M73: =+I73-K73 -> 23803901
D74: 1.1.02.06.006.01.04.03 Sub X Serv A Laguna Colorada P | E74: 12102246 | F74: 0 | G74: 0 | H74: =+F74-G74 -> 0 | I74: =+E74+H74 -> 12102246 | J74: 0 | K74: =+J74 -> 0 | L74: =+K74/M74 -> 0 | M74: =+I74-K74 -> 12102246
D75: 1.1.02.06.006.01.04.04 Sub X Servicios A Caranacoa | E75: 21359794 | F75: 0 | G75: 0 | H75: =+F75-G75 -> 0 | I75: =+E75+H75 -> 21359794 | J75: 1673822 | K75: =+J75 -> 1673822 | L75: =+K75/M75 -> 0.085026129 | M75: =+I75-K75 -> 19685972
D76: 1.1.02.06.006.01.04.05 Sub X Servicio A Remanso | E76: 17597266 | F76: 0 | G76: 0 | H76: =+F76-G76 -> 0 | I76: =+E76+H76 -> 17597266 | J76: 0 | K76: =+J76 -> 0 | L76: =+K76/M76 -> 0 | M76: =+I76-K76 -> 17597266
D77: 1.1.02.06.006.01.04.06 Sub X Servicio A Venado | E77: 21257440 | F77: 0 | G77: 0 | H77: =+F77-G77 -> 0 | I77: =+E77+H77 -> 21257440 | J77: 0 | K77: =+J77 -> 0 | L77: =+K77/M77 -> 0 | M77: =+I77-K77 -> 21257440
D78: 1.1.02.06.006.01.04.07 Sub X Servicio A Chorrobocon P | E78: 33438763 | F78: 0 | G78: 0 | H78: =+F78-G78 -> 0 | I78: =+E78+H78 -> 33438763 | J78: 0 | K78: =+J78 -> 0 | L78: =+K78/M78 -> 0 | M78: =+I78-K78 -> 33438763
D79: 1.1.02.06.006.01.05 APORTE SUBSIDIO DIESEL | E79: =SUM(E80:E91) -> 37334538 | F79: =SUM(F80:F91) -> 0 | G79: =SUM(G80:G91) -> 0 | H79: =SUM(H80:H91) -> 0 | I79: =SUM(I80:I91) -> 37334538 | J79: =SUM(J80:J91) -> 0 | K79: =SUM(K80:K91) -> 0 | L79: =+K79/M79 -> 0 | M79: =SUM(M80:M91) -> 37334538
D80: 1.1.02.06.006.01.05.01 Sub X Servicios A Cacahual | E80: 6337788 | F80: 0 | G80: 0 | H80: =+F80-G80 -> 0 | I80: =+E80+H80 -> 6337788 | J80: 0 | K80: =+J80 -> 0 | L80: =+K80/M80 -> 0 | M80: =+I80-K80 -> 6337788
D81: 1.1.02.06.006.01.05.02 Sub X Servicios A Chaquita | E81: 4828617 | F81: 0 | G81: 0 | H81: =+F81-G81 -> 0 | I81: =+E81+H81 -> 4828617 | J81: 0 | K81: =+J81 -> 0 | L81: =+K81/M81 -> 0 | M81: =+I81-K81 -> 4828617
D82: 1.1.02.06.006.01.05.03 Sub X Servicios A Merey | E82: 2061248 | F82: 0 | G82: 0 | H82: =+F82-G82 -> 0 | I82: =+E82+H82 -> 2061248 | J82: 0 | K82: =+J82 -> 0 | L82: =+K82/M82 -> 0 | M82: =+I82-K82 -> 2061248
D83: 1.1.02.06.006.01.05.04 Sub X Servicios A Pato Corona | E83: 1131196 | F83: 0 | G83: 0 | H83: =+F83-G83 -> 0 | I83: =+E83+H83 -> 1131196 | J83: 0 | K83: =+J83 -> 0 | L83: =+K83/M83 -> 0 | M83: =+I83-K83 -> 1131196
D84: 1.1.02.06.006.01.05.05 Sub X Servicios A Playa Blanca | E84: 701342 | F84: 0 | G84: 0 | H84: =+F84-G84 -> 0 | I84: =+E84+H84 -> 701342 | J84: 0 | K84: =+J84 -> 0 | L84: =+K84/M84 -> 0 | M84: =+I84-K84 -> 701342
D85: 1.1.02.06.006.01.05.06 Sub X Servicios A Guayabal | E85: 520676 | F85: 0 | G85: 0 | H85: =+F85-G85 -> 0 | I85: =+E85+H85 -> 520676 | J85: 0 | K85: =+J85 -> 0 | L85: =+K85/M85 -> 0 | M85: =+I85-K85 -> 520676
D86: 1.1.02.06.006.01.05.07 Sub X Servicios A Caño Raya | E86: 1530677 | F86: 0 | G86: 0 | H86: =+F86-G86 -> 0 | I86: =+E86+H86 -> 1530677 | J86: 0 | K86: =+J86 -> 0 | L86: =+K86/M86 -> 0 | M86: =+I86-K86 -> 1530677
D87: 1.1.02.06.006.01.05.08 Sub X Servicios A Pto Colombia | E87: 17916571 | F87: 0 | G87: 0 | H87: =+F87-G87 -> 0 | I87: =+E87+H87 -> 17916571 | J87: 0 | K87: =+J87 -> 0 | L87: =+K87/M87 -> 0 | M87: =+I87-K87 -> 17916571
D88: 1.1.02.06.006.01.05.09 Sub X Servicios A Sardina Bagre | E88: 54825 | F88: 0 | G88: 0 | H88: =+F88-G88 -> 0 | I88: =+E88+H88 -> 54825 | J88: 0 | K88: =+J88 -> 0 | L88: =+K88/M88 -> 0 | M88: =+I88-K88 -> 54825
D89: 1.1.02.06.006.01.05.10 Sub X Servicios A Laguna Cumaral | E89: 17842 | F89: 0 | G89: 0 | H89: =+F89-G89 -> 0 | I89: =+E89+H89 -> 17842 | J89: 0 | K89: =+J89 -> 0 | L89: =+K89/M89 -> 0 | M89: =+I89-K89 -> 17842
D90: 1.1.02.06.006.01.05.11 Sub X Servicios A San Juan | E90: 865511 | F90: 0 | G90: 0 | H90: =+F90-G90 -> 0 | I90: =+E90+H90 -> 865511 | J90: 0 | K90: =+J90 -> 0 | L90: =+K90/M90 -> 0 | M90: =+I90-K90 -> 865511
D91: 1.1.02.06.006.01.05.12 Sub X Servicios A Zancudo | E91: 1368245 | F91: 0 | G91: 0 | H91: =+F91-G91 -> 0 | I91: =+E91+H91 -> 1368245 | J91: 0 | K91: =+J91 -> 0 | L91: =+K91/M91 -> 0 | M91: =+I91-K91 -> 1368245
D92: 1.1.02.06.006.01.06 APORTE SUBSIDIO SISFV | E92: =+E93 -> 3079089749 | F92: =+F93 -> 0 | G92: =+G93 -> 0 | H92: =+H93 -> 0 | I92: =+I93 -> 3079089749 | J92: =+J93 -> 3750300 | K92: =+K93 -> 3750300 | L92: =+K92/M92 -> 0.0012194751 | M92: =+M93 -> 3075339449
D93: 1.1.02.06.006.01.06.01 Sub X Servicio Sisfv | E93: 3079089749 | F93: 0 | G93: 0 | H93: =+F93-G93 -> 0 | I93: =+E93+H93 -> 3079089749 | J93: 3750300 | K93: =+J93 -> 3750300 | L93: =+K93/M93 -> 0.0012194751 | M93: =+I93-K93 -> 3075339449
D94: 1.2 RECURSO DE CAPITAL | E94: =+E95+E97 -> 1101000000 | F94: =+F95+F97 -> 0 | G94: =+G95+G97 -> 0 | H94: =+H95+H97 -> 0 | I94: =+I95+I97 -> 1101000000 | J94: =+J95+J97 -> 359952907 | K94: =+K95+K97 -> 359952907 | L94: =+K94/M94 -> 0.48573554 | M94: =+M95+M97 -> 741047093
D95: 1.2.05 RENDIMIENTOS FINANCIEROS | E95: =+E96 -> 200000000 | F95: =+F96 -> 0 | G95: =+G96 -> 0 | H95: =+H96 -> 0 | I95: =+I96 -> 200000000 | J95: =+J96 -> 0 | K95: =+K96 -> 0 | L95: =+K95/M95 -> 0 | M95: =+M96 -> 200000000
D96: 1.2.05.02 Depositos Ctas.bancarias | E96: 200000000 | F96: 0 | G96: 0 | H96: =+F96-G96 -> 0 | I96: =+E96+H96 -> 200000000 | J96: 0 | K96: =+J96 -> 0 | L96: =+K96/M96 -> 0 | M96: =+I96-K96 -> 200000000
D97: 1.2.09 RECUPERACION DE CARTERA | E97: =+E98 -> 901000000 | F97: =+F98 -> 0 | G97: =+G98 -> 0 | H97: =+H98 -> 0 | I97: =+I98 -> 901000000 | J97: =+J98 -> 359952907 | K97: =+K98 -> 359952907 | L97: =+K97/M97 -> 0.66528942 | M97: =+M98 -> 541047093
D98: 1.2.09.03 PERSONAS NATURALES | E98: =SUM(E99:E101) -> 901000000 | F98: =SUM(F99:F101) -> 0 | G98: =SUM(G99:G101) -> 0 | H98: =SUM(H99:H101) -> 0 | I98: =SUM(I99:I101) -> 901000000 | J98: =SUM(J99:J101) -> 359952907 | K98: =SUM(K99:K101) -> 359952907 | L98: =+K98/M98 -> 0.66528942 | M98: =SUM(M99:M101) -> 541047093
D99: 1.2.09.03.01 Recuperacion Cartera Inirida | E99: 800000000 | F99: 0 | G99: 0 | H99: =+F99-G99 -> 0 | I99: =+E99+H99 -> 800000000 | J99: 329319766 | K99: =+J99 -> 329319766 | L99: =+K99/M99 -> 0.69966772 | M99: =+I99-K99 -> 470680234
D100: 1.2.09.03.02 Recuperacion Cartera Bcominas | E100: 50000000 | F100: 0 | G100: 0 | H100: =+F100-G100 -> 0 | I100: =+E100+H100 -> 50000000 | J100: 27023210 | K100: =+J100 -> 27023210 | L100: =+K100/M100 -> 1.176109 | M100: =+I100-K100 -> 22976790
D101: 1.2.09.03.03 Recuperacion Cartera Sn Felipe | E101: 51000000 | F101: 0 | G101: 0 | H101: =+F101-G101 -> 0 | I101: =+E101+H101 -> 51000000 | J101: 3609931 | K101: =+J101 -> 3609931 | L101: =+K101/M101 -> 0.076174842 | M101: =+I101-K101 -> 47390069

Sheet 14. presupuesto gastos
A1: 14. Presupuesto de gastos.
A3: Rubro | B3: Presup Inicial | C3: Modifi Periodo' | D3: Modifi Acum | E3: Presup Defini | F3: Giros Periodo | G3: Giros Acum | H3: Saldo Comp y CRP | I3: Total Ejecu | J3: % Ejec | K3: Presup x Ejecu | L3: Saldo de Disponib | M3: Saldo por Disponer
A4: 2 GASTOS | B4: =+B5+B138 -> 60687426462 | C4: =+C5+C138 -> 0 | D4: =+D5+D138 -> 0 | E4: =+E5+E138 -> 59787426462 | F4: =+F5+F138 -> 0 | G4: =+G5+G138 -> 0 | H4: =+H5+H138 -> 1.705262e+10 | I4: =+I5+I138 -> 1.6609643e+10 | K4: =+K5+K138 -> 4.3177784e+10 | L4: =+L5+L138 -> 0 | M4: =+M5+M138 -> 0
A5: 2.1 FUNCIONAMIENTO | B5: =+B6+B77+B127 -> 5.4562362e+10 | C5: =+C6+C77+C127 -> 0 | D5: =+D6+D77+D127 -> 0 | E5: =+E6+E77+E127 -> 5.3662362e+10 | F5: =+F6+F77+F127 -> 0 | G5: =+G6+G77+G127 -> 0 | H5: =+H6+H77+H127 -> 1.5630181e+10 | I5: =+I6+I77+I127 -> 1.5187204e+10 | K5: =+K6+K77+K127 -> 3.8475159e+10 | L5: =+L6+L77+L127 -> 0 | M5: =+M6+M77+M127 -> 0
A6: 2.1.1 GASTOS DE PERSONAL | B6: =+B7+B70 -> 2.8318885e+09 | C6: =+C7+C70 -> 0 | D6: =+D7+D70 -> 0 | E6: =+E7+E70 -> 2.8318885e+09 | F6: =+F7+F70 -> 0 | G6: =+G7+G70 -> 0 | H6: =+H7+H70 -> 5.1359716e+08 | I6: =+I7+I70 -> 5.1359716e+08 | K6: =+K7+K70 -> 2.3182913e+09 | L6: =+L7+L70 -> 0 | M6: =+M7+M70 -> 0
A7: 2.1.1.01 PLANTA DE PERSONAL PERMANENTE | B7: =+B8+B36+B55 -> 2.7440337e+09 | C7: =+C8+C36+C55 -> 0 | D7: =+D8+D36+D55 -> 0 | E7: =+E8+E36+E55 -> 2.7440337e+09 | F7: =+F8+F36+F55 -> 0 | G7: =+G8+G36+G55 -> 0 | H7: =+H8+H36+H55 -> 4.9710874e+08 | I7: =+I8+I36+I55 -> 4.9710874e+08 | K7: =+K8+K36+K55 -> 2.246925e+09 | L7: =+L8+L36+L55 -> 0 | M7: =+M8+M36+M55 -> 0
A8: 2.1.1.01.01 FACTOR CONSTITUTIVOS SALARIO | B8: =+B9 -> 2.0116945e+09 | C8: =+C9 -> 0 | D8: =+D9 -> 0 | E8: =+E9 -> 2.0116945e+09 | F8: =+F9 -> 0 | G8: =+G9 -> 0 | H8: =+H9 -> 402299386 | I8: =+I9 -> 402299386 | K8: =+K9 -> 1.6093951e+09 | L8: =+L9 -> 0 | M8: =+M9 -> 0
A9: 2.1.1.01.01.001 FACTORES SALARIALES COMUNES | B9: =+B10+B14+B17+B19+B23+B27 -> 2.0116945e+09 | C9: =+C10+C14+C17+C19+C23+C27 -> 0 | D9: =+D10+D14+D17+D19+D23+D27 -> 0 | E9: =+E10+E14+E17+E19+E23+E27 -> 2.0116945e+09 | F9: =+F10+F14+F17+F19+F23+F27 -> 0 | G9: =+G10+G14+G17+G19+G23+G27 -> 0 | H9: =+H10+H14+H17+H19+H23+H27 -> 402299386 | I9: =+I10+I14+I17+I19+I23+I27 -> 402299386 | K9: =+K10+K14+K17+K19+K23+K27 -> 1.6093951e+09 | L9: =+L10+L14+L17+L19+L23+L27 -> 0 | M9: =+M10+M14+M17+M19+M23+M27 -> 0
A10: 2.1.1.01.01.001.01 SUELDO BASICO | B10: =SUM(B11:B13) -> 1534999680 | C10: =SUM(C11:C13) -> 0 | D10: =SUM(D11:D13) -> 0 | E10: =SUM(E11:E13) -> 1534999680 | F10: =SUM(F11:F13) -> 0 | G10: =SUM(G11:G13) -> 0 | H10: =SUM(H11:H13) -> 346519757 | I10: =SUM(I11:I13) -> 346519757 | K10: =SUM(K11:K13) -> 1188479923 | L10: =SUM(L11:L13) -> 0 | M10: =SUM(M11:M13) -> 0
A11: 2.1.1.01.01.001.0101 Sueldo Personal Inirida | B11: 1333068000 | C11: 0 | D11: =+C11 -> 0 | E11: =+B11+D11 -> 1333068000 | G11: =+F11 -> 0 | H11: 309033924 | I11: =+H11 -> 309033924 | K11: =+E11-I11 -> 1024034076
A12: 2.1.1.01.01.001.0102 Sueldo Personal Bcominas | B12: 182964000 | C12: 0 | D12: 0 | E12: =+B12+D12 -> 182964000 | H12: 37485833 | I12: =+H12 -> 37485833 | K12: =+E12-I12 -> 145478167
A13: 2.1.1.01.01.001.0103 Sueldo Personal San Felipe | B13: 18967680 | C13: 0 | D13: 0 | E13: =+B13+D13 -> 18967680 | H13: 0 | I13: =+H13 -> 0 | K13: =+E13-I13 -> 18967680
A14: 2.1.1.01.01.001.02 HORAS EXTRAS DOMIN FESTI RECAR | B14: =SUM(B15:B16) -> 102000000 | C14: =SUM(C15:C16) -> 0 | D14: =SUM(D15:D16) -> 0 | E14: =SUM(E15:E16) -> 102000000 | F14: =SUM(F15:F16) -> 0 | G14: =SUM(G15:G16) -> 0 | H14: =SUM(H15:H16) -> 30030033 | I14: =SUM(I15:I16) -> 30030033 | K14: =SUM(K15:K16) -> 71969967 | L14: =SUM(L15:L16) -> 0 | M14: =SUM(M15:M16) -> 0
A15: 2.1.1.01.01.001.0201 H Extras-Domin-Festi-Recar Ida | B15: 66000000 | C15: 0 | D15: 0 | E15: =+B15+D15 -> 66000000 | H15: 15022700 | I15: =+H15 -> 15022700 | K15: =+E15-I15 -> 50977300
A16: 2.1.1.01.01.001.0202 H Extras-Domin-Festi-Rec Bacom | B16: 36000000 | C16: 0 | D16: 0 | E16: =+B16+D16 -> 36000000 | H16: 15007333 | I16: =+H16 -> 15007333 | K16: =+E16-I16 -> 20992667
A17: 2.1.1.01.01.001.03 GASTOS DE REPRESENTACION | B17: =+B18 -> 12000000 | C17: =+C18 -> 0 | D17: =+D18 -> 0 | E17: =+E18 -> 12000000 | F17: =+F18 -> 0 | G17: =+G18 -> 0 | H17: =+H18 -> 3000000 | I17: =+I18 -> 3000000 | K17: =+K18 -> 9000000 | L17: =+L18 -> 0 | M17: =+M18 -> 0
A18: 2.1.1.01.01.001.0301 Gastos Representacion Inirida | B18: 12000000 | C18: 0 | D18: 0 | E18: =+B18+D18 -> 12000000 | H18: 3000000 | I18: =+H18 -> 3000000 | K18: =+E18-I18 -> 9000000
A19: 2.1.1.01.01.001.05 AUXILIO DE TRANSPORTE | B19: =SUM(B20:B22) -> 89760000 | C19: =SUM(C20:C22) -> 0 | D19: =SUM(D20:D22) -> 0 | E19: =SUM(E20:E22) -> 89760000 | F19: =SUM(F20:F22) -> 0 | G19: =SUM(G20:G22) -> 0 | H19: =SUM(H20:H22) -> 17114600 | I19: =SUM(I20:I22) -> 17114600 | K19: =SUM(K20:K22) -> 72645400 | L19: =SUM(L20:L22) -> 0 | M19: =SUM(M20:M22) -> 0
A20: 2.1.1.01.01.001.0501 Auxilio Transport Fun.Inirida | B20: 79200000 | C20: 0 | D20: 0 | E20: =+B20+D20 -> 79200000 | H20: 15023000 | I20: =+H20 -> 15023000 | K20: =+E20-I20 -> 64177000
A21: 2.1.1.01.01.001.0502 Auxilio Transport Fun.Bcominas | B21: 7920000 | C21: 0 | D21: 0 | E21: =+B21+D21 -> 7920000 | H21: 2091600 | I21: =+H21 -> 2091600 | K21: =+E21-I21 -> 5828400
A22: 2.1.1.01.01.001.0503 Auxilio Transp Fun San Felipe | B22: 2640000 | C22: 0 | D22: 0 | E22: =+B22+D22 -> 2640000 | H22: 0 | I22: =+H22 -> 0 | K22: =+E22-I22 -> 2640000
A23: 2.1.1.01.01.001.06 PRIMA DE SERVICIO | B23: =SUM(B24:B26) -> 126803560 | C23: =SUM(C24:C26) -> 0 | D23: =SUM(D24:D26) -> 0 | E23: =SUM(E24:E26) -> 126803560 | F23: =SUM(F24:F26) -> 0 | G23: =SUM(G24:G26) -> 0 | H23: =SUM(H24:H26) -> 666900 | I23: =SUM(I24:I26) -> 666900 | K23: =SUM(K24:K26) -> 126136660 | L23: =SUM(L24:L26) -> 0 | M23: =SUM(M24:M26) -> 0
A24: 2.1.1.01.01.001.0601 Prima de Servicios Inirida | B24: 109659360 | C24: 0 | D24: 0 | E24: =+B24+D24 -> 109659360 | H24: 666900 | I24: =+H24 -> 666900 | K24: =+E24-I24 -> 108992460
A25: 2.1.1.01.01.001.0602 Prima de Servicios Bcominas | B25: 15247000 | C25: 0 | D25: 0 | E25: =+B25+D25 -> 15247000 | H25: 0 | I25: =+H25 -> 0 | K25: =+E25-I25 -> 15247000
A26: 2.1.1.01.01.001.0603 Prima de Servicios San Felipe | B26: 1897200 | C26: 0 | D26: 0 | E26: =+B26+D26 -> 1897200 | H26: 0 | I26: =+H26 -> 0 | K26: =+E26-I26 -> 1897200
A27: 2.1.1.01.01.001.08 PRESTACIONES SOCIALES | B27: =+B28+B32 -> 1.4613123e+08 | C27: =+C28+C32 -> 0 | D27: =+D28+D32 -> 0 | E27: =+E28+E32 -> 1.4613123e+08 | F27: =+F28+F32 -> 0 | G27: =+G28+G32 -> 0 | H27: =+H28+H32 -> 4968096 | I27: =+I28+I32 -> 4968096 | K27: =+K28+K32 -> 1.4116314e+08 | L27: =+L28+L32 -> 0 | M27: =+M28+M32 -> 0
A28: 2.1.1.01.01.001.08.01 PRIMA DE NAVIDAD | B28: =SUM(B29:B31) -> 66284673 | C28: =SUM(C29:C31) -> 0 | D28: =SUM(D29:D31) -> 0 | E28: =SUM(E29:E31) -> 66284673 | F28: =SUM(F29:F31) -> 0 | G28: =SUM(G29:G31) -> 0 | H28: =SUM(H29:H31) -> 333450 | I28: =SUM(I29:I31) -> 333450 | K28: =SUM(K29:K31) -> 65951223 | L28: =SUM(L29:L31) -> 0 | M28: =SUM(M29:M31) -> 0
A29: 2.1.1.01.01.001.08.0101 Prima Navidad Inirida | B29: 57143072 | C29: 0 | D29: 0 | E29: =+B29+D29 -> 57143072 | H29: 333450 | I29: =+H29 -> 333450 | K29: =+E29-I29 -> 56809622
A30: 2.1.1.01.01.001.08.0102 Prima Navidad Bcominas | B30: 8153475.9 | C30: 0 | D30: 0 | E30: =+B30+D30 -> 8153475.9 | H30: 0 | I30: =+H30 -> 0 | K30: =+E30-I30 -> 8153475.9
A31: 2.1.1.01.01.001.08.0103 Prima Navidad San Felipe | B31: 988125 | C31: 0 | D31: 0 | E31: =+B31+D31 -> 988125 | H31: 0 | I31: =+H31 -> 0 | K31: =+E31-I31 -> 988125
A32: 2.1.1.01.01.001.08.02 PRIMA DE VACACIONES | B32: =SUM(B33:B35) -> 79846561 | C32: =SUM(C33:C35) -> 0 | D32: =SUM(D33:D35) -> 0 | E32: =SUM(E33:E35) -> 79846561 | F32: =SUM(F33:F35) -> 0 | G32: =SUM(G33:G35) -> 0 | H32: =SUM(H33:H35) -> 4634646 | I32: =SUM(I33:I35) -> 4634646 | K32: =SUM(K33:K35) -> 75211915 | L32: =SUM(L33:L35) -> 0 | M32: =SUM(M33:M35) -> 0
A33: 2.1.1.01.01.001.08.0201 Prima Vacaciones Inirida | B33: 70818928 | C33: 0 | D33: 0 | E33: =+B33+D33 -> 70818928 | H33: 3722667 | I33: =+H33 -> 3722667 | K33: =+E33-I33 -> 67096261
A34: 2.1.1.01.01.001.08.0202 Prima Vacaciones Bcominas | B34: 8131733.3 | C34: 0 | D34: 0 | E34: =+B34+D34 -> 8131733.3 | H34: 911979 | I34: =+H34 -> 911979 | K34: =+E34-I34 -> 7219754.3
A35: 2.1.1.01.01.001.08.0203 Prima Vacaciones San Felipe | B35: 895900 | C35: 0 | D35: 0 | E35: =+B35+D35 -> 895900 | H35: 0 | I35: =+H35 -> 0 | K35: =+E35-I35 -> 895900
A36: 2.1.1.01.02 CONTRIBUC INHERENTES A NOMINA | B36: =+B37+B41+B43+B47+B51 -> 5.0811739e+08 | C36: =+C37+C41+C43+C47+C51 -> 0 | D36: =+D37+D41+D43+D47+D51 -> 0 | E36: =+E37+E41+E43+E47+E51 -> 5.0811739e+08 | F36: =+F37+F41+F43+F47+F51 -> 0 | G36: =+G37+G41+G43+G47+G51 -> 0 | H36: =+H37+H41+H43+H47+H51 -> 82288134 | I36: =+I37+I41+I43+I47+I51 -> 82288134 | K36: =+K37+K41+K43+K47+K51 -> 4.2582926e+08 | L36: =+L37+L41+L43+L47+L51 -> 0 | M36: =+M37+M41+M43+M47+M51 -> 0
A37: 2.1.1.01.02.001 APOR SEGU SOCIAL EN PENSIONES | B37: =SUM(B38:B40) -> 2.006379e+08 | C37: =SUM(C38:C40) -> 0 | D37: =SUM(D38:D40) -> 0 | E37: =SUM(E38:E40) -> 2.006379e+08 | F37: =SUM(F38:F40) -> 0 | G37: =SUM(G38:G40) -> 0 | H37: =SUM(H38:H40) -> 31111064 | I37: =SUM(I38:I40) -> 31111064 | K37: =SUM(K38:K40) -> 1.6952683e+08 | L37: =SUM(L38:L40) -> 0 | M37: =SUM(M38:M40) -> 0
A38: 2.1.1.01.02.00101 Apor Pension Funcionar Inirida | B38: 173350608 | C38: 0 | D38: 0 | E38: =+B38+D38 -> 173350608 | H38: 26485756 | I38: =+H38 -> 26485756 | K38: =+E38-I38 -> 146864852
A39: 2.1.1.01.02.00102 Apor Pension Funciona Bcominas | B39: 24859392 | C39: 0 | D39: 0 | E39: =+B39+D39 -> 24859392 | H39: 4625308 | I39: =+H39 -> 4625308 | K39: =+E39-I39 -> 20234084
A40: 2.1.1.01.02.00103 Apor Pension Funcio San Felipe | B40: 2427897.6 | C40: 0 | D40: 0 | E40: =+B40+D40 -> 2427897.6 | H40: 0 | I40: =+H40 -> 0 | K40: =+E40-I40 -> 2427897.6
A41: 2.1.1.01.02.002 APORSEGURIDAD SOCIAL EN SALUD | B41: =+B42 -> 1000 | C41: =+C42 -> 0 | D41: =+D42 -> 0 | E41: =+E42 -> 1000 | F41: =+F42 -> 0 | G41: =+G42 -> 0 | H41: =+H42 -> 0 | I41: =+I42 -> 0 | K41: =+K42 -> 1000 | L41: =+L42 -> 0 | M41: =+M42 -> 0
A42: 2.1.1.01.02.00201 Apor a Salud | B42: 1000 | C42: 0 | D42: 0 | E42: =+B42+D42 -> 1000 | H42: 0 | I42: =+H42 -> 0 | K42: =+E42-I42 -> 1000
A43: 2.1.1.01.02.003 APOR DE CESANTIAS | B43: =SUM(B44:B46) -> 1.5700007e+08 | C43: =SUM(C44:C46) -> 0 | D43: =SUM(D44:D46) -> 0 | E43: =SUM(E44:E46) -> 1.5700007e+08 | F43: =SUM(F44:F46) -> 0 | G43: =SUM(G44:G46) -> 0 | H43: =SUM(H44:H46) -> 29168370 | I43: =SUM(I44:I46) -> 29168370 | K43: =SUM(K44:K46) -> 1.278317e+08 | L43: =SUM(L44:L46) -> 0 | M43: =SUM(M44:M46) -> 0
A44: 2.1.1.01.02.00301 Apor Cesantias e Inter Inirida | B44: 1.3406309e+08 | C44: 0 | D44: 0 | E44: =+B44+D44 -> 1.3406309e+08 | H44: 25624368 | I44: =+H44 -> 25624368 | K44: =+E44-I44 -> 1.0843872e+08
A45: 2.1.1.01.02.00302 Apor Cesantias e InterBcominas | B45: 21167370 | C45: 0 | D45: 0 | E45: =+B45+D45 -> 21167370 | H45: 3544002 | I45: =+H45 -> 3544002 | K45: =+E45-I45 -> 17623368
A46: 2.1.1.01.02.00303 Apor Cesantias e InterSanFelip | B46: 1769608.7 | C46: 0 | D46: 0 | E46: =+B46+D46 -> 1769608.7 | H46: 0 | I46: =+H46 -> 0 | K46: =+E46-I46 -> 1769608.7
A47: 2.1.1.01.02.004 APOR CAJAS COMPENSAC FAMILIAR | B47: =SUM(B48:B50) -> 66879299 | C47: =SUM(C48:C50) -> 0 | D47: =SUM(D48:D50) -> 0 | E47: =SUM(E48:E50) -> 66879299 | F47: =SUM(F48:F50) -> 0 | G47: =SUM(G48:G50) -> 0 | H47: =SUM(H48:H50) -> 9302400 | I47: =SUM(I48:I50) -> 9302400 | K47: =SUM(K48:K50) -> 57576899 | L47: =SUM(L48:L50) -> 0 | M47: =SUM(M48:M50) -> 0
A48: 2.1.1.01.02.00401 Apor Caja Com Familiar Inirida | B48: 57783536 | C48: 0 | D48: 0 | E48: =+B48+D48 -> 57783536 | H48: 8568000 | I48: =+H48 -> 8568000 | K48: =+E48-I48 -> 49215536
A49: 2.1.1.01.02.00402 Apor Caja ComFamiliar Bcominas | B49: 8286464 | C49: 0 | D49: 0 | E49: =+B49+D49 -> 8286464 | H49: 734400 | I49: =+H49 -> 734400 | K49: =+E49-I49 -> 7552064
A50: 2.1.1.01.02.00403 Apor Caja ComFamiliarSanFelipe | B50: 809299.2 | C50: 0 | D50: 0 | E50: =+B50+D50 -> 809299.2 | H50: 0 | I50: =+H50 -> 0 | K50: =+E50-I50 -> 809299.2
A51: 2.1.1.01.02.005 APOR GRALES SIS RIESGOS LABORA | B51: =SUM(B52:B54) -> 83599124 | C51: =SUM(C52:C54) -> 0 | D51: =SUM(D52:D54) -> 0 | E51: =SUM(E52:E54) -> 83599124 | F51: =SUM(F52:F54) -> 0 | G51: =SUM(G52:G54) -> 0 | H51: =SUM(H52:H54) -> 12706300 | I51: =SUM(I52:I54) -> 12706300 | K51: =SUM(K52:K54) -> 70892824 | L51: =SUM(L52:L54) -> 0 | M51: =SUM(M52:M54) -> 0
A52: 2.1.1.01.02.00501 Apor Riesgos Laborales Inirida | B52: 72229420 | C52: 0 | D52: 0 | E52: =+B52+D52 -> 72229420 | H52: 10280300 | I52: =+H52 -> 10280300 | K52: =+E52-I52 -> 61949120
A53: 2.1.1.01.02.00502 Apor RiesgosLaborales Bcominas | B53: 10358080 | C53: 0 | D53: 0 | E53: =+B53+D53 -> 10358080 | H53: 2426000 | I53: =+H53 -> 2426000 | K53: =+E53-I53 -> 7932080
A54: 2.1.1.01.02.00503 Apor RiesgosLaboralesSanFelipe | B54: 1011624 | C54: 0 | D54: 0 | E54: =+B54+D54 -> 1011624 | H54: 0 | I54: =+H54 -> 0 | K54: =+E54-I54 -> 1011624
A55: 2.1.1.01.03 REM NO CONSTI FACTOR SALARIAL | B55: =+B56+B65 -> 224221860 | C55: =+C56+C65 -> 0 | D55: =+D56+D65 -> 0 | E55: =+E56+E65 -> 224221860 | F55: =+F56+F65 -> 0 | G55: =+G56+G65 -> 0 | H55: =+H56+H65 -> 12521217 | I55: =+I56+I65 -> 12521217 | K55: =+K56+K65 -> 211700643 | L55: =+L56+L65 -> 0 | M55: =+M56+M65 -> 0
A56: 2.1.1.01.03.001 PRESTACIONES SOCIALES | B56: =+B57+B61 -> 153926800 | C56: =+C57+C61 -> 0 | D56: =+D57+D61 -> 0 | E56: =+E57+E61 -> 153926800 | F56: =+F57+F61 -> 0 | G56: =+G57+G61 -> 0 | H56: =+H57+H61 -> 8882467 | I56: =+I57+I61 -> 8882467 | K56: =+K57+K61 -> 145044333 | L56: =+L57+L61 -> 0 | M56: =+M57+M61 -> 0
A57: 2.1.1.01.03.001.01 VACACIONES | B57: =SUM(B58:B60) -> 116926800 | C57: =SUM(C58:C60) -> 0 | D57: =SUM(D58:D60) -> 0 | E57: =SUM(E58:E60) -> 116926800 | F57: =SUM(F58:F60) -> 0 | G57: =SUM(G58:G60) -> 0 | H57: =SUM(H58:H60) -> 7257717 | I57: =SUM(I58:I60) -> 7257717 | K57: =SUM(K58:K60) -> 109669083 | L57: =SUM(L58:L60) -> 0 | M57: =SUM(M58:M60) -> 0
A58: 2.1.1.01.03.001.0101 Vacaciones Inirida | B58: 103464400 | C58: 0 | D58: 0 | E58: =+B58+D58 -> 103464400 | H58: 4923050 | I58: =+H58 -> 4923050 | K58: =+E58-I58 -> 98541350
A59: 2.1.1.01.03.001.0102 Vacaciones Bcominas | B59: 12197600 | C59: 0 | D59: 0 | E59: =+B59+D59 -> 12197600 | H59: 2334667 | I59: =+H59 -> 2334667 | K59: =+E59-I59 -> 9862933
A60: 2.1.1.01.03.001.0103 Vacaciones San Felipe | B60: 1264800 | C60: 0 | D60: 0 | E60: =+B60+D60 -> 1264800 | H60: 0 | I60: =+H60 -> 0 | K60: =+E60-I60 -> 1264800
A61: 2.1.1.01.03.001.02 INDEMNIZACION POR VACACIONES | B61: =SUM(B62:B64) -> 37000000 | C61: =SUM(C62:C64) -> 0 | D61: =SUM(D62:D64) -> 0 | E61: =SUM(E62:E64) -> 37000000 | F61: =SUM(F62:F64) -> 0 | G61: =SUM(G62:G64) -> 0 | H61: =SUM(H62:H64) -> 1624750 | I61: =SUM(I62:I64) -> 1624750 | K61: =SUM(K62:K64) -> 35375250 | L61: =SUM(L62:L64) -> 0 | M61: =SUM(M62:M64) -> 0
A62: 2.1.1.01.03.001.0201 Indemnizaci Vacaciones Inirida | B62: 30000000 | C62: 0 | D62: 0 | E62: =+B62+D62 -> 30000000 | H62: 1624750 | I62: =+H62 -> 1624750 | K62: =+E62-I62 -> 28375250
A63: 2.1.1.01.03.001.0202 Indemnizac Vacaciones Bcominas | B63: 5000000 | C63: 0 | D63: 0 | E63: =+B63+D63 -> 5000000 | H63: 0 | I63: =+H63 -> 0 | K63: =+E63-I63 -> 5000000
A64: 2.1.1.01.03.001.0203 Indemniz Vacaciones san Felipe | B64: 2000000 | C64: 0 | D64: 0 | E64: =+B64+D64 -> 2000000 | H64: 0 | I64: =+H64 -> 0 | K64: =+E64-I64 -> 2000000
A65: 2.1.1.01.03.009 PRIMA TECNICA NO SALARIAL(PAS) | B65: =+B66 -> 70295060 | C65: =+C66 -> 0 | D65: =+D66 -> 0 | E65: =+E66 -> 70295060 | F65: =+F66 -> 0 | G65: =+G66 -> 0 | H65: =+H66 -> 3638750 | I65: =+I66 -> 3638750 | K65: =+K66 -> 66656310 | L65: =+L66 -> 0 | M65: =+M66 -> 0
A66: 2.1.1.01.03.00901 PRIMA TECNICA NO SALARIAL(PAS) | B66: =SUM(B67:B69) -> 70295060 | C66: =SUM(C67:C69) -> 0 | D66: =SUM(D67:D69) -> 0 | E66: =SUM(E67:E69) -> 70295060 | F66: =SUM(F67:F69) -> 0 | G66: =SUM(G67:G69) -> 0 | H66: =SUM(H67:H69) -> 3638750 | I66: =SUM(I67:I69) -> 3638750 | K66: =SUM(K67:K69) -> 66656310 | L66: =SUM(L67:L69) -> 0 | M66: =SUM(M67:M69) -> 0
A67: 2.1.1.01.03.0090101 Prima Anual Servicios Inirida | B67: 61881060 | C67: 0 | D67: 0 | E67: =+B67+D67 -> 61881060 | H67: 3638750 | I67: =+H67 -> 3638750 | K67: =+E67-I67 -> 58242310
A68: 2.1.1.01.03.0090102 Prima Anual Servicios Bcominas | B68: 7623500 | C68: 0 | D68: 0 | E68: =+B68+D68 -> 7623500 | H68: 0 | I68: =+H68 -> 0 | K68: =+E68-I68 -> 7623500
A69: 2.1.1.01.03.0090103 Prima Anual ServiciosSanFelipe | B69: 790500 | C69: 0 | D69: 0 | E69: =+B69+D69 -> 790500 | H69: 0 | I69: =+H69 -> 0 | K69: =+E69-I69 -> 790500
A70: 2.1.1.02 PERS SUPERNUMER PLTA TEMPORAL | B70: =+B71 -> 87854731 | C70: =+C71 -> 0 | D70: =+D71 -> 0 | E70: =+E71 -> 87854731 | F70: =+F71 -> 0 | G70: =+G71 -> 0 | H70: =+H71 -> 16488422 | I70: =+I71 -> 16488422 | K70: =+K71 -> 71366309 | L70: =+L71 -> 0 | M70: =+M71 -> 0
A71: 2.1.1.02.01 PERS SUPERNUMER PLTA TEMPORAL | B71: =+B72 -> 87854731 | C71: =+C72 -> 0 | D71: =+D72 -> 0 | E71: =+E72 -> 87854731 | F71: =+F72 -> 0 | G71: =+G72 -> 0 | H71: =+H72 -> 16488422 | I71: =+I72 -> 16488422 | K71: =+K72 -> 71366309 | L71: =+L72 -> 0 | M71: =+M72 -> 0
A72: 2.1.1.02.01.001 FACTORS CONSTITUTIVOS SALARIO | B72: =+B73 -> 87854731 | C72: =+C73 -> 0 | D72: =+D73 -> 0 | E72: =+E73 -> 87854731 | F72: =+F73 -> 0 | G72: =+G73 -> 0 | H72: =+H73 -> 16488422 | I72: =+I73 -> 16488422 | K72: =+K73 -> 71366309 | L72: =+L73 -> 0 | M72: =+M73 -> 0
A73: 2.1.1.02.01.001.01 FACTORES SALARIALES COMUNES | B73: =+B74 -> 87854731 | C73: =+C74 -> 0 | D73: =+D74 -> 0 | E73: =+E74 -> 87854731 | F73: =+F74 -> 0 | G73: =+G74 -> 0 | H73: =+H74 -> 16488422 | I73: =+I74 -> 16488422 | K73: =+K74 -> 71366309 | L73: =+L74 -> 0 | M73: =+M74 -> 0
A74: 2.1.1.02.01.001.01 SUELDO BASICO | B74: =SUM(B75:B76) -> 87854731 | C74: =SUM(C75:C76) -> 0 | D74: =SUM(D75:D76) -> 0 | E74: =SUM(E75:E76) -> 87854731 | F74: =SUM(F75:F76) -> 0 | G74: =SUM(G75:G76) -> 0 | H74: =SUM(H75:H76) -> 16488422 | I74: =SUM(I75:I76) -> 16488422 | K74: =SUM(K75:K76) -> 71366309 | L74: =SUM(L75:L76) -> 0 | M74: =SUM(M75:M76) -> 0
A75: 2.1.1.02.01.001.0101 Personal Supernumeraio | B75: 27000000 | C75: 0 | D75: 0 | E75: =+B75+D75 -> 27000000 | H75: 8442795 | I75: =+H75 -> 8442795 | K75: =+E75-I75 -> 18557205
A76: 2.1.1.02.01.001.0102 Aprendiz Sena | B76: 60854731 | C76: 0 | D76: 0 | E76: =+B76+D76 -> 60854731 | H76: 8045627 | I76: =+H76 -> 8045627 | K76: =+E76-I76 -> 52809104
A77: 2.1.5 GASTOS DE COMERCIALIZACION Y P | B77: =+B78+B95 -> 49515473000 | C77: =+C78+C95 -> 0 | D77: =+D78+D95 -> 0 | E77: =+E78+E95 -> 48615473000 | F77: =+F78+F95 -> 0 | G77: =+G78+G95 -> 0 | H77: =+H78+H95 -> 1.4972706e+10 | I77: =+I78+I95 -> 1.4529729e+10 | K77: =+K78+K95 -> 3.4085744e+10 | L77: =+L78+L95 -> 0 | M77: =+M78+M95 -> 0
A78: 2.1.5.01 MATERIALES Y SUMINISTROS | B78: =+B79+B86+B90 -> 46085472000 | C78: =+C79+C86+C90 -> 0 | D78: =+D79+D86+D90 -> 0 | E78: =+E79+E86+E90 -> 46085472000 | F78: =+F79+F86+F90 -> 0 | G78: =+G79+G86+G90 -> 0 | H78: =+H79+H86+H90 -> 1.404057e+10 | I78: =+I79+I86+I90 -> 1.404057e+10 | K78: =+K79+K86+K90 -> 3.2044902e+10 | L78: =+L79+L86+L90 -> 0 | M78: =+M79+M86+M90 -> 0
A79: 2.1.5.01.01 GASTOS X ADQ ENERGIA ELECTRICA | B79: =SUM(B80:B85) -> 41185472000 | C79: =SUM(C80:C85) -> 0 | D79: =SUM(D80:D85) -> 0 | E79: =SUM(E80:E85) -> 41185472000 | F79: =SUM(F80:F85) -> 0 | G79: =SUM(G80:G85) -> 0 | H79: =SUM(H80:H85) -> 12969674500 | I79: =SUM(I80:I85) -> 12969674500 | K79: =SUM(K80:K85) -> 28215797500 | L79: =SUM(L80:L85) -> 0 | M79: =SUM(M80:M85) -> 0
A80: 2.1.5.01.01.01 Compra Ener SubXMenMpioInirida | B80: 27000000000 | C80: 0 | D80: 0 | E80: =+B80+D80 -> 27000000000 | H80: 0 | I80: =+H80 -> 0 | K80: =+E80-I80 -> 27000000000
A81: 2.1.5.01.01.02 Compra Energia RecursosPropios | B81: 12000000000 | C81: 0 | D81: 0 | E81: =+B81+D81 -> 12000000000 | H81: 12000000000 | I81: =+H81 -> 12000000000 | K81: =+E81-I81 -> 0
A82: 2.1.5.01.01.03 Combust Lubr Inirida | B82: 30000000 | C82: 0 | D82: 0 | E82: =+B82+D82 -> 30000000 | H82: 25000000 | I82: =+H82 -> 25000000 | K82: =+E82-I82 -> 5000000
A83: 2.1.5.01.01.04 Combust Lubr Barranco | B83: 1800000000 | C83: 0 | D83: 0 | E83: =+B83+D83 -> 1800000000 | H83: 801900000 | I83: =+H83 -> 801900000 | K83: =+E83-I83 -> 998100000
A84: 2.1.5.01.01.05 Combust Lubr San Felipe | B84: 80000000 | C84: 0 | D84: 0 | E84: =+B84+D84 -> 80000000 | H84: 71500000 | I84: =+H84 -> 71500000 | K84: =+E84-I84 -> 8500000
A85: 2.1.5.01.01.06 Combust Lubr Comunidades | B85: 275472000 | C85: 0 | D85: 0 | E85: =+B85+D85 -> 275472000 | H85: 71274500 | I85: =+H85 -> 71274500 | K85: =+E85-I85 -> 204197500
A86: 2.1.5.01.03 GASTOS PARA COMERCIALIZACION | B86: =SUM(B87:B89) -> 4400000000 | C86: =SUM(C87:C89) -> 0 | D86: =SUM(D87:D89) -> 0 | E86: =SUM(E87:E89) -> 4400000000 | F86: =SUM(F87:F89) -> 0 | G86: =SUM(G87:G89) -> 0 | H86: =SUM(H87:H89) -> 9.9206118e+08 | I86: =SUM(I87:I89) -> 9.9206118e+08 | K86: =SUM(K87:K89) -> 3.4079388e+09 | L86: =SUM(L87:L89) -> 0 | M86: =SUM(M87:M89) -> 0
A87: 2.1.5.01.03.01 Compra Mercan-Servic ParaVenta | B87: 800000000 | C87: 0 | D87: 0 | E87: =+B87+D87 -> 800000000 | H87: 1.135768e+08 | I87: =+H87 -> 1.135768e+08 | K87: =+E87-I87 -> 6.864232e+08
A88: 2.1.5.01.03.02 Dineros para Mutuo | B88: 3500000000 | C88: 0 | D88: 0 | E88: =+B88+D88 -> 3500000000 | H88: 878484386 | I88: =+H88 -> 878484386 | K88: =+E88-I88 -> 2621515614
A89: 2.1.5.01.03.03 Prestamos a Accionistas | B89: 100000000 | C89: 0 | D89: 0 | E89: =+B89+D89 -> 100000000 | H89: 0 | I89: =+H89 -> 0 | K89: =+E89-I89 -> 100000000
A90: 2.1.5.01.04 GASTOS PARA INSUMOS | B90: =SUM(B91:B94) -> 500000000 | C90: =SUM(C91:C94) -> 0 | D90: =SUM(D91:D94) -> 0 | E90: =SUM(E91:E94) -> 500000000 | F90: =SUM(F91:F94) -> 0 | G90: =SUM(G91:G94) -> 0 | H90: =SUM(H91:H94) -> 78834628 | I90: =SUM(I91:I94) -> 78834628 | K90: =SUM(K91:K94) -> 421165372 | L90: =SUM(L91:L94) -> 0 | M90: =SUM(M91:M94) -> 0
A91: 2.1.5.01.04.01 Compra Eleme Insumos Inirida | B91: 200000000 | C91: 0 | D91: 0 | E91: =+B91+D91 -> 200000000 | H91: 78834628 | I91: =+H91 -> 78834628 | K91: =+E91-I91 -> 121165372
A92: 2.1.5.01.04.02 Compra Elem Insumos Bcominas | B92: 100000000 | C92: 0 | D92: 0 | E92: =+B92+D92 -> 100000000 | H92: 0 | I92: =+H92 -> 0 | K92: =+E92-I92 -> 100000000
A93: 2.1.5.01.04.03 Compra Elem Insumos San Felipe | B93: 50000000 | C93: 0 | D93: 0 | E93: =+B93+D93 -> 50000000 | H93: 0 | I93: =+H93 -> 0 | K93: =+E93-I93 -> 50000000
A94: 2.1.5.01.04.04 Compra Elem Insumos Localidade | B94: 150000000 | C94: 0 | D94: 0 | E94: =+B94+D94 -> 150000000 | H94: 0 | I94: =+H94 -> 0 | K94: =+E94-I94 -> 150000000
A95: 2.1.5.02 PROD-COMERCIA BIENES SERVICIOS | B95: =+B96+B97+B100+B107+B111+B121+B125 -> 3430001000 | C95: =+C96+C97+C100+C107+C111+C121+C125 -> 0 | D95: =+D96+D97+D100+D107+D111+D121+D125 -> 0 | E95: =+E96+E97+E100+E107+E111+E121+E125 -> 2530001000 | F95: =+F96+F97+F100+F107+F111+F121+F125 -> 0 | G95: =+G96+G97+G100+G107+G111+G121+G125 -> 0 | H95: =+H96+H97+H100+H107+H111+H121+H125 -> 9.3213562e+08 | I95: =+I96+I97+I100+I107+I111+I121+I125 -> 4.8915862e+08 | K95: =+K96+K97+K100+K107+K111+K121+K125 -> 2.0408424e+09 | L95: =+L96+L97+L100+L107+L111+L121+L125 -> 0 | M95: =+M96+M97+M100+M107+M111+M121+M125 -> 0
A96: 2.1.5.02.01 Serv Honorar Para Comercializa | B96: 900000000 | H96: 442977000
A97: 2.1.5.02.05 GASTOS ADQUISIS DE SERVICIOS | B97: =SUM(B98:B99) -> 60000000 | C97: =SUM(C98:C99) -> 0 | D97: =SUM(D98:D99) -> 0 | E97: =SUM(E98:E99) -> 60000000 | F97: =SUM(F98:F99) -> 0 | G97: =SUM(G98:G99) -> 0 | H97: =SUM(H98:H99) -> 0 | I97: =SUM(I98:I99) -> 0 | K97: =SUM(K98:K99) -> 60000000 | L97: =SUM(L98:L99) -> 0 | M97: =SUM(M98:M99) -> 0
A98: 2.1.5.02.05.01 Adecuacion Infraestructura | B98: 50000000 | C98: 0 | D98: 0 | E98: =+B98+D98 -> 50000000 | H98: 0 | I98: =+H98 -> 0 | K98: =+E98-I98 -> 50000000
A99: 2.1.5.02.05.02 Adquis Lote Infraest Bcominas | B99: 10000000 | C99: 0 | D99: 0 | E99: =+B99+D99 -> 10000000 | H99: 0 | I99: =+H99 -> 0 | K99: =+E99-I99 -> 10000000
A100: 2.1.5.02.06 GASTOS DE TRANSPORTE-BIENESTAR | B100: =SUM(B101:B106) -> 372000000 | C100: =SUM(C101:C106) -> 0 | D100: =SUM(D101:D106) -> 0 | E100: =SUM(E101:E106) -> 372000000 | F100: =SUM(F101:F106) -> 0 | G100: =SUM(G101:G106) -> 0 | H100: =SUM(H101:H106) -> 191833000 | I100: =SUM(I101:I106) -> 191833000 | K100: =SUM(K101:K106) -> 180167000 | L100: =SUM(L101:L106) -> 0 | M100: =SUM(M101:M106) -> 0
A101: 2.1.5.02.06.01 Servicios de bienestar social | B101: 50000000 | C101: 0 | D101: 0 | E101: =+B101+D101 -> 50000000 | H101: 12963000 | I101: =+H101 -> 12963000 | K101: =+E101-I101 -> 37037000
...

Sheet 15. Flujo de caja 
A1: Sistema Integrado de Gestión | C1: PLAN | AA1: Codigo: PL01-PR02-GGE
AA3: Versión: 01
C4: PLAN DE GESTIÓN Y RESULTADOS
AA5: Noviembre de 2024
A11: CODIGO | B11: CUENTA | C11: ENE | D11: FEB | E11: MAR | F11: ABR | G11: MAY | H11: JUN | I11: JUL | J11: AGO | K11: SEP | L11: OCT | M11: NOV | N11: DIC | O11: TOTAL
B12: SALDO INICIAL BANCOS 2024 | C12: {=B216} -> 4615550804 | D12: {=C212} -> 4.2272946e+09 | E12: {=D212} -> 4.1112251e+09 | F12: {=E212} -> 4.7271158e+09 | G12: {=F212} -> 7.4413654e+09 | H12: {=G212} -> 3.4767613e+09 | I12: {=H212} -> 3.4806848e+09 | J12: {=I212} -> 3.5190398e+09 | K12: {=J212} -> 3.4528005e+09 | ... N12: {=M212} -> 3.9174286e+09 | P12: =(N15-C15)/C15 -> 0.66205598
A13: 1 | B13: INGRESOS TOTALES | C13: =+C14+C30+C38+C51+C53+C60+C87+C95 -> 1966902967 | D13: =+D14+D30+D38+D51+D53+D60+D87+D95 -> 2.1150619e+09 | E13: =+E14+E30+E38+E51+E53+E60+E87+E95 -> 5.2598786e+09 | F13: =+F14+F30+F38+F51+F53+F60+F87+F95 -> 5.3620883e+09 | G13: =+G14+G30+G38+G51+G53+G60+G87+G95 -> 5.4301464e+09 | H13: =+H14+H30+H38+H51+H53+H60+H87+H95 -> 5.4657942e+09 | I13: =+I14+I30+I38+I51+I53+I60+I87+I95 -> 5.5360331e+09 | J13: =+J14+J30+J38+J51+J53+J60+J87+J95 -> 5.5018371e+09 | ... O13: =+O14+O30+O38+O51+O53+O60+O87+O95 -> 6.068749e+10
A14: 1.1.02.05.001.06 | B14: DISTRIBUCION DE ELECTRICIDAD | C14: =SUM(C15:C29) -> 1637583401 | D14: =SUM(D15:D29) -> 1374093038 | E14: =SUM(E15:E29) -> 1.7751145e+09 | F14: =SUM(F15:F29) -> 1.8547004e+09 | G14: =SUM(G15:G29) -> 1.9052215e+09 | H14: =SUM(H15:H29) -> 1.9232447e+09 | I14: =SUM(I15:I29) -> 1.9757708e+09 | J14: =SUM(J15:J29) -> 1.9237736e+09 | ... O14: =SUM(O15:O29) -> 2.3939561e+10
A15: 1.1.02.05.001.06.01 | B15: Rec Venta ServEnerg Inirida | C15: 1509674871 | D15: 1146963160 | E15: =(+D15*37%)+D15 -> 1.5713395e+09 | F15: =(E15*(5%)+E15) -> 1.6499065e+09 | G15: =(F15*3%)+F15 -> 1.6994037e+09 | H15: =(G15*1%)+G15 -> 1.7163977e+09 | I15: =(H15*3%)+H15 -> 1.7678897e+09 | J15: =(I15*(-3%)+I15) -> 1.714853e+09 | K15: =(J15*12%)+J15 -> 1.9206353e+09 | L15: =(K15*8%)+K15 -> 2.0742862e+09 | M15: =(L15*7%)+L15 -> 2.2194862e+09 | N15: =(M15*13.0515%)+M15+1710.91 -> 2.5091641e+09 | O15: =SUM(C15:N15) -> 2.15e+10 | P15: 21500000000 | Q15: =+P15-O15 -> -0.001537323 | R15: =+O15/12 -> 1.7916667e+09
A16: 1.1.02.05.001.06.02 | B16: Rec X Sev Bcominas Pque Hibrid | C16: 59361308 | D16: 104694879 | E16: 79668094 | F16: =(E16*0.5%+E16) -> 80066434 | G16: =(F16*0.5%)+F16 -> 80466766 | H16: =(G16*0.5%)+G16 -> 80869100 | I16: =(H16*0.5%)+H16 -> 81273445 | J16: =(I16*(0.5%)+I16) -> 81679813 | K16: =(J16*0.5%)+J16 -> 82088212 | L16: =(K16*0.5%)+K16 -> 82498653 | M16: =(L16*0.5%)+L16 -> 82911146 | N16: =(M16*0.5%)+M16+96448.79 -> 83422151 | O16: =SUM(C16:N16) -> 9.79e+08 | P16: 979000000 | Q16: =+P16-O16 -> 0.0043890476 | R16: =AVERAGE(C15:D15) -> 1.328319e+09
A17: 1.1.02.05.001.06.03 | B17: Rec Venta ServEnerg San Felipe | C17: 222814 | D17: 604046 | E17: 4807314 | F17: =(E17*0.5%+E17) -> 4831350.6 | G17: =(F17*0.5%)+F17 -> 4855507.3 | H17: =(G17*0.5%)+G17 -> 4879784.9 | I17: =(H17*0.5%)+H17 -> 4904183.8 | J17: =(I17*(0.5%)+I17) -> 4928704.7 | K17: =(J17*0.5%)+J17 -> 4953348.2 | L17: =(K17*0.5%)+K17 -> 4978115 | M17: =(L17*0.5%)+L17 -> 5003005.5 | N17: =(M17*0.5%)+M17+3805.37 -> 5031825.9 | O17: =SUM(C17:N17) -> 50000000 | P17: 50000000 | Q17: =+P17-O17 -> 0.085691713
A18: 1.1.02.05.001.06.04 | B18: Rec Instalaci Nuevas Inirida | C18: 14519364 | D18: 10483835 | E18: 8300680.1 | F18: =(E18*0.5%+E18) -> 8342183.5 | G18: =(F18*0.5%)+F18 -> 8383894.4 | H18: =(G18*0.5%)+G18 -> 8425813.9 | I18: =(H18*0.5%)+H18 -> 8467943 | J18: =(I18*(0.5%)+I18) -> 8510282.7 | K18: =(J18*0.5%)+J18 -> 8552834.1 | L18: =(K18*0.5%)+K18 -> 8595598.3 | M18: =(L18*0.5%)+L18 -> 8638576.2 | N18: =(M18*0.5%)+M18+97225.73 -> 8778994.9 | O18: =SUM(C18:N18) -> 1.1e+08 | P18: 110000000 | Q18: =+P18-O18 -> 0.0015273392
A19: 1.1.02.05.001.06.05 | B19: Rec Instalaci Nuevas Bcominas | C19: 19221 | D19: 662721 | E19: 511805.8 | F19: =(E19*0.5%+E19) -> 514364.83 | G19: =(F19*0.5%)+F19 -> 516936.65 | H19: =(G19*0.5%)+G19 -> 519521.34 | I19: =(H19*0.5%)+H19 -> 522118.94 | J19: =(I19*(0.5%)+I19) -> 524729.54 | K19: =(J19*0.5%)+J19 -> 527353.19 | L19: =(K19*0.5%)+K19 -> 529989.95 | M19: =(L19*0.5%)+L19 -> 532639.9 | N19: =(M19*0.5%)+M19+83294.76 -> 618597.86 | O19: =SUM(C19:N19) -> 6000000 | P19: 6000000 | Q19: =+P19-O19 -> 0.001751502
A20: 1.1.02.05.001.06.06 | B20: Rec Instalaci Nuevas Sn Felipe | C20: 0 | D20: 0 | E20: 97 | F20: =(E20*0.5%+E20) -> 97.485 | G20: =(F20*0.5%)+F20 -> 97.972425 | H20: =(G20*0.5%)+G20 -> 98.462287 | I20: =(H20*0.5%)+H20 -> 98.954599 | J20: =(I20*(0.5%)+I20) -> 99.449372 | K20: =(J20*0.5%)+J20 -> 99.946618 | L20: =(K20*0.5%)+K20 -> 100.44635 | M20: =(L20*0.5%)+L20 -> 100.94858 | N20: =(M20*0.5%)+M20+7.88 -> 109.33333 | O20: =SUM(C20:N20) -> 999.99856 | P20: 1000 | Q20: =+P20-O20 -> 0.0014384087
A21: 1.1.02.05.001.06.07 | B21: RecXVenta Alumbr Publi Inírida | C21: 39436107 | D21: 41739513 | E21: 93308182 | F21: =(E21*0.5%+E21) -> 93774723 | G21: =(F21*0.5%)+F21 -> 94243597 | H21: =(G21*0.5%)+G21 -> 94714815 | I21: =(H21*0.5%)+H21 -> 95188389 | J21: =(I21*(0.5%)+I21) -> 95664331 | K21: =(J21*0.5%)+J21 -> 96142652 | L21: =(K21*0.5%)+K21 -> 96623366 | M21: =(L21*0.5%)+L21 -> 97106482 | N21: =(M21*0.5%)+M21+96448.79-73178.41 -> 97615285 | O21: =SUM(C21:N21) -> 1.0355574e+09 | P21: 1035557441 | Q21: =+P21-O21 -> 0.0039722919
A22: 1.1.02.05.001.06.08 | B22: RecXVenta Alumb Publi Bcominas | C22: 0 | D22: 0 | E22: 97 | F22: =(E22*0.5%+E22) -> 97.485 | G22: =(F22*0.5%)+F22 -> 97.972425 | H22: =(G22*0.5%)+G22 -> 98.462287 | I22: =(H22*0.5%)+H22 -> 98.954599 | J22: =(I22*(0.5%)+I22) -> 99.449372 | K22: =(J22*0.5%)+J22 -> 99.946618 | L22: =(K22*0.5%)+K22 -> 100.44635 | M22: =(L22*0.5%)+L22 -> 100.94858 | N22: =(M22*0.5%)+M22+7.88 -> 109.33333 | O22: =SUM(C22:N22) -> 999.99856 | P22: 1000 | Q22: =+P22-O22 -> 0.0014384087
A23: 1.1.02.05.001.06.09 | B23: RecXVenta Alumb Publi SnFelipe | C23: 0 | D23: 0 | E23: 97 | F23: =(E23*0.5%+E23) -> 97.485 | G23: =(F23*0.5%)+F23 -> 97.972425 | H23: =(G23*0.5%)+G23 -> 98.462287 | I23: =(H23*0.5%)+H23 -> 98.954599 | J23: =(I23*(0.5%)+I23) -> 99.449372 | K23: =(J23*0.5%)+J23 -> 99.946618 | L23: =(K23*0.5%)+K23 -> 100.44635 | M23: =(L23*0.5%)+L23 -> 100.94858 | N23: =(M23*0.5%)+M23+7.88 -> 109.33333 | O23: =SUM(C23:N23) -> 999.99856 | P23: 1000 | Q23: =+P23-O23 -> 0.0014384087
A24: 1.1.02.05.001.06.10 | B24: RecX Reconexiones Inírida | C24: 1833994 | D24: 2983206 | E24: 9318280 | F24: =(E24*0.5%+E24) -> 9364871.4 | G24: =(F24*0.5%)+F24 -> 9411695.8 | H24: =(G24*0.5%)+G24 -> 9458754.2 | I24: =(H24*0.5%)+H24 -> 9506048 | J24: =(I24*(0.5%)+I24) -> 9553578.2 | K24: =(J24*0.5%)+J24 -> 9601346.1 | L24: =(K24*0.5%)+K24 -> 9649352.9 | M24: =(L24*0.5%)+L24 -> 9697599.6 | N24: =(M24*0.5%)+M24-124813.92 -> 9621273.7 | O24: =SUM(C24:N24) -> 1e+08 | P24: 100000000 | Q24: =+P24-O24 -> 0.0013882518
A25: 1.1.02.05.001.06.11 | B25: RecX Reconexiones Bcominas | C25: 112000 | D25: 32000 | E25: 185600 | F25: =(E25*0.5%+E25) -> 186528 | G25: =(F25*0.5%)+F25 -> 187460.64 | H25: =(G25*0.5%)+G25 -> 188397.94 | I25: =(H25*0.5%)+H25 -> 189339.93 | J25: =(I25*(0.5%)+I25) -> 190286.63 | K25: =(J25*0.5%)+J25 -> 191238.07 | L25: =(K25*0.5%)+K25 -> 192194.26 | M25: =(L25*0.5%)+L25 -> 193155.23 | N25: =(M25*0.5%)+M25-42321.7 -> 151799.3 | O25: =SUM(C25:N25) -> 2000000 | P25: 2000000 | Q25: =+P25-O25 -> -0.0013541486
A26: 1.1.02.05.001.06.12 | B26: RecX Reconexiones San Felipe | C26: 0 | D26: 0 | E26: 97 | F26: =(E26*0.5%+E26) -> 97.485 | G26: =(F26*0.5%)+F26 -> 97.972425 | H26: =(G26*0.5%)+G26 -> 98.462287 | I26: =(H26*0.5%)+H26 -> 98.954599 | J26: =(I26*(0.5%)+I26) -> 99.449372 | K26: =(J26*0.5%)+J26 -> 99.946618 | L26: =(K26*0.5%)+K26 -> 100.44635 | M26: =(L26*0.5%)+L26 -> 100.94858 | N26: =(M26*0.5%)+M26+7.88 -> 109.33333 | O26: =SUM(C26:N26) -> 999.99856 | P26: 1000 | Q26: =+P26-O26 -> 0.0014384087
A27: 1.1.02.05.001.06.13 | B27: RecX Otros ServEnerg Inirida | C27: 12128139 | D27: 65670981 | E27: 7050088 | F27: =(E27*0.5%+E27) -> 7085338.4 | G27: =(F27*0.5%)+F27 -> 7120765.1 | H27: =(G27*0.5%)+G27 -> 7156369 | I27: =(H27*0.5%)+H27 -> 7192150.8 | J27: =(I27*(0.5%)+I27) -> 7228111.6 | K27: =(J27*0.5%)+J27 -> 7264252.1 | L27: =(K27*0.5%)+K27 -> 7300573.4 | M27: =(L27*0.5%)+L27 -> 7337076.2 | N27: =(M27*0.5%)+M27+92393.76 -> 7466155.4 | O27: =SUM(C27:N27) -> 1.5e+08 | P27: 150000000 | Q27: =+P27-O27 -> -0.0038387477
A28: 1.1.02.05.001.06.14 | B28: RecX Otros ServEnerg Bcominas | C28: 102159 | D28: 0 | E28: 569784 | F28: =(E28*0.5%+E28) -> 572632.92 | G28: =(F28*0.5%)+F28 -> 575496.08 | H28: =(G28*0.5%)+G28 -> 578373.57 | I28: =(H28*0.5%)+H28 -> 581265.43 | J28: =(I28*(0.5%)+I28) -> 584171.76 | K28: =(J28*0.5%)+J28 -> 587092.62 | L28: =(K28*0.5%)+K28 -> 590028.08 | M28: =(L28*0.5%)+L28 -> 592978.22 | N28: =(M28*0.5%)+M28+70075.2 -> 666018.31 | O28: =SUM(C28:N28) -> 6000000 | P28: 6000000 | Q28: =+P28-O28 -> 0.0010540299
A29: 1.1.02.05.001.06.15 | B29: RecX Otros ServEnerg Sn Felipe | C29: 173424 | D29: 258697 | E29: 54787 | F29: =(E29*0.5%+E29) -> 55060.935 | G29: =(F29*0.5%)+F29 -> 55336.24 | H29: =(G29*0.5%)+G29 -> 55612.921 | I29: =(H29*0.5%)+H29 -> 55890.985 | J29: =(I29*(0.5%)+I29) -> 56170.44 | K29: =(J29*0.5%)+J29 -> 56451.293 | L29: =(K29*0.5%)+K29 -> 56733.549 | M29: =(L29*0.5%)+L29 -> 57017.217 | N29: =(M29*0.5%)+M29+7516.12 -> 64818.423 | O29: =SUM(C29:N29) -> 1000000 | P29: 1000000 | Q29: =+P29-O29 -> -0.0028237596
A30: 1.1.02.05.001.07 | B30: PARQUES | C30: =SUM(C31:C37) -> 9650909 | D30: =SUM(D31:D37) -> 17756868 | E30: =SUM(E31:E37) -> 5496001 | F30: =SUM(F31:F37) -> 5523481 | G30: =SUM(G31:G37) -> 5551098.4 | H30: =SUM(H31:H37) -> 5578853.9 | I30: =SUM(I31:I37) -> 5606748.2 | J30: =SUM(J31:J37) -> 5634781.9 | ... O30: =SUM(O31:O37) -> 83186109
A31: 1.1.02.05.001.0701 | B31: Rec X Servicios A Chatare | C31: 0 | D31: 0 | E31: 905085 | F31: =(E31*0.5%+E31) -> 909610.43 | G31: =(F31*0.5%)+F31 -> 914158.48 | H31: =(G31*0.5%)+G31 -> 918729.27 | I31: =(H31*0.5%)+H31 -> 923322.92 | J31: =(I31*(0.5%)+I31) -> 927939.53 | K31: =(J31*0.5%)+J31 -> 932579.23 | L31: =(K31*0.5%)+K31 -> 937242.12 | M31: =(L31*0.5%)+L31 -> 941928.33 | N31: =(M31*0.5%)+M31-6381.28 -> 940256.7 | O31: =SUM(C31:N31) -> 9250852 | P31: 9250852 | Q31: =+P31-O31 -> -0.001627801
A32: 1.1.02.05.001.0702 | B32: Rec X Serv A Carpintero | C32: 603000 | D32: 755500 | E32: 1292705 | F32: =(E32*0.5%+E32) -> 1299168.5 | G32: =(F32*0.5%)+F32 -> 1305664.4 | H32: =(G32*0.5%)+G32 -> 1312192.7 | I32: =(H32*0.5%)+H32 -> 1318753.7 | J32: =(I32*(0.5%)+I32) -> 1325347.4 | K32: =(J32*0.5%)+J32 -> 1331974.2 | L32: =(K32*0.5%)+K32 -> 1338634 | M32: =(L32*0.5%)+L32 -> 1345327.2 | N32: =(M32*0.5%)+M32-294761.88 -> 1057292 | O32: =SUM(C32:N32) -> 14285559 | P32: 14285559 | Q32: =+P32-O32 -> 0.0020419471
A33: 1.1.02.05.001.0703 | B33: Rec X Serv Lag.Colord_Pblo Nvo | C33: 2200000 | D33: 3985000 | F33: =(E33*0.5%+E33) -> 0 | G33: =(F33*0.5%)+F33 -> 0 | H33: =(G33*0.5%)+G33 -> 0 | I33: =(H33*0.5%)+H33 -> 0 | J33: =(I33*(0.5%)+I33) -> 0 | K33: =(J33*0.5%)+J33 -> 0 | L33: =(K33*0.5%)+K33 -> 0 | M33: =(L33*0.5%)+L33 -> 0 | N33: =(M33*0.5%)+M33 -> 0 | O33: =SUM(C33:N33) -> 6185000 | P33: 6120000 | Q33: =+P33-O33 -> -65000
A34: 1.1.02.05.001.0704 | B34: Rec X Serv Caranacoa | C34: 753111 | D34: 0 | E34: 1257230 | F34: =(E34*0.5%+E34) -> 1263516.1 | G34: =(F34*0.5%)+F34 -> 1269833.7 | H34: =(G34*0.5%)+G34 -> 1276182.9 | I34: =(H34*0.5%)+H34 -> 1282563.8 | J34: =(I34*(0.5%)+I34) -> 1288976.6 | K34: =(J34*0.5%)+J34 -> 1295421.5 | L34: =(K34*0.5%)+K34 -> 1301898.6 | M34: =(L34*0.5%)+L34 -> 1308408.1 | N34: =(M34*0.5%)+M34+13322.36 -> 1328272.5 | O34: =SUM(C34:N34) -> 13625415 | P34: 13625415 | Q34: =+P34-O34 -> -0.0011286419
A35: 1.1.02.05.001.0705 | B35: Rec X Serv Remanso | C35: 241017 | D35: 7276868 | E35: 500981 | F35: =(E35*0.5%+E35) -> 503485.91 | G35: =(F35*0.5%)+F35 -> 506003.33 | H35: =(G35*0.5%)+G35 -> 508533.35 | I35: =(H35*0.5%)+H35 -> 511076.02 | J35: =(I35*(0.5%)+I35) -> 513631.4 | K35: =(J35*0.5%)+J35 -> 516199.56 | L35: =(K35*0.5%)+K35 -> 518780.55 | M35: =(L35*0.5%)+L35 -> 521374.46 | N35: =(M35*0.5%)+M35-84229.9 -> 439751.43 | O35: =SUM(C35:N35) -> 12557702 | P35: 12557702 | Q35: =+P35-O35 -> 0.0020145327
A36: 1.1.02.05.001.0706 | B36: Rec X Serv Venado | C36: 1536881 | D36: 599600 | E36: 1050000 | F36: =(E36*0.5%+E36) -> 1055250 | G36: =(F36*0.5%)+F36 -> 1060526.2 | H36: =(G36*0.5%)+G36 -> 1065828.9 | I36: =(H36*0.5%)+H36 -> 1071158 | J36: =(I36*(0.5%)+I36) -> 1076513.8 | K36: =(J36*0.5%)+J36 -> 1081896.4 | L36: =(K36*0.5%)+K36 -> 1087305.9 | M36: =(L36*0.5%)+L36 -> 1092742.4 | N36: =(M36*0.5%)+M36+11672.27 -> 1109878.4 | O36: =SUM(C36:N36) -> 12887581 | P36: 12887581
A37: 1.1.02.05.001.07.07 | B37: Rec X Serv Chorrobocon | C37: 4316900 | D37: 5139900 | E37: 490000 | F37: =(E37*0.5%+E37) -> 492450 | G37: =(F37*0.5%)+F37 -> 494912.25 | H37: =(G37*0.5%)+G37 -> 497386.81 | I37: =(H37*0.5%)+H37 -> 499873.75 | J37: =(I37*(0.5%)+I37) -> 502373.11 | K37: =(J37*0.5%)+J37 -> 504884.98 | L37: =(K37*0.5%)+K37 -> 507409.4 | M37: =(L37*0.5%)+L37 -> 509946.45 | N37: =(M37*0.5%)+M37-74532.94 -> 437963.24 | O37: =SUM(C37:N37) -> 14394000 | P37: 14394000
A38: 1.1.02.05.001.08 | B38: DISEL | C38: =SUM(C39:C50) -> 0 | D38: =SUM(D39:D50) -> 0 | E38: =SUM(E39:E50) -> 1003060 | F38: =SUM(F39:F50) -> 1008075.3 | G38: =SUM(G39:G50) -> 1013115.7 | H38: =SUM(H39:H50) -> 1018181.3 | I38: =SUM(I39:I50) -> 1023272.2 | J38: =SUM(J39:J50) -> 1028388.5 | ... O38: =SUM(O39:O50) -> 10227095
A39: 1.1.02.05.001.08.01 | B39: Rec X Serv Prest A Cacahual | E39: 170000 | F39: =(E39*0.5%+E39) -> 170850 | G39: =(F39*0.5%)+F39 -> 171704.25 | H39: =(G39*0.5%)+G39 -> 172562.77 | I39: =(H39*0.5%)+H39 -> 173425.59 | J39: =(I39*(0.5%)+I39) -> 174292.71 | K39: =(J39*0.5%)+J39 -> 175164.18 | L39: =(K39*0.5%)+K39 -> 176040 | M39: =(L39*0.5%)+L39 -> 176920.2 | N39: =(M39*0.5%)+M39-13231.49 -> 164573.31 | O39: =SUM(C39:N39) -> 1725533 | P39: 1725533
A40: 1.1.02.05.001.08.02 | B40: Rec X Serv A Chaquita | E40: 127000 | F40: =(E40*0.5%+E40) -> 127635 | G40: =(F40*0.5%)+F40 -> 128273.18 | H40: =(G40*0.5%)+G40 -> 128914.54 | I40: =(H40*0.5%)+H40 -> 129559.11 | J40: =(I40*(0.5%)+I40) -> 130206.91 | K40: =(J40*0.5%)+J40 -> 130857.94 | L40: =(K40*0.5%)+K40 -> 131512.23 | M40: =(L40*0.5%)+L40 -> 132169.79 | N40: =(M40*0.5%)+M40+9275.65 -> 142106.29 | O40: =SUM(C40:N40) -> 1308235 | P40: 1308235
A41: 1.1.02.05.001.08.03 | B41: Rec X Serv A Merey | E41: 55000 | F41: =(E41*0.5%+E41) -> 55275 | G41: =(F41*0.5%)+F41 -> 55551.375 | H41: =(G41*0.5%)+G41 -> 55829.132 | I41: =(H41*0.5%)+H41 -> 56108.278 | J41: =(I41*(0.5%)+I41) -> 56388.819 | K41: =(J41*0.5%)+J41 -> 56670.763 | L41: =(K41*0.5%)+K41 -> 56954.117 | M41: =(L41*0.5%)+L41 -> 57238.887 | N41: =(M41*0.5%)+M41-258.45 -> 57266.632 | O41: =SUM(C41:N41) -> 562283 | P41: 562283
A42: 1.1.02.05.001.08.04 | B42: Rec X Serv A Pato Corona | E42: 30000 | F42: =(E42*0.5%+E42) -> 30150 | G42: =(F42*0.5%)+F42 -> 30300.75 | H42: =(G42*0.5%)+G42 -> 30452.254 | I42: =(H42*0.5%)+H42 -> 30604.515 | J42: =(I42*(0.5%)+I42) -> 30757.538 | K42: =(J42*0.5%)+J42 -> 30911.325 | L42: =(K42*0.5%)+K42 -> 31065.882 | M42: =(L42*0.5%)+L42 -> 31221.211 | N42: =(M42*0.5%)+M42+1958.21 -> 33335.527 | O42: =SUM(C42:N42) -> 308799 | P42: 308799
A43: 1.1.02.05.001.08.05 | B43: Rec X Serv A Playa Blanca | E43: 18500 | F43: =(E43*0.5%+E43) -> 18592.5 | G43: =(F43*0.5%)+F43 -> 18685.463 | H43: =(G43*0.5%)+G43 -> 18778.89 | I43: =(H43*0.5%)+H43 -> 18872.784 | J43: =(I43*(0.5%)+I43) -> 18967.148 | K43: =(J43*0.5%)+J43 -> 19061.984 | L43: =(K43*0.5%)+K43 -> 19157.294 | M43: =(L43*0.5%)+L43 -> 19253.08 | N43: =(M43*0.5%)+M43+2153.51 -> 21502.856 | O43: =SUM(C43:N43) -> 191372 | P43: 191372
A44: 1.1.02.05.001.08.06 | B44: Rec X Servicios A Guayabal | E44: 13700 | F44: =(E44*0.5%+E44) -> 13768.5 | G44: =(F44*0.5%)+F44 -> 13837.343 | H44: =(G44*0.5%)+G44 -> 13906.529 | I44: =(H44*0.5%)+H44 -> 13976.062 | J44: =(I44*(0.5%)+I44) -> 14045.942 | K44: =(J44*0.5%)+J44 -> 14116.172 | L44: =(K44*0.5%)+K44 -> 14186.753 | M44: =(L44*0.5%)+L44 -> 14257.687 | N44: =(M44*0.5%)+M44+1454.04 -> 15783.015 | O44: =SUM(C44:N44) -> 141578 | P44: 141578
A45: 1.1.02.05.001.08.07 | B45: Rec X Serv A Caño Raya | E45: 41000 | F45: =(E45*0.5%+E45) -> 41205 | G45: =(F45*0.5%)+F45 -> 41411.025 | H45: =(G45*0.5%)+G45 -> 41618.08 | I45: =(H45*0.5%)+H45 -> 41826.171 | J45: =(I45*(0.5%)+I45) -> 42035.301 | K45: =(J45*0.5%)+J45 -> 42245.478 | L45: =(K45*0.5%)+K45 -> 42456.705 | M45: =(L45*0.5%)+L45 -> 42668.989 | N45: =(M45*0.5%)+M45+517.92 -> 43400.254 | O45: =SUM(C45:N45) -> 419867 | P45: 419867
A46: 1.1.02.05.001.08.08 | B46: Rec X Serv A Pto Colombia | E46: 485000 | F46: =(E46*0.5%+E46) -> 487425 | G46: =(F46*0.5%)+F46 -> 489862.12 | H46: =(G46*0.5%)+G46 -> 492311.44 | I46: =(H46*0.5%)+H46 -> 494772.99 | J46: =(I46*(0.5%)+I46) -> 497246.86 | K46: =(J46*0.5%)+J46 -> 499733.09 | L46: =(K46*0.5%)+K46 -> 502231.76 | M46: =(L46*0.5%)+L46 -> 504742.92 | N46: =(M46*0.5%)+M46-25731.81 -> 481534.82 | O46: =SUM(C46:N46) -> 4934861 | P46: 4934861
A47: 1.1.02.05.001.08.09 | B47: Rec X Serv A Sardina Bagre | E47: 1400 | F47: =(E47*0.5%+E47) -> 1407 | G47: =(F47*0.5%)+F47 -> 1414.035 | H47: =(G47*0.5%)+G47 -> 1421.1052 | I47: =(H47*0.5%)+H47 -> 1428.2107 | J47: =(I47*(0.5%)+I47) -> 1435.3518 | K47: =(J47*0.5%)+J47 -> 1442.5285 | L47: =(K47*0.5%)+K47 -> 1449.7412 | M47: =(L47*0.5%)+L47 -> 1456.9899 | N47: =(M47*0.5%)+M47+210.76 -> 1675.0348 | O47: =SUM(C47:N47) -> 14529.997 | P47: 14530
A48: 1.1.02.05.001.08.10 | B48: Rec X Serv A Laguna Cumaral | E48: 460 | F48: =(E48*0.5%+E48) -> 462.3 | G48: =(F48*0.5%)+F48 -> 464.6115 | H48: =(G48*0.5%)+G48 -> 466.93456 | I48: =(H48*0.5%)+H48 -> 469.26923 | J48: =(I48*(0.5%)+I48) -> 471.61558 | K48: =(J48*0.5%)+J48 -> 473.97365 | L48: =(K48*0.5%)+K48 -> 476.34352 | M48: =(L48*0.5%)+L48 -> 478.72524 | N48: =(M48*0.5%)+M48-8.89 -> 472.22887 | O48: =SUM(C48:N48) -> 4696.0021 | P48: 4696
A49: 1.1.02.05.001.08.11 | B49: Rec X Serv A San Juan | E49: 23500 | F49: =(E49*0.5%+E49) -> 23617.5 | G49: =(F49*0.5%)+F49 -> 23735.588 | H49: =(G49*0.5%)+G49 -> 23854.265 | I49: =(H49*0.5%)+H49 -> 23973.537 | J49: =(I49*(0.5%)+I49) -> 24093.404 | K49: =(J49*0.5%)+J49 -> 24213.871 | L49: =(K49*0.5%)+K49 -> 24334.941 | M49: =(L49*0.5%)+L49 -> 24456.616 | N49: =(M49*0.5%)+M49-3096.62 -> 21482.279 | O49: =SUM(C49:N49) -> 237262 | P49: 237262
A50: 1.1.02.05.001.08.12 | B50: Rec X Serv A Zancudo | E50: 37500 | F50: =(E50*0.5%+E50) -> 37687.5 | G50: =(F50*0.5%)+F50 -> 37875.938 | H50: =(G50*0.5%)+G50 -> 38065.317 | I50: =(H50*0.5%)+H50 -> 38255.644 | J50: =(I50*(0.5%)+I50) -> 38446.922 | K50: =(J50*0.5%)+J50 -> 38639.157 | L50: =(K50*0.5%)+K50 -> 38832.352 | M50: =(L50*0.5%)+L50 -> 39026.514 | N50: =(M50*0.5%)+M50-5471.99 -> 33749.657 | O50: =SUM(C50:N50) -> 378079 | P50: 378079
A51: 1.1.02.05.001.09 | B51: SISFV | C51: =+C52 -> 2945308 | D51: =+D52 -> 1951614 | E51: =+E52 -> 4800000 | F51: =+F52 -> 4824000 | G51: =+G52 -> 4848120 | H51: =+H52 -> 4872360.6 | I51: =+I52 -> 4896722.4 | J51: =+J52 -> 4921206 | ... O51: =+O52 -> 54000000
A52: 1.1.02.05.001.09.01 | B52: Rec X Serv Prest SISTFV_IDA | C52: 2945308 | D52: 1951614 | E52: 4800000 | F52: =(E52*0.5%+E52) -> 4824000 | G52: =(F52*0.5%)+F52 -> 4848120 | H52: =(G52*0.5%)+G52 -> 4872360.6 | I52: =(H52*0.5%)+H52 -> 4896722.4 | J52: =(I52*(0.5%)+I52) -> 4921206 | K52: =(J52*0.5%)+J52 -> 4945812 | L52: =(K52*0.5%)+K52 -> 4970541.1 | M52: =(L52*0.5%)+L52 -> 4995393.8 | N52: =(M52*0.5%)+M52+8551.24 -> 5028922 | O52: =SUM(C52:N52) -> 54000000 | P52: 54000000
B53: SER FINANC Y CONEXOS | C53: =SUM(C54:C59) -> 292358382 | D53: {=SUM(D54:D59)} -> 3.8024828e+08 | E53: {=SUM(E54:E59)} -> 320500000 | F53: {=SUM(F54:F59)} -> 322102500 | G53: {=SUM(G54:G59)} -> 3.2371301e+08 | H53: {=SUM(H54:H59)} -> 3.2533158e+08 | I53: {=SUM(I54:I59)} -> 3.2695824e+08 | J53: {=SUM(J54:J59)} -> 3.2859303e+08 | K53: {=SUM(K54:K59)} -> 3.3023599e+08 | ... O53: {=SUM(O54:O59)} -> 3.953e+09
A54: 1.1.02.05.001.10.01 | B54: Rec X Comision Crediemelce | C54: 11089725 | D54: 12338362 | E54: 9550000 | F54: =(E54*0.5%+E54) -> 9597750 | G54: =(F54*0.5%)+F54 -> 9645738.8 | H54: =(G54*0.5%)+G54 -> 9693967.4 | I54: =(H54*0.5%)+H54 -> 9742437.3 | J54: =(I54*(0.5%)+I54) -> 9791149.5 | K54: =(J54*0.5%)+J54 -> 9840105.2 | L54: =(K54*0.5%)+K54 -> 9889305.7 | M54: =(L54*0.5%)+L54 -> 9938752.3 | N54: =(M54*0.5%)+M54-105739.11 -> 9882706.9 | O54: =SUM(C54:N54) -> 1.21e+08 | P54: 121000000
A55: 1.1.02.05.001.10.02 | B55: Rec X Alquiler Postes | C55: 2977500 | D55: 999505 | E55: 3700000 | F55: =(E55*0.5%+E55) -> 3718500 | G55: =(F55*0.5%)+F55 -> 3737092.5 | H55: =(G55*0.5%)+G55 -> 3755778 | I55: =(H55*0.5%)+H55 -> 3774556.9 | J55: =(I55*(0.5%)+I55) -> 3793429.6 | K55: =(J55*0.5%)+J55 -> 3812396.8 | L55: =(K55*0.5%)+K55 -> 3831458.8 | M55: =(L55*0.5%)+L55 -> 3850616.1 | N55: =(M55*0.5%)+M55+179297.29 -> 4049166.4 | O55: =SUM(C55:N55) -> 42000000 | P55: 42000000
A56: 1.1.02.05.001.10.03 | B56: S Prest Prog Crediemelce Iniri | C56: 262185514 | D56: 345662311 | E56: 282550000 | F56: =(E56*0.5%+E56) -> 283962750 | G56: =(F56*0.5%)+F56 -> 2.8538256e+08 | H56: =(G56*0.5%)+G56 -> 2.8680948e+08 | I56: =(H56*0.5%)+H56 -> 2.8824352e+08 | J56: =(I56*(0.5%)+I56) -> 2.8968474e+08 | K56: =(J56*0.5%)+J56 -> 2.9113317e+08 | L56: =(K56*0.5%)+K56 -> 2.9258883e+08 | M56: =(L56*0.5%)+L56 -> 2.9405178e+08 | N56: =(M56*0.5%)+M56+2223313.37 -> 2.9774535e+08 | O56: =SUM(C56:N56) -> 3.5e+09 | P56: 3500000000
A57: 1.1.02.05.001.10.04 | B57: S Prest Prog Crediemelce Bmina | C57: 2961365 | D57: 3287053 | E57: 3300000 | F57: =(E57*0.5%+E57) -> 3316500 | G57: =(F57*0.5%)+F57 -> 3333082.5 | H57: =(G57*0.5%)+G57 -> 3349747.9 | I57: =(H57*0.5%)+H57 -> 3366496.7 | J57: =(I57*(0.5%)+I57) -> 3383329.1 | K57: =(J57*0.5%)+J57 -> 3400245.8 | L57: =(K57*0.5%)+K57 -> 3417247 | M57: =(L57*0.5%)+L57 -> 3434333.2 | N57: =(M57*0.5%)+M57-905.15 -> 3450599.8 | O57: =SUM(C57:N57) -> 40000000 | P57: 40000000
A58: 1.1.02.05.001.10.05 | B58: Recaudo Comision Convenio Apc | C58: 13144278 | D58: 13718858 | E58: 12000000 | F58: =(E58*0.5%+E58) -> 12060000 | G58: =(F58*0.5%)+F58 -> 12120300 | H58: =(G58*0.5%)+G58 -> 12180902 | I58: =(H58*0.5%)+H58 -> 12241806 | J58: =(I58*(0.5%)+I58) -> 12303015 | K58: =(J58*0.5%)+J58 -> 12364530 | L58: =(K58*0.5%)+K58 -> 12426353 | M58: =(L58*0.5%)+L58 -> 12488485 | N58: =(M58*0.5%)+M58+400547.1 -> 12951474 | O58: =SUM(C58:N58) -> 1.5e+08 | P58: 150000000
A59: 1.1.02.05.001.10.06 | B59: Rec X Prestamos A Accionistas | C59: 0 | D59: 4242190 | E59: 9400000 | F59: =(E59*0.5%+E59) -> 9447000 | G59: =(F59*0.5%)+F59 -> 9494235 | H59: =(G59*0.5%)+G59 -> 9541706.2 | I59: =(H59*0.5%)+H59 -> 9589414.7 | J59: =(I59*(0.5%)+I59) -> 9637361.8 | K59: =(J59*0.5%)+J59 -> 9685548.6 | L59: =(K59*0.5%)+K59 -> 9733976.3 | M59: =(L59*0.5%)+L59 -> 9782646.2 | N59: =(M59*0.5%)+M59-385638.24 -> 9445921.2 | O59: =SUM(C59:N59) -> 1e+08 | P59: 100000000
B60: APORTES DE NA NACION | C60: =+C61+C62+C63+C64+C72+C85 -> 0 | D60: =+D61+D62+D63+D64+D72+D85 -> 5424122 | E60: =+E61+E62+E63+E64+E72+E85 -> 3085165050 | F60: =+F61+F62+F63+F64+F72+F85 -> 3.1005909e+09 | G60: =+G61+G62+G63+G64+G72+G85 -> 3.1160938e+09 | H60: =+H61+H62+H63+H64+H72+H85 -> 3.1316743e+09 | I60: =+I61+I62+I63+I64+I72+I85 -> 3.1473327e+09 | J60: =+J61+J62+J63+J64+J72+J85 -> 3.1630693e+09 | ... O60: =+O61+O62+O63+O64+O72+O85 -> 3.1546516e+10
A61: 1.1.02.06.006.01.01 | B61: Aport Sub Menor Tarifa Inirida | E61: 2640000000 | F61: =(E61*0.5%+E61) -> 2653200000 | G61: =(F61*0.5%)+F61 -> 2666466000 | H61: =(G61*0.5%)+G61 -> 2679798330 | I61: =(H61*0.5%)+H61 -> 2.6931973e+09 | J61: =(I61*(0.5%)+I61) -> 2.7066633e+09 | K61: =(J61*0.5%)+J61 -> 2.7201966e+09 | L61: =(K61*0.5%)+K61 -> 2.7337976e+09 | M61: =(L61*0.5%)+L61 -> 2.7474666e+09 | N61: =(M61*0.5%)+M61-1989717.54 -> 2.7592142e+09 | O61: =SUM(C61:N61) -> 2.7e+10 | P61: 27000000000
A62: 1.1.02.06.006.01.02 | B62: Aport Sub Menor Tarifa Bcomina | E62: 121500000 | F62: =(E62*0.5%+E62) -> 122107500 | G62: =(F62*0.5%)+F62 -> 1.2271804e+08 | H62: =(G62*0.5%)+G62 -> 1.2333163e+08 | I62: =(H62*0.5%)+H62 -> 1.2394829e+08 | J62: =(I62*(0.5%)+I62) -> 1.2456803e+08 | K62: =(J62*0.5%)+J62 -> 1.2519087e+08 | L62: =(K62*0.5%)+K62 -> 1.2581682e+08 | M62: =(L62*0.5%)+L62 -> 1.2644591e+08 | N62: =(M62*0.5%)+M62-7436383.59 -> 1.1964175e+08 | O62: =SUM(C62:N62) -> 1.2352688e+09 | P62: 1235268825
A63: 1.1.02.06.006.01.03 | B63: Apor Sub Menor Tarifa San Feli | E63: 4900000 | F63: =(E63*0.5%+E63) -> 4924500 | G63: =(F63*0.5%)+F63 -> 4949122.5 | H63: =(G63*0.5%)+G63 -> 4973868.1 | I63: =(H63*0.5%)+H63 -> 4998737.5 | J63: =(I63*(0.5%)+I63) -> 5023731.1 | K63: =(J63*0.5%)+J63 -> 5048849.8 | L63: =(K63*0.5%)+K63 -> 5074094 | M63: =(L63*0.5%)+L63 -> 5099464.5 | N63: =(M63*0.5%)+M63-273034.4 -> 4851927.4 | O63: =SUM(C63:N63) -> 49844295 | P63: 49844295
A64: 1.1.02.06.006.01.04 | B64: APORTE SUBSIDIOS PARQUES SOLAR | C64: =SUM(C65:C71) -> 0 | D64: =SUM(D65:D71) -> 1673822 | E64: =SUM(E65:E71) -> 14050000 | F64: =SUM(F65:F71) -> 14120250 | G64: =SUM(G65:G71) -> 14190851 | H64: =SUM(H65:H71) -> 14261806 | I64: =SUM(I65:I71) -> 14333115 | J64: =SUM(J65:J71) -> 14404780 | ... O64: =SUM(O65:O71) -> 1.4497941e+08
A65: 1.1.02.06.006.01.04.01 | B65: Sub X Servicios A Chatare | E65: 1500000 | F65: =(E65*0.5%+E65) -> 1507500 | G65: =(F65*0.5%)+F65 -> 1515037.5 | H65: =(G65*0.5%)+G65 -> 1522612.7 | I65: =(H65*0.5%)+H65 -> 1530225.8 | J65: =(I65*(0.5%)+I65) -> 1537876.9 | K65: =(J65*0.5%)+J65 -> 1545566.3 | L65: =(K65*0.5%)+K65 -> 1553294.1 | M65: =(L65*0.5%)+L65 -> 1561060.6 | N65: =(M65*0.5%)+M65+77960.39 -> 1646826.3 | O65: =SUM(C65:N65) -> 15420000 | P65: 15420000
A66: 1.1.02.06.006.01.04.02 | B66: Sub X Servicios A Carpintero | E66: 2350000 | F66: =(E66*0.5%+E66) -> 2361750 | G66: =(F66*0.5%)+F66 -> 2373558.8 | H66: =(G66*0.5%)+G66 -> 2385426.5 | I66: =(H66*0.5%)+H66 -> 2397353.7 | J66: =(I66*(0.5%)+I66) -> 2409340.4 | K66: =(J66*0.5%)+J66 -> 2421387.1 | L66: =(K66*0.5%)+K66 -> 2433494.1 | M66: =(L66*0.5%)+L66 -> 2445661.6 | N66: =(M66*0.5%)+M66-231961.06 -> 2225928.8 | O66: =SUM(C66:N66) -> 23803901 | P66: 23803901
A67: 1.1.02.06.006.01.04.03 | B67: Sub X Serv A Laguna Colorada P | E67: 1200000 | F67: =(E67*0.5%+E67) -> 1206000 | G67: =(F67*0.5%)+F67 -> 1212030 | H67: =(G67*0.5%)+G67 -> 1218090.1 | I67: =(H67*0.5%)+H67 -> 1224180.6 | J67: =(I67*(0.5%)+I67) -> 1230301.5 | K67: =(J67*0.5%)+J67 -> 1236453 | L67: =(K67*0.5%)+K67 -> 1242635.3 | M67: =(L67*0.5%)+L67 -> 1248848.5 | N67: =(M67*0.5%)+M67-171385.69 -> 1083707 | O67: =SUM(C67:N67) -> 12102246 | P67: 12102246
A68: 1.1.02.06.006.01.04.04 | B68: Sub X Servicios A Caranacoa | D68: 1673822 | E68: 1900000 | F68: =(E68*0.5%+E68) -> 1909500 | G68: =(F68*0.5%)+F68 -> 1919047.5 | H68: =(G68*0.5%)+G68 -> 1928642.7 | I68: =(H68*0.5%)+H68 -> 1938286 | J68: =(I68*(0.5%)+I68) -> 1947977.4 | K68: =(J68*0.5%)+J68 -> 1957717.3 | L68: =(K68*0.5%)+K68 -> 1967505.9 | M68: =(L68*0.5%)+L68 -> 1977343.4 | N68: =(M68*0.5%)+M68+252721.82 -> 2239951.9 | O68: =SUM(C68:N68) -> 21359794 | P68: 21359794
A69: 1.1.02.06.006.01.04.05 | B69: Sub X Servicio A Remanso | E69: 1750000 | F69: =(E69*0.5%+E69) -> 1758750 | G69: =(F69*0.5%)+F69 -> 1767543.8 | H69: =(G69*0.5%)+G69 -> 1776381.5 | I69: =(H69*0.5%)+H69 -> 1785263.4 | J69: =(I69*(0.5%)+I69) -> 1794189.7 | K69: =(J69*0.5%)+J69 -> 1803160.6 | L69: =(K69*0.5%)+K69 -> 1812176.4 | M69: =(L69*0.5%)+L69 -> 1821237.3 | N69: =(M69*0.5%)+M69-301780.21 -> 1528563.3 | O69: =SUM(C69:N69) -> 17597266 | P69: 17597266
A70: 1.1.02.06.006.01.04.06 | B70: Sub X Servicio A Venado | E70: 2050000 | F70: =(E70*0.5%+E70) -> 2060250 | G70: =(F70*0.5%)+F70 -> 2070551.2 | H70: =(G70*0.5%)+G70 -> 2080904 | I70: =(H70*0.5%)+H70 -> 2091308.5 | J70: =(I70*(0.5%)+I70) -> 2101765.1 | K70: =(J70*0.5%)+J70 -> 2112273.9 | L70: =(K70*0.5%)+K70 -> 2122835.3 | M70: =(L70*0.5%)+L70 -> 2133449.4 | N70: =(M70*0.5%)+M70+289985.86 -> 2434102.5 | O70: =SUM(C70:N70) -> 21257440 | P70: 21257440
A71: 1.1.02.06.006.01.04.07 | B71: Sub X Servicio A Chorrobocon P | E71: 3300000 | F71: =(E71*0.5%+E71) -> 3316500 | G71: =(F71*0.5%)+F71 -> 3333082.5 | H71: =(G71*0.5%)+G71 -> 3349747.9 | I71: =(H71*0.5%)+H71 -> 3366496.7 | J71: =(I71*(0.5%)+I71) -> 3383329.1 | K71: =(J71*0.5%)+J71 -> 3400245.8 | L71: =(K71*0.5%)+K71 -> 3417247 | M71: =(L71*0.5%)+L71 -> 3434333.2 | N71: =(M71*0.5%)+M71-313724.15 -> 3137780.8 | O71: =SUM(C71:N71) -> 33438763 | P71: 33438763
A72: 1.1.02.06.006.01.05 | B72: APORTE SUBSIDIO DIESEL | C72: =SUM(C73:C84) -> 0 | D72: =SUM(D73:D84) -> 0 | E72: =SUM(E73:E84) -> 3715050 | F72: =SUM(F73:F84) -> 3733625.2 | G72: =SUM(G73:G84) -> 3752293.4 | H72: =SUM(H73:H84) -> 3771054.8 | I72: =SUM(I73:I84) -> 3789910.1 | J72: =SUM(J73:J84) -> 3808859.7 | ... O72: =SUM(O73:O84) -> 37333305
A73: 1.1.02.06.006.01.05.01 | B73: Sub X Servicios A Cacahual | E73: 620000 | F73: =(E73*0.5%+E73) -> 623100 | G73: =(F73*0.5%)+F73 -> 626215.5 | H73: =(G73*0.5%)+G73 -> 629346.58 | I73: =(H73*0.5%)+H73 -> 632493.31 | J73: =(I73*(0.5%)+I73) -> 635655.78 | K73: =(J73*0.5%)+J73 -> 638834.06 | L73: =(K73*0.5%)+K73 -> 642028.23 | M73: =(L73*0.5%)+L73 -> 645238.37 | N73: =(M73*0.5%)+M73-3588.37 -> 644876.19 | O73: =SUM(C73:N73) -> 6337788 | P73: 6337788
A74: 1.1.02.06.006.01.05.02 | B74: Sub X Servicio A Chaquita | E74: 482000 | F74: =(E74*0.5%+E74) -> 484410 | G74: =(F74*0.5%)+F74 -> 486832.05 | H74: =(G74*0.5%)+G74 -> 489266.21 | I74: =(H74*0.5%)+H74 -> 491712.54 | J74: =(I74*(0.5%)+I74) -> 494171.1 | K74: =(J74*0.5%)+J74 -> 496641.96 | L74: =(K74*0.5%)+K74 -> 499125.17 | M74: =(L74*0.5%)+L74 -> 501620.8 | N74: =(M74*0.5%)+M74-101291.73 -> 402837.17 | O74: =SUM(C74:N74) -> 4828617 | P74: 4828617
A75: 1.1.02.06.006.01.05.03 | B75: Sub X Servicio A Merey | E75: 206000 | F75: =(E75*0.5%+E75) -> 207030 | G75: =(F75*0.5%)+F75 -> 208065.15 | H75: =(G75*0.5%)+G75 -> 209105.48 | I75: =(H75*0.5%)+H75 -> 210151 | J75: =(I75*(0.5%)+I75) -> 211201.76 | K75: =(J75*0.5%)+J75 -> 212257.77 | L75: =(K75*0.5%)+K75 -> 213319.06 | M75: =(L75*0.5%)+L75 -> 214385.65 | N75: =(M75*0.5%)+M75-45725.44 -> 169732.14 | O75: =SUM(C75:N75) -> 2061248 | P75: 2061248
A76: 1.1.02.06.006.01.05.04 | B76: Sub X Servicio A Pato Corona | E76: 113000 | F76: =(E76*0.5%+E76) -> 113565 | G76: =(F76*0.5%)+F76 -> 114132.82 | H76: =(G76*0.5%)+G76 -> 114703.49 | I76: =(H76*0.5%)+H76 -> 115277.01 | J76: =(I76*(0.5%)+I76) -> 115853.39 | K76: =(J76*0.5%)+J76 -> 116432.66 | L76: =(K76*0.5%)+K76 -> 117014.82 | M76: =(L76*0.5%)+L76 -> 117599.9 | N76: =(M76*0.5%)+M76-24570.98 -> 93616.915 | O76: =SUM(C76:N76) -> 1131196 | P76: 1131196
A77: 1.1.02.06.006.01.05.05 | B77: Sub X Servicio A Playa Blanca | E77: 70000 | F77: =(E77*0.5%+E77) -> 70350 | G77: =(F77*0.5%)+F77 -> 70701.75 | H77: =(G77*0.5%)+G77 -> 71055.259 | I77: =(H77*0.5%)+H77 -> 71410.535 | J77: =(I77*(0.5%)+I77) -> 71767.588 | K77: =(J77*0.5%)+J77 -> 72126.426 | L77: =(K77*0.5%)+K77 -> 72487.058 | M77: =(L77*0.5%)+L77 -> 72849.493 | N77: =(M77*0.5%)+M77-14619.85 -> 58593.891 | O77: =SUM(C77:N77) -> 701342 | P77: 701342
A78: 1.1.02.06.006.01.05.06 | B78: Sub X Servicio A Guayabal | E78: 52000 | F78: =(E78*0.5%+E78) -> 52260 | G78: =(F78*0.5%)+F78 -> 52521.3 | H78: =(G78*0.5%)+G78 -> 52783.907 | I78: =(H78*0.5%)+H78 -> 53047.826 | J78: =(I78*(0.5%)+I78) -> 53313.065 | K78: =(J78*0.5%)+J78 -> 53579.63 | L78: =(K78*0.5%)+K78 -> 53847.529 | M78: =(L78*0.5%)+L78 -> 54116.766 | N78: =(M78*0.5%)+M78-11181.37 -> 43205.98 | O78: =SUM(C78:N78) -> 520676 | P78: 520676
A79: 1.1.02.06.006.01.05.07 | B79: Sub X Servicio A Caño Raya | E79: 152000 | F79: =(E79*0.5%+E79) -> 152760 | G79: =(F79*0.5%)+F79 -> 153523.8 | H79: =(G79*0.5%)+G79 -> 154291.42 | I79: =(H79*0.5%)+H79 -> 155062.88 | J79: =(I79*(0.5%)+I79) -> 155838.19 | K79: =(J79*0.5%)+J79 -> 156617.38 | L79: =(K79*0.5%)+K79 -> 157400.47 | M79: =(L79*0.5%)+L79 -> 158187.47 | N79: =(M79*0.5%)+M79-23983.01 -> 134995.4 | O79: =SUM(C79:N79) -> 1530677 | P79: 1530677
A80: 1.1.02.06.006.01.05.08 | B80: Sub X Servicio A Pto Colombia | E80: 1790000 | F80: =(E80*0.5%+E80) -> 1798950 | G80: =(F80*0.5%)+F80 -> 1807944.8 | H80: =(G80*0.5%)+G80 -> 1816984.5 | I80: =(H80*0.5%)+H80 -> 1826069.4 | J80: =(I80*(0.5%)+I80) -> 1835199.7 | K80: =(J80*0.5%)+J80 -> 1844375.7 | L80: =(K80*0.5%)+K80 -> 1853597.6 | M80: =(L80*0.5%)+L80 -> 1862865.6 | N80: =(M80*0.5%)+M80-391596.27 -> 1480583.7 | O80: =SUM(C80:N80) -> 17916571 | P80: 17916571
A81: 1.1.02.06.006.01.05.09 | B81: Sub X Servicio A Sardina Bagre | E81: 5300 | F81: =(E81*0.5%+E81) -> 5326.5 | G81: =(F81*0.5%)+F81 -> 5353.1325 | H81: =(G81*0.5%)+G81 -> 5379.8982 | I81: =(H81*0.5%)+H81 -> 5406.7977 | J81: =(I81*(0.5%)+I81) -> 5433.8316 | K81: =(J81*0.5%)+J81 -> 5461.0008 | L81: =(K81*0.5%)+K81 -> 5488.3058 | M81: =(L81*0.5%)+L81 -> 5515.7473 | N81: =(M81*0.5%)+M81-616.46 -> 4926.8661 | O81: =SUM(C81:N81) -> 53592.08 | P81: 54825
A82: 1.1.02.06.006.01.05.10 | B82: Sub X Servicio A Laguna Cumara | E82: 1750 | F82: =(E82*0.5%+E82) -> 1758.75 | G82: =(F82*0.5%)+F82 -> 1767.5438 | H82: =(G82*0.5%)+G82 -> 1776.3815 | I82: =(H82*0.5%)+H82 -> 1785.2634 | J82: =(I82*(0.5%)+I82) -> 1794.1897 | K82: =(J82*0.5%)+J82 -> 1803.1606 | L82: =(K82*0.5%)+K82 -> 1812.1764 | M82: =(L82*0.5%)+L82 -> 1821.2373 | N82: =(M82*0.5%)+M82-57.05 -> 1773.2935 | O82: =SUM(C82:N82) -> 17841.996 | P82: 17842
A83: 1.1.02.06.006.01.05.11 | B83: Sub X Servicio A San Juan | E83: 86500 | F83: =(E83*0.5%+E83) -> 86932.5 | G83: =(F83*0.5%)+F83 -> 87367.163 | H83: =(G83*0.5%)+G83 -> 87803.998 | I83: =(H83*0.5%)+H83 -> 88243.018 | J83: =(I83*(0.5%)+I83) -> 88684.233 | K83: =(J83*0.5%)+J83 -> 89127.655 | L83: =(K83*0.5%)+K83 -> 89573.293 | M83: =(L83*0.5%)+L83 -> 90021.159 | N83: =(M83*0.5%)+M83-19213.28 -> 71257.985 | O83: =SUM(C83:N83) -> 865511 | P83: 865511
A84: 1.1.02.06.006.01.05.12 | B84: Sub X Servicio A Zancudo | E84: 136500 | F84: =(E84*0.5%+E84) -> 137182.5 | G84: =(F84*0.5%)+F84 -> 137868.41 | H84: =(G84*0.5%)+G84 -> 138557.75 | I84: =(H84*0.5%)+H84 -> 139250.54 | J84: =(I84*(0.5%)+I84) -> 139946.8 | K84: =(J84*0.5%)+J84 -> 140646.53 | L84: =(K84*0.5%)+K84 -> 141349.76 | M84: =(L84*0.5%)+L84 -> 142056.51 | N84: =(M84*0.5%)+M84-27880.6 -> 114886.19 | O84: =SUM(C84:N84) -> 1368245 | P84: 1368245
A85: 1.1.02.06.006.01.06 | B85: APORTE SUBSIDIO SISFV | C85: =+C86 -> 0 | D85: =+D86 -> 3750300 | E85: =+E86 -> 301000000 | F85: =+F86 -> 302505000 | G85: =+G86 -> 304017525 | H85: =+H86 -> 3.0553761e+08 | I85: =+I86 -> 3.070653e+08 | J85: =+J86 -> 3.0860063e+08 | ... O85: =+O86 -> 3.0790897e+09
A86: 1.1.02.06.006.01.06.01 | B86: Sub X Servicio Sisfv | D86: 3750300 | E86: 301000000 | F86: =(E86*0.5%+E86) -> 302505000 | G86: =(F86*0.5%)+F86 -> 304017525 | H86: =(G86*0.5%)+G86 -> 3.0553761e+08 | I86: =(H86*0.5%)+H86 -> 3.070653e+08 | J86: =(I86*(0.5%)+I86) -> 3.0860063e+08 | K86: =(J86*0.5%)+J86 -> 3.1014363e+08 | L86: =(K86*0.5%)+K86 -> 3.1169435e+08 | M86: =(L86*0.5%)+L86 -> 3.1325282e+08 | N86: =(M86*0.5%)+M86-3296499.86 -> 3.1152258e+08 | O86: =SUM(C86:N86) -> 3.0790897e+09 | P86: 3079089749 | Q86: =+P86-O86 -> 0.0044031143 | R86: =+C86+D86 -> 3750300 | S86: =+P86-R86 -> 3075339449
B87: CONV.NALES.DPATAM.MUNICIPALES | C87: {=SUM(C88:C94)} -> 0 | D87: {=SUM(D88:D94)} -> 0 | E87: {=SUM(E88:E94)} -> 0 | F87: {=SUM(F88:F94)} -> 0 | G87: {=SUM(G88:G94)} -> 0 | H87: {=SUM(H88:H94)} -> 0 | I87: {=SUM(I88:I94)} -> 0 | J87: {=SUM(J88:J94)} -> 0 | ... O87: {=SUM(O88:O94)} -> 0 | S87: =+S86/10 -> 3.0753394e+08
A88: 1.1.02.06.006.01.0302 | B88: Conv.#213_23_Alcaldia Ida_Emelce | F88: =(E88*0.5%+E88) -> 0 | G88: =(F88*0.5%)+F88 -> 0 | H88: =(G88*0.5%)+G88 -> 0 | I88: =(H88*0.5%)+H88 -> 0 | J88: =(I88*(0.5%)+I88) -> 0 | K88: =(J88*0.5%)+J88 -> 0 | L88: =(K88*0.5%)+K88 -> 0 | M88: =(L88*0.5%)+L88 -> 0 | N88: =(M88*0.5%)+M88 -> 0 | O88: =SUM(C88:N88) -> 0
A89: 1.1.02.06.006.01.0305 | B89: Conv.#491_23_Munic.Ida_EMELCE | F89: =(E89*0.5%+E89) -> 0 | G89: =(F89*0.5%)+F89 -> 0 | H89: =(G89*0.5%)+G89 -> 0 | I89: =(H89*0.5%)+H89 -> 0 | J89: =(I89*(0.5%)+I89) -> 0 | K89: =(J89*0.5%)+J89 -> 0 | L89: =(K89*0.5%)+K89 -> 0 | M89: =(L89*0.5%)+L89 -> 0 | N89: =(M89*0.5%)+M89 -> 0 | O89: =SUM(C89:N89) -> 0
A90: 1.1.02.06.006.01.0306 | B90: Conv.#493_23_Munic.Ida_EMELCE | F90: =(E90*0.5%+E90) -> 0 | G90: =(F90*0.5%)+F90 -> 0 | H90: =(G90*0.5%)+G90 -> 0 | I90: =(H90*0.5%)+H90 -> 0 | J90: =(I90*(0.5%)+I90) -> 0 | K90: =(J90*0.5%)+J90 -> 0 | L90: =(K90*0.5%)+K90 -> 0 | M90: =(L90*0.5%)+L90 -> 0 | N90: =(M90*0.5%)+M90 -> 0 | O90: =SUM(C90:N90) -> 0
A91: 1.1.02.06.006.01.0307 | B91: ConV.#510_24_Munic.Ida_EMELCE | F91: =(E91*0.5%+E91) -> 0 | G91: =(F91*0.5%)+F91 -> 0 | H91: =(G91*0.5%)+G91 -> 0 | I91: =(H91*0.5%)+H91 -> 0 | J91: =(I91*(0.5%)+I91) -> 0 | K91: =(J91*0.5%)+J91 -> 0 | L91: =(K91*0.5%)+K91 -> 0 | M91: =(L91*0.5%)+L91 -> 0 | N91: =(M91*0.5%)+M91 -> 0 | O91: =SUM(C91:N91) -> 0
A92: 1.1.02.06.006.01.0308 | B92: Cont.#1765_24_Gob.Gnia_EMELCE | F92: =(E92*0.5%+E92) -> 0 | G92: =(F92*0.5%)+F92 -> 0 | H92: =(G92*0.5%)+G92 -> 0 | I92: =(H92*0.5%)+H92 -> 0 | J92: =(I92*(0.5%)+I92) -> 0 | K92: =(J92*0.5%)+J92 -> 0 | L92: =(K92*0.5%)+K92 -> 0 | M92: =(L92*0.5%)+L92 -> 0 | N92: =(M92*0.5%)+M92 -> 0 | O92: =SUM(C92:N92) -> 0
A93: 1.1.02.06.006.01.0309 | B93: Conv.#1781_24_Gob.Gnia_EMELCE | F93: =(E93*0.5%+E93) -> 0 | G93: =(F93*0.5%)+F93 -> 0 | H93: =(G93*0.5%)+G93 -> 0 | I93: =(H93*0.5%)+H93 -> 0 | J93: =(I93*(0.5%)+I93) -> 0 | K93: =(J93*0.5%)+J93 -> 0 | L93: =(K93*0.5%)+K93 -> 0 | M93: =(L93*0.5%)+L93 -> 0 | N93: =(M93*0.5%)+M93 -> 0 | O93: =SUM(C93:N93) -> 0
B94: Conv.#256_25_MunIni_EMELCE | F94: =(E94*0.5%+E94) -> 0 | G94: =(F94*0.5%)+F94 -> 0 | H94: =(G94*0.5%)+G94 -> 0 | I94: =(H94*0.5%)+H94 -> 0 | J94: =(I94*(0.5%)+I94) -> 0 | K94: =(J94*0.5%)+J94 -> 0 | L94: =(K94*0.5%)+K94 -> 0 | M94: =(L94*0.5%)+L94 -> 0 | N94: =(M94*0.5%)+M94 -> 0 | O94: =SUM(C94:N94) -> 0
B95: RECURSOS DE CAPITAL | C95: =+C96+C98 -> 24364967 | D95: =+D96+D98 -> 335587940 | E95: =+E96+E98 -> 67800000 | F95: =+F96+F98 -> 73339000 | G95: =+G96+G98 -> 73705695 | H95: =+H96+H98 -> 74074223 | I95: =+I96+I98 -> 74444595 | J95: =+J96+J98 -> 74816818 | ... O95: =+O96+O98 -> 1.101e+09
A96: 1.2.5 | B96: Rendimientos Financieros | C96: =+C97 -> 0 | D96: =+D97 -> 0 | E96: =+E97 -> 19600000 | F96: =+F97 -> 19698000 | G96: =+G97 -> 19796490 | H96: =+H97 -> 19895472 | I96: =+I97 -> 19994950 | J96: =+J97 -> 20094925 | ... O96: =+O97 -> 2e+08
A97: 1.2.05.02 | B97: Depositos Ctas.bancarias | E97: 19600000 | F97: =(E97*0.5%+E97) -> 19698000 | G97: =(F97*0.5%)+F97 -> 19796490 | H97: =(G97*0.5%)+G97 -> 19895472 | I97: =(H97*0.5%)+H97 -> 19994950 | J97: =(I97*(0.5%)+I97) -> 20094925 | K97: =(J97*0.5%)+J97 -> 20195399 | L97: =(K97*0.5%)+K97 -> 20296376 | M97: =(L97*0.5%)+L97 -> 20397858 | N97: =(M97*0.5%)+M97-469317.6 -> 20030530 | O97: =SUM(C97:N97) -> 2e+08 | P97: 200000000
A98: 1.2.09.03 | B98: PERSONAS NATURALES | C98: =SUM(C99:C101) -> 24364967 | D98: =SUM(D99:D101) -> 335587940 | E98: =SUM(E99:E101) -> 48200000 | F98: =SUM(F99:F101) -> 53641000 | G98: =SUM(G99:G101) -> 53909205 | H98: =SUM(H99:H101) -> 54178751 | I98: =SUM(I99:I101) -> 54449645 | J98: =SUM(J99:J101) -> 54721893 | ... O98: =SUM(O99:O101) -> 9.01e+08
A99: 1.2.09.03.01 | B99: Recuperacion Cartera Inirida | C99: 18975945 | D99: 310343821 | E99: 46000000 | F99: =(E99*0.5%+E99) -> 46230000 | G99: =(F99*0.5%)+F99 -> 46461150 | H99: =(G99*0.5%)+G99 -> 46693456 | I99: =(H99*0.5%)+H99 -> 46926923 | J99: =(I99*(0.5%)+I99) -> 47161558 | K99: =(J99*0.5%)+J99 -> 47397365 | L99: =(K99*0.5%)+K99 -> 47634352 | M99: =(L99*0.5%)+L99 -> 47872524 | N99: =(M99*0.5%)+M99+191019.22 -> 48302906 | O99: =SUM(C99:N99) -> 8e+08 | P99: 800000000
A100: 1.2.09.03.02 | B100: Recuperacion Cartera Bcominas | C100: 4078791 | D100: 22944419 | E100: 2200000 | F100: =(E100*0.5%+E100) -> 2211000 | G100: =(F100*0.5%)+F100 -> 2222055 | H100: =(G100*0.5%)+G100 -> 2233165.3 | I100: =(H100*0.5%)+H100 -> 2244331.1 | J100: =(I100*(0.5%)+I100) -> 2255552.8 | K100: =(J100*0.5%)+J100 -> 2266830.5 | L100: =(K100*0.5%)+K100 -> 2278164.7 | M100: =(L100*0.5%)+L100 -> 2289555.5 | N100: =(M100*0.5%)+M100+475131.9 -> 2776135.2 | O100: =SUM(C100:N100) -> 50000000 | P100: 50000000
A101: 1.2.09.03.03 | B101: Recuperacion Cartera Sn Felipe | C101: 1310231 | D101: 2299700 | F101: 5200000 | G101: =(F101*0.5%)+F101 -> 5226000 | H101: =(G101*0.5%)+G101 -> 5252130 | I101: =(H101*0.5%)+H101 -> 5278390.7 | J101: =(I101*(0.5%)+I101) -> 5304782.6 | K101: =(J101*0.5%)+J101 -> 5331306.5 | L101: =(K101*0.5%)+K101 -> 5357963 | M101: =(L101*0.5%)+L101 -> 5384752.9 | N101: =(M101*0.5%)+M101-356933.31 -> 5054743.3 | O101: =SUM(C101:N101) -> 51000000 | P101: 51000000
A102: 2 | B102: COSTOS + GASTOS | C102: =C103+C200+C209 -> 2.3551592e+09 | D102: {=D103+D200+D209} -> 2.3113511e+09 | E102: {=E103+E200+E209} -> 5.1344845e+09 | F102: {=F103+F200+F209} -> 2189481720 | G102: {=G103+G200+G209} -> 6.3460501e+09 | H102: =H103+H200+H209 -> 6.3777744e+09 | I102: {=I103+I200+I209} -> 6.4096582e+09 | J102: {=J103+J200+J209} -> 6.4417015e+09 | K102: {=K103+K200+K209} -> 6.473905e+09 | L102: {=L103+L200+L209} -> 6.5062696e+09 | M102: {=M103+M200+M209} -> 6.5387959e+09 | N102: =N103+N200+N209 -> 6.6579842e+09 | O102: {=SUM(C102:N102)} -> 6.3742616e+10 | P102: =+O102-O13 -> 3.0551255e+09 | Q102: =+P103-P102 -> 63767.008
A103: 2.1 | B103: FUNCIONAMIENTO | C103: {=C104+C147} -> 4.904087e+08 | D103: {=D104+D147} -> 6.4023037e+08 | E103: {=E104+E147} -> 5.1344845e+09 | F103: {=F104+F147} -> 1574846720 | G103: {=G104+G147} -> 5.728342e+09 | H103: {=H104+H147} -> 5.7569777e+09 | I103: {=I104+I147} -> 5.7857575e+09 | J103: {=J104+J147} -> 5.8146813e+09 | ... N103: {=N104+N147} -> 6.0175971e+09 | O103: {=SUM(C103:N103)} -> 5.4562362e+10 | P103: =+C210+D210 -> 3055189220 | Q103: 5.4562362e+10 | R103: =+O103-Q103 -> -0.028823853
A104: 2.1.1 | B104: GASTOS DE PERSONAL | C104: {=SUM(C105:C146)} -> 146119648 | D104: {=SUM(D105:D146)} -> 153070230 | E104: {=SUM(E105:E146)} -> 163590743 | F104: {=SUM(F105:F146)} -> 250141610 | G104: {=SUM(G105:G146)} -> 2.5138732e+08 | H104: {=SUM(H105:H146)} -> 2.5263925e+08 | I104: {=SUM(I105:I146)} -> 2.5389745e+08 | J104: {=SUM(J105:J146)} -> 2.5516194e+08 | ... N104: {=SUM(N105:N146)} -> 3.3274414e+08 | O104: {=SUM(C104:N104)} -> 2.8318885e+09
A105: 2.1.1.01.01.001.0101 | B105: Sueldo Personal Inirida | C105: 101141816 | D105: 105252236 | E105: 102639872 | F105: 111500000 | G105: =(F105*0.5%)+F105 -> 112057500 | H105: =(G105*0.5%)+G105 -> 1.1261779e+08 | I105: =(H105*0.5%)+H105 -> 1.1318088e+08 | J105: =(I105*(0.5%)+I105) -> 1.1374678e+08 | K105: =(J105*0.5%)+J105 -> 1.1431551e+08 | L105: =(K105*0.5%)+K105 -> 1.1488709e+08 | M105: =(L105*0.5%)+L105 -> 1.1546153e+08 | N105: =(M105*0.5%)+M105+228161.07 -> 1.16267e+08 | O105: =SUM(C105:N105) -> 1.333068e+09 | P105: 1333068000
A106: 2.1.1.01.01.001.0102 | B106: Sueldo Personal Bcominas | C106: 10184433 | D106: 14176000 | E106: 13125400 | F106: 15860000 | G106: =(F106*0.5%)+F106 -> 15939300 | H106: =(G106*0.5%)+G106 -> 16018996 | I106: =(H106*0.5%)+H106 -> 16099091 | J106: =(I106*(0.5%)+I106) -> 16179587 | K106: =(J106*0.5%)+J106 -> 16260485 | L106: =(K106*0.5%)+K106 -> 16341787 | M106: =(L106*0.5%)+L106 -> 16423496 | N106: =(M106*0.5%)+M106-150190.05 -> 16355424 | O106: =SUM(C106:N106) -> 1.82964e+08 | P106: 182964000
...

Sheet 16. Presupuesto
A1: Sistema Integrado de Gestión | C1: PLAN | AA1: Codigo: PL01-PR02-GGE
AA3: Versión: 01
C4: PLAN DE GESTIÓN Y RESULTADOS
AA5: Noviembre de 2024
A8: 16. Presupuesto.
B12: 1 INGRESOS | C12: =+C13+C92 -> 60687426462
B13: 1.1 INGRESOS CORRIENTES | C13: =+C14 -> 59586426462
B14: 1.1.02 INGRESOS NO TRIBUTARIOS | C14: =+C15+C63 -> 59586426462
B15: 1.1.02.05 VENTA DE BIENES Y SERVICIOS | C15: =+C16 -> 28039909645
B16: 1.1.02.05.001 VENTA ESTABLECIMIEN DE MERCADO | C16: =+C17+C33+C41+C54+C56 -> 28039909645
B17: 1.1.02.05.001.06 DISTRIBUCION DE ELECTRICIDAD | C17: =SUM(C18:C32) -> 23939561441
B18: 1.1.02.05.001.06.01 Rec Venta ServEnerg Inirida | C18: 21500000000
B19: 1.1.02.05.001.06.02 Rec X Sev Bcominas Pque Hibrid | C19: 979000000
B20: 1.1.02.05.001.06.03 Rec Venta ServEnerg San Felipe | C20: 50000000
B21: 1.1.02.05.001.06.04 Rec Instalaci Nuevas Inirida | C21: 110000000
B22: 1.1.02.05.001.06.05 Rec Instalaci Nuevas Bcominas | C22: 6000000
B23: 1.1.02.05.001.06.06 Rec Instalaci Nuevas Sn Felipe | C23: 1000
B24: 1.1.02.05.001.06.07 RecXVenta Alumbr Publi Inírida | C24: 1035557441
B25: 1.1.02.05.001.06.08 RecXVenta Alumb Publi Bcominas | C25: 1000
B26: 1.1.02.05.001.06.09 RecXVenta Alumb Publi SnFelipe | C26: 1000
B27: 1.1.02.05.001.06.10 RecX Reconexiones Inírida | C27: 100000000
B28: 1.1.02.05.001.06.11 RecX Reconexiones Bcominas | C28: 2000000
B29: 1.1.02.05.001.06.12 RecX Reconexiones San Felipe | C29: 1000
... B32: 1.1.02.05.001.06.15 RecX Otros ServEnerg Sn Felipe | C32: 1000000
B33: 1.1.02.05.001.07 PARQUES | C33: =SUM(C34:C40) -> 83121109
B34: 1.1.02.05.001.0701 Rec X Servicios A Chatare | C34: 9250852
B35: 1.1.02.05.001.0702 Rec X Serv A Carpintero | C35: 14285559
B36: 1.1.02.05.001.0703 Rec X Serv Lag.Colord_Pblo Nvo | C36: 6120000
B37: 1.1.02.05.001.0704 Rec X Serv Caranacoa | C37: 13625415
B38: 1.1.02.05.001.0705 Rec X Serv Remanso | C38: 12557702
B39: 1.1.02.05.001.0706 Rec X Serv Venado | C39: 12887581
B40: 1.1.02.05.001.0706 Rec X Serv Chorrobocon | C40: 14394000
B41: 1.1.02.05.001.08 DISEL | C41: =SUM(C42:C53) -> 10227095
B42: 1.1.02.05.001.0801 Rec X Serv Prest A Cacahual | C42: 1725533
B43: 1.1.02.05.001.0802 Rec X Serv Prest A Chaquita | C43: 1308235
B44: 1.1.02.05.001.0803 Rec X Serv Prest A Merey | C44: 562283
B45: 1.1.02.05.001.0804 Rec X Serv Prest A Pato Corona | C45: 308799
B46: 1.1.02.05.001.0805 Rec X Serv Prest A Playa Blanca | C46: 191372
B47: 1.1.02.05.001.0806 Rec X Serv Prest A Guayabal | C47: 141578
B48: 1.1.02.05.001.0807 Rec X Serv Prest A Caño Raya | C48: 419867
B49: 1.1.02.05.001.0808 Rec X Serv Prest A Pto Colombia | C49: 4934861
B50: 1.1.02.05.001.0809 Rec X Serv Prest A Sardina Bagre | C50: 14530
B51: 1.1.02.05.001.0810 Rec X Serv Prest A Laguna Cumaral | C51: 4696
B52: 1.1.02.05.001.0811 Rec X Serv Prest A San Juan | C52: 237262
B53: 1.1.02.05.001.0812 Rec X Serv Prest A Zancudo | C53: 378079
B54: 1.1.02.05.001.09 SISFV | C54: =+C55 -> 54000000
B55: 1.1.02.05.001.09.01 Rec X Serv Prest SISTFV_IDA | C55: 54000000
B56: 1.1.02.05.001.10 SER FINANC Y CONEXOS | C56: =SUM(C57:C62) -> 3953000000
B57: 1.1.02.05.001.10.01 Rec X Comision Crediemelce | C57: 121000000
B58: 1.1.02.05.001.10.02 Rec X Alquiler Postes | C58: 42000000
B59: 1.1.02.05.001.10.03 S Prest Prog Crediemelce Iniri | C59: 3500000000
B60: 1.1.02.05.001.10.04 S Prest Prog Crediemelce Bmina | C60: 40000000
B61: 1.1.02.05.001.10.05 Recaudo Comision Convenio Apc | C61: 150000000
B62: 1.1.02.05.001.10.06 Rec X Prestamos A Accionistas | C62: 100000000
B63: 1.1.0.2.0.6 TRANSFERENCIAS CORRIENTES | C63: =+C64 -> 31546516817
B64: 1.1.02.06.006 TRANSF OTRAS ENT GOBIERNO GRAL | C64: =+C65+C69+C77+C90 -> 31546516817
B65: 1.1.02.06.006.01 APORTE DE NA NACION | C65: =SUM(C66:C68) -> 28285113120
B66: 1.1.02.06.006.01.01 Aport Sub Menor Tarifa Inirida | C66: 27000000000
B67: 1.1.02.06.006.01.02 Aport Sub Menor Tarifa Bcomina | C67: 1235268825
B68: 1.1.02.06.006.01.03 Apor Sub Menor Tarifa San Feli | C68: 49844295
B69: 1.1.02.06.006.01.04 APORTE SUBSIDIOS PARQUES SOLAR | C69: =SUM(C70:C76) -> 144979410
B70: 1.1.02.06.006.01.04.01 Sub X Servicios A Chatare | C70: 15420000
B71: 1.1.02.06.006.01.04.02 Sub X Servicios A Carpintero | C71: 23803901
B72: 1.1.02.06.006.01.04.03 Sub X Serv A Laguna Colorada P | C72: 12102246
B73: 1.1.02.06.006.01.04.04 Sub X Servicios A Caranacoa | C73: 21359794
B74: 1.1.02.06.006.01.04.05 Sub X Servicio A Remanso | C74: 17597266
B75: 1.1.02.06.006.01.04.06 Sub X Servicio A Venado | C75: 21257440
B76: 1.1.02.06.006.01.04.07 Sub X Servicio A Chorrobocon P | C76: 33438763
B77: 1.1.02.06.006.01.05 APORTE SUBSIDIO DIESEL | C77: =SUM(C78:C89) -> 37334538
B78: 1.1.02.06.006.01.05.01 Sub X Servicios A Cacahual | C78: 6337788
B79: 1.1.02.06.006.01.05.02 Sub X Servicios A Chaquita | C79: 4828617
B80: 1.1.02.06.006.01.05.03 Sub X Servicios A Merey | C80: 2061248
B81: 1.1.02.06.006.01.05.04 Sub X Servicios A Pato Corona | C81: 1131196
B82: 1.1.02.06.006.01.05.05 Sub X Servicios A Playa Blanca | C82: 701342
B83: 1.1.02.06.006.01.05.06 Sub X Servicios A Guayabal | C83: 520676
B84: 1.1.02.06.006.01.05.07 Sub X Servicios A Caño Raya | C84: 1530677
B85: 1.1.02.06.006.01.05.08 Sub X Servicios A Pto Colombia | C85: 17916571
B86: 1.1.02.06.006.01.05.09 Sub X Servicios A Sardina Bagre | C86: 54825
B87: 1.1.02.06.006.01.05.10 Sub X Servicios A Laguna Cumaral | C87: 17842
B88: 1.1.02.06.006.01.05.11 Sub X Servicios A San Juan | C88: 865511
B89: 1.1.02.06.006.01.05.12 Sub X Servicios A Zancudo | C89: 1368245
B90: 1.1.02.06.006.01.06 APORTE SUBSIDIO SISFV | C90: =+C91 -> 3079089749
B91: 1.1.02.06.006.01.06.01 Sub X Servicio Sisfv | C91: 3079089749
B92: 1.2 RECURSO DE CAPITAL | C92: =+C93+C95 -> 1101000000
B93: 1.2.05 RENDIMIENTOS FINANCIEROS | C93: =+C94 -> 200000000
B94: 1.2.05.02 Depositos Ctas.bancarias | C94: 200000000
B95: 1.2.09 RECUPERACION DE CARTERA | C95: =+C96 -> 901000000
B96: 1.2.09.03 PERSONAS NATURALES | C96: =SUM(C97:C99) -> 901000000
B97: 1.2.09.03.01 Recuperacion Cartera Inirida | C97: 800000000
B98: 1.2.09.03.02 Recuperacion Cartera Bcominas | C98: 50000000
B99: 1.2.09.03.03 Recuperacion Cartera Sn Felipe | C99: 51000000

Sheet 17. Plan de inversiones.
B1: PLAN | AA1: Codigo: PL01-PR02-GGE
AA3: Versión: 01
B4: PLAN DE GESTIÓN Y RESULTADOS
AA5: Noviembre de 2024
A12: PROYECTO | B12: ACCIÓN - ACTIVIDADES | D12: AREA RESPONSABLE | E12: META | F12: PRESUPUESTO (Proyección)
A13: Modernización y ampliación cobertura red de baja tensión mercado Inirida | B13: CONSTRUCCIÓN Y SUMINISTRO DE ELEMENTOS PARA LA AMPLIACIÓN DE INFRAESTRUCTURA EN MEDIA Y BAJA TENSIÓN QUE BENEFICIARA A NUEVOS USUARIOS UBICADOS EN EL MUNICIPIO DE INÍRIDA Y EN LAS TIERRA ALTA, LA CAROLINA, PORVENIR, CAÑO VITINA, LA CAROLINA, ISMAEL RUIZ | C13: Aquisición e instalación 2000 mtrs de red, con sus respectivas las estructuras | D13: Area de Generación y Distribución | E13: 1 | F13: 685621610
C14: Ingreso a almacen 2000 mtrs de red | D14: Almacen
A15: REPOSICIÒN ACTIVOS PARQUE SOLAR BARRANCOMINAS | B15: Adquisiciòn paneles solares y elementos para repotenciar el parque solar de Barrancominas | D15: Area de Generación y Distribución | E15: 1 | F15: 82987160
